Workbook

Sheet Itens de Serviços
B1: Pregão 34-2026 - Serviços de limpeza e conservação predial
A2: Lote | B2: Item | C2: Locais dos Serviços | D2: Qtde Efetivo | E2: C/H Semanal | F2: valor mensal | G2: 12 meses
A3: 1 | B3: 1 | C3: SERVIÇOS DE LIMPEZA E CONSERVAÇÃO DO CEMEI SANTA CLARA | D3: 4 | E3: ='Planilha Composição Serviços'!I18 -> 40 h/s | F3: ='Planilha Composição Serviços'!I140 -> 22897.21 | G3: =F3*12 -> 274766.52 | J3: SECRETARIA DE EDUCAÇÃO
A4: 1 | B4: 2 | C4: SERVIÇOS DE LIMPEZA E CONSERVAÇÃO DO CEMEI RAIO DE SOL | D4: 3 | E4: ='Planilha Composição Serviços'!J18 -> 40 h/s | F4: ='Planilha Composição Serviços'!J140 -> 17611.8 | G4: =F4*12 -> 211341.6 | J4: SECRETARIA DE SAÚDE
A5: 1 | B5: 3 | C5: SERVIÇOS DE LIMPEZA E CONSERVAÇÃO DA ESCOLA MUNICIPAL OLAVO BILAC | D5: 3 | E5: ='Planilha Composição Serviços'!K18 -> 20 h/s | F5: ='Planilha Composição Serviços'!K140 -> 10806.83 | G5: =F5*12 -> 129681.96 | J5: SECRETARIA DE ASSIST. SOCIAL
A6: 1 | B6: 4 | C6: SERVIÇOS DE LIMPEZA E CONSERVAÇÃO DA ESCOLA MUNICIPAL SÃO CRISTÓVÃO | D6: 3 | E6: ='Planilha Composição Serviços'!L18 -> 40 h/s | F6: ='Planilha Composição Serviços'!L140 -> 17364.32 | G6: =F6*12 -> 208371.84 | J6: SECRETARIA DE AGRICULTURA
A7: 1 | B7: 5 | C7: SERVIÇOS DE LIMPEZA E CONSERVAÇÃO DA ESCOLA MUNICIPAL DO CAMPO JOSÉ BONIFÁCIO | D7: 2 | E7: ='Planilha Composição Serviços'!M18 -> 20 h/s | F7: ='Planilha Composição Serviços'!M140 -> 7492.29 | G7: =F7*12 -> 89907.48 | J7: SECRETARIA DE DESENV. ECONOMIC
A8: 1 | B8: 6 | C8: SERVIÇOS DE LIMPEZA E CONSERVAÇÃO DA ESCOLA MUNICIPAL LEÔNCIO CORREIA | D8: 5 | E8: ='Planilha Composição Serviços'!N18 -> 40 h/s | F8: ='Planilha Composição Serviços'!N140 -> 27999.77 | G8: =F8*12 -> 335997.24 | J8: SECRETARIA DE VIAÇÃO E OBRAS
A9: 1 | B9: 7 | C9: SERVIÇO DE LIMPEZA E CONSERVAÇÃO DA ESCOLA MUNICIPAL TANCREDO NEVES | D9: 3 | E9: ='Planilha Composição Serviços'!O18 -> 40 h/s | F9: ='Planilha Composição Serviços'!O140 -> 17478.61 | G9: =F9*12 -> 209743.32 | J9: SECRETARIA DE ESPORTES
A10: 1 | B10: 8 | C10: SERVIÇOS DE LIMPEZA E CONSERVAÇÃO DO PRÉ-ESCOLA SÃO FRANCISCO DE ASSIS | D10: 1 | E10: ='Planilha Composição Serviços'!P18 -> 40 h/s | F10: ='Planilha Composição Serviços'!P140 -> 6883.02 | G10: =F10*12 -> 82596.24 | J10: SECRETARIA DE ADMINISTRAÇÃO
A11: 1 | B11: 9 | C11: SERVIÇOS DE LIMPEZA E CONSERVAÇÃO DA BIBLIOTECA CIDADÃ CLARA ALETA SCHULTZ | D11: 1 | E11: ='Planilha Composição Serviços'!Q18 -> 20 h/s | F11: ='Planilha Composição Serviços'!Q140 -> 4015.87 | G11: =F11*12 -> 48190.44
A12: 1 | B12: 10 | C12: SERVIÇOS DE LIMPEZA E CONSERVAÇÃO DO CENTRO DE ATENDIMENTO MULTIDISCIPLINAR – CAMU e ALMOXARIFADO SEMED | D12: 1 | E12: ='Planilha Composição Serviços'!R18 -> 40 h/s | F12: ='Planilha Composição Serviços'!R140 -> 6991.29 | G12: =F12*12 -> 83895.48
A13: 1 | B13: 11 | C13: SERVIÇOS DE LIMPEZA E CONSERVAÇÃO DO CENTRO DE ESPECIALIDADE | D13: 2 | E13: ='Planilha Composição Serviços'!S18 -> 40 h/s | F13: ='Planilha Composição Serviços'!S140 -> 15149.08 | G13: =F13*12 -> 181788.96
A14: 1 | B14: 12 | C14: SERVIÇOS DE LIMPEZA E CONSERVAÇÃO DA UNIDADE BÁSICA DE SAÚDE DA BOA VISTA | D14: 1 | E14: ='Planilha Composição Serviços'!T18 -> 40 h/s | F14: ='Planilha Composição Serviços'!T140 -> 7501.21 | G14: =F14*12 -> 90014.52
A15: 1 | B15: 13 | C15: SERVIÇOS DE LIMPEZA E CONSERVAÇÃO DA UNIDADE BÁSICA DE SAÚDE DA NOVA UNIÃO | D15: 1 | E15: ='Planilha Composição Serviços'!U18 -> 20 h/s | F15: ='Planilha Composição Serviços'!U140 -> 5191.03 | G15: =F15*12 -> 62292.36
A16: 1 | B16: 14 | C16: SERVIÇOS DE LIMPEZA E CONSERVAÇÃO DO POSTO CENTRAL | D16: 2 | E16: ='Planilha Composição Serviços'!V18 -> 40 h/s | F16: ='Planilha Composição Serviços'!V140 -> 15553.38 | G16: =F16*12 -> 186640.56
A17: 1 | B17: 15 | C17: SERVIÇOS DE LIMPEZA DA CLÍNICA DE FISIOTERAPIA | D17: 1 | E17: ='Planilha Composição Serviços'!W18 -> 40 h/s | F17: ='Planilha Composição Serviços'!W140 -> 8012.15 | G17: =F17*12 -> 96145.8
A18: 1 | B18: 16 | C18: SERVIÇO DE LIMPEZA E CONSERVAÇÃO DA UBS do BAIRRO UNIÃO | D18: 2 | E18: ='Planilha Composição Serviços'!X18 -> 40 h/s | F18: ='Planilha Composição Serviços'!X140 -> 15362.99 | G18: =F18*12 -> 184355.88
A19: 1 | B19: 17 | C19: SERVIÇO DE LIMPEZA E CONSERVAÇÃO DA SEDE ADMINISTRATIVA DA SEC. DA SAÚDE | D19: 2 | E19: ='Planilha Composição Serviços'!Y18 -> 40 h/s | F19: ='Planilha Composição Serviços'!Y140 -> 16035.87 | G19: =F19*12 -> 192430.44
A20: 1 | B20: 18 | C20: SERVIÇO DE LIMPEZA E CONSERVAÇÃO DO PAÇO MUNICIPAL | D20: 2 | E20: ='Planilha Composição Serviços'!Z18 -> 40 h/s | F20: ='Planilha Composição Serviços'!Z140 -> 12260.71 | G20: =F20*12 -> 147128.52
A21: 1 | B21: 19 | C21: SERVIÇO DE LIMPEZA E CONSERVAÇÃO DO CRAS | D21: 1 | E21: ='Planilha Composição Serviços'!AA18 -> 40 h/s | F21: ='Planilha Composição Serviços'!AA140 -> 7164.41 | G21: =F21*12 -> 85972.92
A22: 1 | B22: 20 | C22: SERVIÇO DE LIMPEZA E CONSERVAÇÃO DA SEDE DA SECRETARIA DA AGRICULTURA – e AUDITÓRIO ECOLÓGICO, | D22: 1 | E22: ='Planilha Composição Serviços'!AB18 -> 40 h/s | F22: ='Planilha Composição Serviços'!AB140 -> 6949.41 | G22: =F22*12 -> 83392.92
A23: 1 | B23: 21 | C23: Serviço de limpeza e conservação da sede da Secretaria de Desenvolvimento Econômico e Turismo –, e CENTRO DE EVENTOS DO PARQUE DE EXPOSIÇÕES, | D23: 1 | E23: ='Planilha Composição Serviços'!AC18 -> 40 h/s | F23: ='Planilha Composição Serviços'!AC140 -> 6583.46 | G23: =F23*12 -> 79001.52
A24: 1 | B24: 22 | C24: SERVIÇO DE LIMPEZA E CONSERVAÇÃO DA SEDE DA SECRETARIA DE VIAÇÃO OBRAS E URBANISMO E CAPELA MORTUÁRIA | D24: 1 | E24: ='Planilha Composição Serviços'!AD18 -> 40 h/s | F24: ='Planilha Composição Serviços'!AD140 -> 6782.32 | G24: =F24*12 -> 81387.84
A25: 1 | B25: 23 | C25: SERVIÇO DE LIMPEZA E CONSERVAÇÃO DO CENTRO ESPORTIVO IVAR RANZI | D25: 2 | E25: ='Planilha Composição Serviços'!AE18 -> 40 h/s | F25: ='Planilha Composição Serviços'!AE140 -> 12605.08 | G25: =F25*12 -> 151260.96
A26: 1 | B26: 24 | C26: SERVIÇO DE LIMPEZA E CONSERVAÇÃO DO GINÁSIO DE ESPORTES ANTÔNIO CARLOS PICINATTO | D26: 1 | E26: ='Planilha Composição Serviços'!AF18 -> 40 h/s | F26: ='Planilha Composição Serviços'!AF140 -> 6779.92 | G26: =F26*12 -> 81359.04
A27: 1 | B27: 25 | C27: SERVIÇO DE LIMPEZA E CONSERVAÇÃO DO CONSELHO TUTELAR. | D27: 1 | E27: ='Planilha Composição Serviços'!AG18 -> 20 h/s | F27: ='Planilha Composição Serviços'!AG140 -> 4108.55 | G27: =F27*12 -> 49302.6
A28: 1 | B28: 26 | C28: SERVIÇO DE LIMPEZA DO CENTRO COMUNITÁRIO SÃO LUCAS/CRAS | D28: 1 | E28: ='Planilha Composição Serviços'!AH18 -> 20 h/s | F28: ='Planilha Composição Serviços'!AH140 -> 4374.41 | G28: =F28*12 -> 52492.92
A29: 1 | B29: 27 | C29: SERVIÇO DE LIMPEZA DA SECRETARIA DE ASSISTÊNCIA SOCIAL | D29: 1 | E29: ='Planilha Composição Serviços'!AI18 -> 20 h/s | F29: ='Planilha Composição Serviços'!AI140 -> 4065.55 | G29: =F29*12 -> 48786.6
A30: 1 | B30: 28 | C30: SERVIÇO DE LIMPEZA E CONSERVAÇÃO DO DESTACAMENTO DA POLÍCIA MILITAR | D30: 1 | E30: ='Planilha Composição Serviços'!AJ18 -> 40 h/s | F30: ='Planilha Composição Serviços'!AJ140 -> 6141.4 | G30: ='Planilha Composição Serviços'!AJ141 -> 73696.8
A31: 1 | B31: 29 | C31: SERVIÇO DE LIMPEZA E CONSERVAÇÃO DA EMATER | D31: 1 | E31: ='Planilha Composição Serviços'!AK18 -> 20 h/s | F31: ='Planilha Composição Serviços'!AK140 -> 3858.45 | G31: ='Planilha Composição Serviços'!AK141 -> 46301.4
A32: Total Estimado | D32: =SUM(D3:D31) -> 51 | F32: =SUM(F3:F31) -> 304020.39 | G32: =SUM(G3:G31) -> 3648244.7
C35: POSTOS RESERVAS
A36: 1 | B36: 30 | C36: SERVIÇOS DE LIMPEZA E CONSERVAÇÃO DO CEMEI ARCO ÍRIS | D36: 2 | E36: ='Reserva Planilha comp. serviços'!J19 -> 40 h/s | F36: ='Reserva Planilha comp. serviços'!J142 -> 11957.91 | G36: =F36*12 -> 143494.92
A37: 1 | B37: 31 | C37: SERVIÇO DE LIMPEZA E CONSERVAÇÃO DA ESCOLA MUNICIPAL TANCREDO NEVES | D37: 1 | E37: ='Reserva Planilha comp. serviços'!K19 -> 40 h/s | F37: ='Reserva Planilha comp. serviços'!K142 -> 5245.45 | G37: =F37*12 -> 62945.4
A38: 1 | B38: 32 | C38: SERVIÇOS DE LIMPEZA E CONSERVAÇÃO DO PRÉ-ESCOLA SÃO FRANCISCO DE ASSIS | D38: 2 | E38: ='Reserva Planilha comp. serviços'!L19 -> 40 h/s | F38: ='Reserva Planilha comp. serviços'!L142 -> 10490.92 | G38: =F38*12 -> 125891.04
C39: Total | D39: =SUM(D36:D38) -> 5 | F39: =SUM(F36:F38) -> 27694.28 | G39: =SUM(G36:G38) -> 332331.36
C42: Total Estimado Final | D42: =D32+D39 -> 56 | F42: =F32+F39 -> 331714.67 | G42: =G32+G39 -> 3980576

Sheet Planilha Composição Serviços
B2: PLANILHA COMPOSIÇÃO DOS CUSTOS DOS SERVIÇOS
A6: Dados para composição dos custos referentes à mão-de-obra
A7: 1 | B7: Tipo de serviço (mesmo serviço com características distintas) | I7: Limpeza
A8: 2 | B8: Classificação Brasileira de Ocupações (CBO)
A9: 3 | B9: Categoria profissional (vinculada à execução contratual) | I9: Servente
A10: 4 | B10: Data base da categoria (dia/mês/ano) | I10: 46054
A11: 5 | B11: Sindicato | I11: SIEMACO
A12: 6 | B12: Salário Nominativo da Categoria Profissional = 44 HORAS | I12: 1900
A13: 7 | B13: Salário Nominativo da Categoria Profissional = Proporcional 40 HORAS | I13: =ROUND((I12/44)*40,2) -> 1727.27
A14: 9 | B14: Salário Nominativo da Categoria Profissional = Proporcional 20 HORAS | I14: =I13/2 -> 863.635
K15: 20 h/s | M15: 20 h/s | AK15: 20 h/s
I16: Local 1 | J16: Local 2 | K16: Local 3 | L16: Local 4 | M16: Local 5 | N16: Local 6 | O16: Local 7 | P16: Local 8 | Q16: Local 9 | R16: Local 10 | S16: Local 11 | T16: Local 12 | U16: Local 13 | V16: Local 14 | W16: Local 15 | X16: Local 16 | Y16: Local 17 | Z16: Local 18 | AA16: Local 19 | AB16: Local 20 | AC16: Local 21 | AD16: Local 22 | AE16: Local 23 | AF16: Local 24 | AG16: Local 25 | AH16: Local 26 | AI16: Local 27 | AJ16: Local 28 | AK16: Local 29
I17: CEMEI Sta Clara | J17: CEMEI Raio de Sol | K17: E M Olavo Bilac | L17: E M São Cristóvão | M17: E R José Bonifácio | N17: E M Leônc Correia | O17: Tancredo Neves | P17: Pré S F Assis | Q17: Biblioteca Cidadã | R17: CAMU Almox. Educação | S17: Centro Especialidade | T17: UBS Boa Vista | U17: UBS N União | V17: UBS Central | W17: Clinica Fisioterapia | X17: UBS B União | Y17: Sede Adm Saude | Z17: Paço Mun | AA17: CRAS | AB17: Sec Agricult | AC17: Sec Des Econ | AD17: Sec Viação Ob | AE17: Gin Ivar Ranzi | AF17: Gin A C Picin | AG17: Cons. Tutelar | AH17: CC. São Lucas/CRAS | AI17: Sec. Assistência | AJ17: Destacamento Policia Militar | AK17: Emater
I18: 40 h/s | J18: 40 h/s | K18: 20 h/s | L18: 40 h/s | M18: 20 h/s | N18: 40 h/s | O18: 40 h/s | P18: 40 h/s | Q18: 20 h/s | R18: 40 h/s | S18: 40 h/s | T18: 40 h/s | U18: 20 h/s | V18: 40 h/s | W18: 40 h/s | X18: 40 h/s | Y18: 40 h/s | Z18: 40 h/s | AA18: 40 h/s | AB18: 40 h/s | AC18: 40 h/s | AD18: 40 h/s | AE18: 40 h/s | AF18: 40 h/s | AG18: 20 h/s | AH18: 20 h/s | AI18: 20 h/s | AJ18: 40 h/s | AK18: 20 h/s
A19: COMPOSIÇÃO DA REMUNERAÇÃO
A20: 1 - COMPOSIÇÃO DA REMUNERAÇÃO | H20: % | I20: VALOR (R$) | J20: VALOR (R$) | K20: VALOR (R$) | L20: VALOR (R$) | M20: VALOR (R$) | N20: VALOR (R$) | O20: VALOR (R$) | P20: VALOR (R$) | Q20: VALOR (R$) | R20: VALOR (R$) | S20: VALOR (R$) | T20: VALOR (R$) | U20: VALOR (R$) | V20: VALOR (R$) | W20: VALOR (R$) | X20: VALOR (R$) | Y20: VALOR (R$) | Z20: VALOR (R$) | AA20: VALOR (R$) | AB20: VALOR (R$) | AC20: VALOR (R$) | AD20: VALOR (R$) | AE20: VALOR (R$) | AF20: VALOR (R$) | AG20: VALOR (R$) | AH20: VALOR (R$) | AI20: VALOR (R$) | AJ20: VALOR (R$) | AK20: VALOR (R$)
A21: A | B21: Salário Base - Cláusula 3ª CCT | I21: =$I$13 -> 1727.27 | J21: =$I$13 -> 1727.27 | K21: =$I$13/2 -> 863.635 | L21: =$I$13 -> 1727.27 | M21: =$I$13/2 -> 863.635 | N21: =$I$13 -> 1727.27 | O21: =$I$13 -> 1727.27 | P21: =$I$13 -> 1727.27 | Q21: =$I$13/2 -> 863.635 | R21: =$I$13 -> 1727.27 | S21: =$I$13 -> 1727.27 | T21: =$I$13 -> 1727.27 | U21: =$I$13/2 -> 863.635 | V21: =$I$13 -> 1727.27 | W21: =$I$13 -> 1727.27 | X21: =$I$13 -> 1727.27 | Y21: =$I$13 -> 1727.27 | Z21: =$I$13 -> 1727.27 | AA21: =$I$13 -> 1727.27 | AB21: =$I$13 -> 1727.27 | AC21: =$I$13 -> 1727.27 | ... AF21: =$I$13 -> 1727.27 | AG21: =$I$13/2 -> 863.635 | AH21: =$I$13/2 -> 863.635 | AI21: =$I$13/2 -> 863.635 | AJ21: =$I$13 -> 1727.27 | AK21: =$I$13/2 -> 863.635
A22: B | B22: Adicional Periculosidade | I22: 0 | J22: 0 | K22: 0 | L22: 0 | M22: 0 | N22: 0 | O22: 0 | P22: 0 | Q22: 0 | R22: 0 | S22: 0 | T22: 0 | U22: 0 | V22: 0 | W22: 0 | X22: 0 | Y22: 0 | Z22: 0 | AA22: 0 | AB22: 0 | AC22: 0 | AD22: 0 | AE22: 0 | AF22: 0 | AG22: 0 | AH22: 0 | AI22: 0 | AJ22: 0 | AK22: 0
A23: C | B23: Adicional Insalubridade (Clau 3ª da CCT) | E23: Salário Min. Nacional | G23: 1621 | H23: 0.2 | I23: 0 | J23: 0 | K23: 0 | L23: 0 | M23: 0 | N23: 0 | O23: 0 | P23: 0 | Q23: 0 | R23: 0 | S23: =$G23*$H23 -> 324.2 | T23: =$G23*$H23 -> 324.2 | U23: =$G23*$H23/2 -> 162.1 | V23: =$G23*$H23 -> 324.2 | W23: =$G23*$H23 -> 324.2 | X23: =$G23*$H23 -> 324.2 | Y23: =$G23*$H23 -> 324.2 | Z23: 0 | AA23: 0 | AB23: 0 | AC23: 0 | AD23: 0 | AE23: 0 | AF23: 0 | AG23: 0 | AH23: 0 | AI23: 0 | AJ23: 0 | AK23: 0
A24: D | B24: Adicional Noturno | I24: 0 | J24: 0 | K24: 0 | L24: 0 | M24: 0 | N24: 0 | O24: 0 | P24: 0 | Q24: 0 | R24: 0 | S24: 0 | T24: 0 | U24: 0 | V24: 0 | W24: 0 | X24: 0 | Y24: 0 | Z24: 0 | AA24: 0 | AB24: 0 | AC24: 0 | AD24: 0 | AE24: 0 | AF24: 0 | AG24: 0 | AH24: 0 | AI24: 0 | AJ24: 0 | AK24: 0
A25: E | B25: Hora noturna adicional | I25: 0 | J25: 0 | K25: 0 | L25: 0 | M25: 0 | N25: 0 | O25: 0 | P25: 0 | Q25: 0 | R25: 0 | S25: 0 | T25: 0 | U25: 0 | V25: 0 | W25: 0 | X25: 0 | Y25: 0 | Z25: 0 | AA25: 0 | AB25: 0 | AC25: 0 | AD25: 0 | AE25: 0 | AF25: 0 | AG25: 0 | AH25: 0 | AI25: 0 | AJ25: 0 | AK25: 0
A26: F | B26: Adicional de Hora Extra | I26: 0 | J26: 0 | K26: 0 | L26: 0 | M26: 0 | N26: 0 | O26: 0 | P26: 0 | Q26: 0 | R26: 0 | S26: 0 | T26: 0 | U26: 0 | V26: 0 | W26: 0 | X26: 0 | Y26: 0 | Z26: 0 | AA26: 0 | AB26: 0 | AC26: 0 | AD26: 0 | AE26: 0 | AF26: 0 | AG26: 0 | AH26: 0 | AI26: 0 | AJ26: 0 | AK26: 0
A27: G | B27: Acumulação de função (clausula 3ª CCT) | F27: 131 | H27: =(F27/44)*40 -> 119.09091 | I27: 0 | J27: 0 | K27: 0 | L27: 0 | M27: 0 | N27: 0 | O27: 0 | P27: 0 | Q27: =H27/2 -> 59.545455 | R27: =H27 -> 119.09091 | S27: =$H27 -> 119.09091 | T27: =$H27 -> 119.09091 | U27: =$H27/2 -> 59.545455 | V27: =$H27 -> 119.09091 | W27: =$H27 -> 119.09091 | X27: =$H27 -> 119.09091 | Y27: =$H27 -> 119.09091 | Z27: =$H27 -> 119.09091 | AA27: =$H27 -> 119.09091 | AB27: =$H27 -> 119.09091 | AC27: =$H27 -> 119.09091 | ... AE27: =$H27 -> 119.09091 | AF27: =H27 -> 119.09091 | AG27: =H27/2 -> 59.545455 | AH27: =H27/2 -> 59.545455 | AI27: =H27/2 -> 59.545455 | AK27: 0
A28: G | B28: Assiduidade | I28: 0 | J28: 0 | K28: 0 | L28: 0 | M28: 0 | N28: 0 | O28: 0 | P28: 0 | Q28: 0 | R28: 0 | S28: 0 | T28: 0 | U28: 0 | V28: 0 | W28: 0 | X28: 0 | Y28: 0 | Z28: 0 | AA28: 0 | AB28: 0 | AC28: 0 | AD28: 0 | AE28: 0 | AF28: 0 | AG28: 0 | AH28: 0 | AI28: 0 | AJ28: 0 | AK28: 0
A29: TOTAL DO MÓDULO 1 | I29: =TRUNC(SUM(I21:I28),2) -> 1727.27 | J29: =TRUNC(SUM(J21:J28),2) -> 1727.27 | K29: =TRUNC(SUM(K21:K28),2) -> 863.63 | L29: =TRUNC(SUM(L21:L28),2) -> 1727.27 | M29: =TRUNC(SUM(M21:M28),2) -> 863.63 | N29: =TRUNC(SUM(N21:N28),2) -> 1727.27 | O29: =TRUNC(SUM(O21:O28),2) -> 1727.27 | P29: =TRUNC(SUM(P21:P28),2) -> 1727.27 | ... AK29: =TRUNC(SUM(AK21:AK28),2) -> 863.63
A31: 2 - Benefícios Mensais e Diários | I31: VALOR (R$) | J31: VALOR (R$) | K31: VALOR (R$) | L31: VALOR (R$) | M31: VALOR (R$) | N31: VALOR (R$) | O31: VALOR (R$) | P31: VALOR (R$) | Q31: VALOR (R$) | R31: VALOR (R$) | S31: VALOR (R$) | T31: VALOR (R$) | U31: VALOR (R$) | V31: VALOR (R$) | W31: VALOR (R$) | X31: VALOR (R$) | Y31: VALOR (R$) | Z31: VALOR (R$) | AA31: VALOR (R$) | AB31: VALOR (R$) | AC31: VALOR (R$) | AD31: VALOR (R$) | AE31: VALOR (R$) | AF31: VALOR (R$) | AG31: VALOR (R$) | AH31: VALOR (R$) | AI31: VALOR (R$) | AJ31: VALOR (R$) | AK31: VALOR (R$)
A32: A | B32: Transporte (clausula 15ª CCT) (O município não possui transporte público regulamentado) | H32: -
A33: B | B33: Auxílio-Refeição/Alimentação (clausula 13ª CCT) (80%) | H33: =ROUND(900*0.8,2) -> 720 | I33: =$H33 -> 720 | J33: =$H33 -> 720 | K33: =$H33 -> 720 | L33: =$H33 -> 720 | M33: =$H33 -> 720 | N33: =$H33 -> 720 | O33: =$H33 -> 720 | P33: =$H33 -> 720 | ... AK33: =$H33 -> 720
A34: C | B34: Auxílio-Refeição/Alimentação Férias | H34: =ROUND($H33/12,2) -> 60 | I34: =ROUND($H33/12,2) -> 60 | J34: =ROUND($H33/12,2) -> 60 | K34: =ROUND($H33/12,2) -> 60 | L34: =ROUND($H33/12,2) -> 60 | M34: =ROUND($H33/12,2) -> 60 | N34: =ROUND($H33/12,2) -> 60 | O34: =ROUND($H33/12,2) -> 60 | ... AK34: =ROUND($H33/12,2) -> 60
A35: D | B35: Assistência Médica (clausula 16ª CCT) | H35: 94.5 | I35: =$H35 -> 94.5 | J35: =$H35 -> 94.5 | K35: =$H35 -> 94.5 | L35: =$H35 -> 94.5 | M35: =$H35 -> 94.5 | N35: =$H35 -> 94.5 | O35: =$H35 -> 94.5 | P35: =$H35 -> 94.5 | ... AK35: =$H35 -> 94.5
A36: E | B36: Assistencia Social a Familia (clausula 17ª CCT) | H36: 31 | I36: =$H36 -> 31 | J36: =$H36 -> 31 | K36: =$H36 -> 31 | L36: =$H36 -> 31 | M36: =$H36 -> 31 | N36: =$H36 -> 31 | O36: =$H36 -> 31 | P36: =$H36 -> 31 | ... AK36: =$H36 -> 31
A37: F | B37: Fundo de Formação Profissional (clausula 23ª CCT) | H37: 31 | I37: =$H37 -> 31 | J37: =$H37 -> 31 | K37: =$H37 -> 31 | L37: =$H37 -> 31 | M37: =$H37 -> 31 | N37: =$H37 -> 31 | O37: =$H37 -> 31 | P37: =$H37 -> 31 | ... AK37: =$H37 -> 31
A38: G | B38: Outros (especificar) | H38: 0 | I38: =$H38 -> 0 | J38: =$H38 -> 0 | K38: =$H38 -> 0 | L38: =$H38 -> 0 | M38: =$H38 -> 0 | N38: =$H38 -> 0 | O38: =$H38 -> 0 | P38: =$H38 -> 0 | ... AK38: =$H38 -> 0
A39: TOTAL SUBMÓDULO 2 | I39: =TRUNC(SUM(I32:I38),2) -> 936.5 | J39: =TRUNC(SUM(J32:J38),2) -> 936.5 | K39: =TRUNC(SUM(K32:K38),2) -> 936.5 | L39: =TRUNC(SUM(L32:L38),2) -> 936.5 | M39: =TRUNC(SUM(M32:M38),2) -> 936.5 | N39: =TRUNC(SUM(N32:N38),2) -> 936.5 | O39: =TRUNC(SUM(O32:O38),2) -> 936.5 | P39: =TRUNC(SUM(P32:P38),2) -> 936.5 | ... AK39: =TRUNC(SUM(AK32:AK38),2) -> 936.5
A42: ENCARGOS SOCIAIS E TRABALHISTAS E PROVISÃO DE RESCISÃO
A43: 3 - Encargos Sociais e Trabalhistas | H43: %
A44: 3.1 - Encargos Previdenciários, Sociais e FGTS | H44: % | I44: VALOR (R$) | J44: VALOR (R$) | K44: VALOR (R$) | L44: VALOR (R$) | M44: VALOR (R$) | N44: VALOR (R$) | O44: VALOR (R$) | P44: VALOR (R$) | Q44: VALOR (R$) | R44: VALOR (R$) | S44: VALOR (R$) | T44: VALOR (R$) | U44: VALOR (R$) | V44: VALOR (R$) | W44: VALOR (R$) | X44: VALOR (R$) | Y44: VALOR (R$) | Z44: VALOR (R$) | AA44: VALOR (R$) | AB44: VALOR (R$) | AC44: VALOR (R$) | AD44: VALOR (R$) | AE44: VALOR (R$) | AF44: VALOR (R$) | AG44: VALOR (R$) | AH44: VALOR (R$) | AI44: VALOR (R$) | AJ44: VALOR (R$) | AK44: VALOR (R$)
A45: A | B45: INSS | H45: 0.2 | I45: =$H45*I$29 -> 345.454 | J45: =$H45*J$29 -> 345.454 | K45: =$H45*K$29 -> 172.726 | L45: =$H45*L$29 -> 345.454 | M45: =$H45*M$29 -> 172.726 | N45: =$H45*N$29 -> 345.454 | O45: =$H45*O$29 -> 345.454 | P45: =$H45*P$29 -> 345.454 | ... AK45: =$H45*AK$29 -> 172.726
A46: B | B46: SESI ou SESC | H46: 0.015 | I46: =$H46*I$29 -> 25.90905 | J46: =$H46*J$29 -> 25.90905 | K46: =$H46*K$29 -> 12.95445 | L46: =$H46*L$29 -> 25.90905 | M46: =$H46*M$29 -> 12.95445 | N46: =$H46*N$29 -> 25.90905 | O46: =$H46*O$29 -> 25.90905 | P46: =$H46*P$29 -> 25.90905 | ... AK46: =$H46*AK$29 -> 12.95445
A47: C | B47: SENAI ou SENAC | H47: 0.01 | I47: =$H47*I$29 -> 17.2727 | J47: =$H47*J$29 -> 17.2727 | K47: =$H47*K$29 -> 8.6363 | L47: =$H47*L$29 -> 17.2727 | M47: =$H47*M$29 -> 8.6363 | N47: =$H47*N$29 -> 17.2727 | O47: =$H47*O$29 -> 17.2727 | P47: =$H47*P$29 -> 17.2727 | ... AK47: =$H47*AK$29 -> 8.6363
A48: D | B48: INCRA | H48: 0.002 | I48: =$H48*I$29 -> 3.45454 | J48: =$H48*J$29 -> 3.45454 | K48: =$H48*K$29 -> 1.72726 | L48: =$H48*L$29 -> 3.45454 | M48: =$H48*M$29 -> 1.72726 | N48: =$H48*N$29 -> 3.45454 | O48: =$H48*O$29 -> 3.45454 | P48: =$H48*P$29 -> 3.45454 | ... AK48: =$H48*AK$29 -> 1.72726
A49: E | B49: Salário Educação | H49: 0.025 | I49: =$H49*I$29 -> 43.18175 | J49: =$H49*J$29 -> 43.18175 | K49: =$H49*K$29 -> 21.59075 | L49: =$H49*L$29 -> 43.18175 | M49: =$H49*M$29 -> 21.59075 | N49: =$H49*N$29 -> 43.18175 | O49: =$H49*O$29 -> 43.18175 | P49: =$H49*P$29 -> 43.18175 | ... AK49: =$H49*AK$29 -> 21.59075
A50: F | B50: FGTS | H50: 0.08 | I50: =$H50*I$29 -> 138.1816 | J50: =$H50*J$29 -> 138.1816 | K50: =$H50*K$29 -> 69.0904 | L50: =$H50*L$29 -> 138.1816 | M50: =$H50*M$29 -> 69.0904 | N50: =$H50*N$29 -> 138.1816 | O50: =$H50*O$29 -> 138.1816 | P50: =$H50*P$29 -> 138.1816 | ... AK50: =$H50*AK$29 -> 69.0904
A51: G | B51: Seguro Acidente de Trabalho/SAT | H51: 0.03 | I51: =$H51*I$29 -> 51.8181 | J51: =$H51*J$29 -> 51.8181 | K51: =$H51*K$29 -> 25.9089 | L51: =$H51*L$29 -> 51.8181 | M51: =$H51*M$29 -> 25.9089 | N51: =$H51*N$29 -> 51.8181 | O51: =$H51*O$29 -> 51.8181 | P51: =$H51*P$29 -> 51.8181 | ... AK51: =$H51*AK$29 -> 25.9089
A52: H | B52: SEBRAE | H52: 0.006 | I52: =$H52*I$29 -> 10.36362 | J52: =$H52*J$29 -> 10.36362 | K52: =$H52*K$29 -> 5.18178 | L52: =$H52*L$29 -> 10.36362 | M52: =$H52*M$29 -> 5.18178 | N52: =$H52*N$29 -> 10.36362 | O52: =$H52*O$29 -> 10.36362 | P52: =$H52*P$29 -> 10.36362 | ... AK52: =$H52*AK$29 -> 5.18178
A53: TOTAL SUBMÓDULO 3.1 Encargos Previdenciários e FGTS | H53: =SUM(H45:H52) -> 0.368 | I53: =SUM(I45:I52) -> 635.63536 | J53: =SUM(J45:J52) -> 635.63536 | K53: =SUM(K45:K52) -> 317.81584 | L53: =SUM(L45:L52) -> 635.63536 | M53: =SUM(M45:M52) -> 317.81584 | N53: =SUM(N45:N52) -> 635.63536 | O53: =SUM(O45:O52) -> 635.63536 | ... AK53: =SUM(AK45:AK52) -> 317.81584
A55: 3.2 - 13º Salário, Férias e Adicional de Férias | I55: VALOR (R$) | J55: VALOR (R$) | K55: VALOR (R$) | L55: VALOR (R$) | M55: VALOR (R$) | N55: VALOR (R$) | O55: VALOR (R$) | P55: VALOR (R$) | Q55: VALOR (R$) | R55: VALOR (R$) | S55: VALOR (R$) | T55: VALOR (R$) | U55: VALOR (R$) | V55: VALOR (R$) | W55: VALOR (R$) | X55: VALOR (R$) | Y55: VALOR (R$) | Z55: VALOR (R$) | AA55: VALOR (R$) | AB55: VALOR (R$) | AC55: VALOR (R$) | AD55: VALOR (R$) | AE55: VALOR (R$) | AF55: VALOR (R$) | AG55: VALOR (R$) | AH55: VALOR (R$) | AI55: VALOR (R$) | AJ55: VALOR (R$) | AK55: VALOR (R$)
A56: A | B56: 13º Salário | H56: 0.0833 | I56: =I29*$H56 -> 143.88159 | J56: =J29*$H56 -> 143.88159 | K56: =K29*$H56 -> 71.940379 | L56: =L29*$H56 -> 143.88159 | M56: =M29*$H56 -> 71.940379 | N56: =N29*$H56 -> 143.88159 | O56: =O29*$H56 -> 143.88159 | P56: =P29*$H56 -> 143.88159 | ... AK56: =AK29*$H56 -> 71.940379
A57: B | B57: Férias (8,33 %) e Adicional de Férias (2,78%) | H57: 0.1111 | I57: =I29*$H57 -> 191.8997 | J57: =J29*$H57 -> 191.8997 | K57: =K29*$H57 -> 95.949293 | L57: =L29*$H57 -> 191.8997 | M57: =M29*$H57 -> 95.949293 | N57: =N29*$H57 -> 191.8997 | O57: =O29*$H57 -> 191.8997 | P57: =P29*$H57 -> 191.8997 | ... AK57: =AK29*$H57 -> 95.949293
A58: C | B58: Subtotal | H58: =SUM(H56:H57) -> 0.1944 | I58: =SUM(I56:I57) -> 335.78129 | J58: =SUM(J56:J57) -> 335.78129 | K58: =SUM(K56:K57) -> 167.88967 | L58: =SUM(L56:L57) -> 335.78129 | M58: =SUM(M56:M57) -> 167.88967 | N58: =SUM(N56:N57) -> 335.78129 | O58: =SUM(O56:O57) -> 335.78129 | ... AK58: =SUM(AK56:AK57) -> 167.88967
A59: D | B59: Incidencia do item 3.1 sobre o 13º salario e férias e adicional de férias | H59: =H53 -> 0.368 | I59: =I58*$H59 -> 123.56751 | J59: =J58*$H59 -> 123.56751 | K59: =K58*$H59 -> 61.783399 | L59: =L58*$H59 -> 123.56751 | M59: =M58*$H59 -> 61.783399 | N59: =N58*$H59 -> 123.56751 | O59: =O58*$H59 -> 123.56751 | P59: =P58*$H59 -> 123.56751 | ... AK59: =AK58*$H59 -> 61.783399
A60: TOTAL SUBMÓDULO 3.2 - 13º Salário, Férias e Adicional de Férias | I60: =SUM(I58:I59) -> 459.3488 | J60: =SUM(J58:J59) -> 459.3488 | K60: =SUM(K58:K59) -> 229.67307 | L60: =SUM(L58:L59) -> 459.3488 | M60: =SUM(M58:M59) -> 229.67307 | N60: =SUM(N58:N59) -> 459.3488 | O60: =SUM(O58:O59) -> 459.3488 | P60: =SUM(P58:P59) -> 459.3488 | ... AK60: =SUM(AK58:AK59) -> 229.67307
A62: 3.3 - Afastamento Maternidade | I62: VALOR (R$) | J62: VALOR (R$) | K62: VALOR (R$) | L62: VALOR (R$) | M62: VALOR (R$) | N62: VALOR (R$) | O62: VALOR (R$) | P62: VALOR (R$) | Q62: VALOR (R$) | R62: VALOR (R$) | S62: VALOR (R$) | T62: VALOR (R$) | U62: VALOR (R$) | V62: VALOR (R$) | W62: VALOR (R$) | X62: VALOR (R$) | Y62: VALOR (R$) | Z62: VALOR (R$) | AA62: VALOR (R$) | AB62: VALOR (R$) | AC62: VALOR (R$) | AD62: VALOR (R$) | AE62: VALOR (R$) | AF62: VALOR (R$) | AG62: VALOR (R$) | AH62: VALOR (R$) | AI62: VALOR (R$) | AJ62: VALOR (R$) | AK62: VALOR (R$)
A63: A | B63: Afastamento Maternidade | H63: 0.0002 | I63: =I29*$H63 -> 0.345454 | J63: =J29*$H63 -> 0.345454 | K63: =K29*$H63 -> 0.172726 | L63: =L29*$H63 -> 0.345454 | M63: =M29*$H63 -> 0.172726 | N63: =N29*$H63 -> 0.345454 | O63: =O29*$H63 -> 0.345454 | P63: =P29*$H63 -> 0.345454 | ... AK63: =AK29*$H63 -> 0.172726
A64: B | B64: Incidencia do item 3.1 sobre Afastamento Maternidade | H64: =H53 -> 0.368 | I64: =I63*$H64 -> 0.12712707 | J64: =J63*$H64 -> 0.12712707 | K64: =K63*$H64 -> 0.063563168 | L64: =L63*$H64 -> 0.12712707 | M64: =M63*$H64 -> 0.063563168 | N64: =N63*$H64 -> 0.12712707 | O64: =O63*$H64 -> 0.12712707 | P64: =P63*$H64 -> 0.12712707 | ... AK64: =AK63*$H64 -> 0.063563168
A65: TOTAL SUBMÓDULO 3.3 - do afastamento maternidade | H65: 0.3682 | I65: =SUM(I63:I64) -> 0.47258107 | J65: =SUM(J63:J64) -> 0.47258107 | K65: =SUM(K63:K64) -> 0.23628917 | L65: =SUM(L63:L64) -> 0.47258107 | M65: =SUM(M63:M64) -> 0.23628917 | N65: =SUM(N63:N64) -> 0.47258107 | O65: =SUM(O63:O64) -> 0.47258107 | P65: =SUM(P63:P64) -> 0.47258107 | ... AK65: =SUM(AK63:AK64) -> 0.23628917
A67: PROVISÃO PARA RESCISÃO
A68: 3.4 - PROVISÃO PARA RESCISÃO | H68: % | I68: VALOR (R$) | J68: VALOR (R$) | K68: VALOR (R$) | L68: VALOR (R$) | M68: VALOR (R$) | N68: VALOR (R$) | O68: VALOR (R$) | P68: VALOR (R$) | Q68: VALOR (R$) | R68: VALOR (R$) | S68: VALOR (R$) | T68: VALOR (R$) | U68: VALOR (R$) | V68: VALOR (R$) | W68: VALOR (R$) | X68: VALOR (R$) | Y68: VALOR (R$) | Z68: VALOR (R$) | AA68: VALOR (R$) | AB68: VALOR (R$) | AC68: VALOR (R$) | AD68: VALOR (R$) | AE68: VALOR (R$) | AF68: VALOR (R$) | AG68: VALOR (R$) | AH68: VALOR (R$) | AI68: VALOR (R$) | AJ68: VALOR (R$) | AK68: VALOR (R$)
A69: A | B69: Aviso Prévio Indenizado | H69: 0.032 | I69: =I$29*$H69 -> 55.27264 | J69: =J$29*$H69 -> 55.27264 | K69: =K$29*$H69 -> 27.63616 | L69: =L$29*$H69 -> 55.27264 | M69: =M$29*$H69 -> 27.63616 | N69: =N$29*$H69 -> 55.27264 | O69: =O$29*$H69 -> 55.27264 | P69: =P$29*$H69 -> 55.27264 | ... AK69: =AK$29*$H69 -> 27.63616
A70: B | B70: Incidência do FGTS sobre Aviso Prévio Indenizado | H70: 0.0026 | I70: =I$29*$H70 -> 4.490902 | J70: =J$29*$H70 -> 4.490902 | K70: =K$29*$H70 -> 2.245438 | L70: =L$29*$H70 -> 4.490902 | M70: =M$29*$H70 -> 2.245438 | N70: =N$29*$H70 -> 4.490902 | O70: =O$29*$H70 -> 4.490902 | P70: =P$29*$H70 -> 4.490902 | ... AK70: =AK$29*$H70 -> 2.245438
A71: C | B71: Multa do FGTS e Contribuição Social sobre o Aviso Prévio Indenizado | H71: 0.0013 | I71: =I$29*$H71 -> 2.245451 | J71: =J$29*$H71 -> 2.245451 | K71: =K$29*$H71 -> 1.122719 | L71: =L$29*$H71 -> 2.245451 | M71: =M$29*$H71 -> 1.122719 | N71: =N$29*$H71 -> 2.245451 | O71: =O$29*$H71 -> 2.245451 | P71: =P$29*$H71 -> 2.245451 | ... AK71: =AK$29*$H71 -> 1.122719
A72: D | B72: Aviso Prévio Trabalhado | H72: 0.0194 | I72: =I$29*$H72 -> 33.509038 | J72: =J$29*$H72 -> 33.509038 | K72: =K$29*$H72 -> 16.754422 | L72: =L$29*$H72 -> 33.509038 | M72: =M$29*$H72 -> 16.754422 | N72: =N$29*$H72 -> 33.509038 | O72: =O$29*$H72 -> 33.509038 | P72: =P$29*$H72 -> 33.509038 | ... AK72: =AK$29*$H72 -> 16.754422
A73: E | B73: Incidência dos encargos do submódulo 3.1 sobre Aviso Prévio Trabalhado | H73: =H53 -> 0.368 | I73: =I72*$H$73 -> 12.331326 | J73: =J72*$H$73 -> 12.331326 | K73: =K72*$H$73 -> 6.1656273 | L73: =L72*$H$73 -> 12.331326 | M73: =M72*$H$73 -> 6.1656273 | N73: =N72*$H$73 -> 12.331326 | O73: =O72*$H$73 -> 12.331326 | P73: =P72*$H$73 -> 12.331326 | ... AK73: =AK72*$H$73 -> 6.1656273
A74: F | B74: Multa do FGTS e Contribuição Social sobre o Aviso Prévio Trabalhado. | H74: 0.0008 | I74: =I$29*$H74 -> 1.381816 | J74: =J$29*$H74 -> 1.381816 | K74: =K$29*$H74 -> 0.690904 | L74: =L$29*$H74 -> 1.381816 | M74: =M$29*$H74 -> 0.690904 | N74: =N$29*$H74 -> 1.381816 | O74: =O$29*$H74 -> 1.381816 | P74: =P$29*$H74 -> 1.381816 | ... AK74: =AK$29*$H74 -> 0.690904
A75: TOTAL SUBMÓDULO 3.4 - Provisão para Recisão | H75: =TRUNC(SUM(H69:H74),4) -> 0.4241 | I75: =SUM(I69:I74) -> 109.23117 | J75: =SUM(J69:J74) -> 109.23117 | K75: =SUM(K69:K74) -> 54.61527 | L75: =SUM(L69:L74) -> 109.23117 | M75: =SUM(M69:M74) -> 54.61527 | N75: =SUM(N69:N74) -> 109.23117 | O75: =SUM(O69:O74) -> 109.23117 | P75: =SUM(P69:P74) -> 109.23117 | ... AK75: =SUM(AK69:AK74) -> 54.61527
A77: 3.5 - CUSTO DE REPOSIÇÃO DO PROFISSIONAL AUSENTE | H77: % | I77: VALOR (R$) | J77: VALOR (R$) | K77: VALOR (R$) | L77: VALOR (R$) | M77: VALOR (R$) | N77: VALOR (R$) | O77: VALOR (R$) | P77: VALOR (R$) | Q77: VALOR (R$) | R77: VALOR (R$) | S77: VALOR (R$) | T77: VALOR (R$) | U77: VALOR (R$) | V77: VALOR (R$) | W77: VALOR (R$) | X77: VALOR (R$) | Y77: VALOR (R$) | Z77: VALOR (R$) | AA77: VALOR (R$) | AB77: VALOR (R$) | AC77: VALOR (R$) | AD77: VALOR (R$) | AE77: VALOR (R$) | AF77: VALOR (R$) | AG77: VALOR (R$) | AH77: VALOR (R$) | AI77: VALOR (R$) | AJ77: VALOR (R$) | AK77: VALOR (R$)
A78: A | B78: Ausências por doença | H78: 0.0139 | I78: =I$29*$H78 -> 24.009053 | J78: =J$29*$H78 -> 24.009053 | K78: =K$29*$H78 -> 12.004457 | L78: =L$29*$H78 -> 24.009053 | M78: =M$29*$H78 -> 12.004457 | N78: =N$29*$H78 -> 24.009053 | O78: =O$29*$H78 -> 24.009053 | P78: =P$29*$H78 -> 24.009053 | ... AK78: =AK$29*$H78 -> 12.004457
A79: B | B79: Licença Paternidade | H79: 0.0002 | I79: =I$29*$H79 -> 0.345454 | J79: =J$29*$H79 -> 0.345454 | K79: =K$29*$H79 -> 0.172726 | L79: =L$29*$H79 -> 0.345454 | M79: =M$29*$H79 -> 0.172726 | N79: =N$29*$H79 -> 0.345454 | O79: =O$29*$H79 -> 0.345454 | P79: =P$29*$H79 -> 0.345454 | ... AK79: =AK$29*$H79 -> 0.172726
A80: C | B80: Ausências legais | H80: 0.0028 | I80: =I$29*$H80 -> 4.836356 | J80: =J$29*$H80 -> 4.836356 | K80: =K$29*$H80 -> 2.418164 | L80: =L$29*$H80 -> 4.836356 | M80: =M$29*$H80 -> 2.418164 | N80: =N$29*$H80 -> 4.836356 | O80: =O$29*$H80 -> 4.836356 | P80: =P$29*$H80 -> 4.836356 | ... AK80: =AK$29*$H80 -> 2.418164
A81: D | B81: Ausência por Acidente de Trabalho | H81: 0.0033 | I81: =I$29*$H81 -> 5.699991 | J81: =J$29*$H81 -> 5.699991 | K81: =K$29*$H81 -> 2.849979 | L81: =L$29*$H81 -> 5.699991 | M81: =M$29*$H81 -> 2.849979 | N81: =N$29*$H81 -> 5.699991 | O81: =O$29*$H81 -> 5.699991 | P81: =P$29*$H81 -> 5.699991 | ... AK81: =AK$29*$H81 -> 2.849979
A82: E | B82: Outros (especificar) | H82: 0 | I82: =I$29*$H82 -> 0 | J82: =J$29*$H82 -> 0 | K82: =K$29*$H82 -> 0 | L82: =L$29*$H82 -> 0 | M82: =M$29*$H82 -> 0 | N82: =N$29*$H82 -> 0 | O82: =O$29*$H82 -> 0 | P82: =P$29*$H82 -> 0 | ... AK82: =AK$29*$H82 -> 0
A83: Subtotal | H83: =SUM(H78:H82) -> 0.0202 | I83: =SUM(I78:I82) -> 34.890854 | J83: =SUM(J78:J82) -> 34.890854 | K83: =SUM(K78:K82) -> 17.445326 | L83: =SUM(L78:L82) -> 34.890854 | M83: =SUM(M78:M82) -> 17.445326 | N83: =SUM(N78:N82) -> 34.890854 | O83: =SUM(O78:O82) -> 34.890854 | ... AK83: =SUM(AK78:AK82) -> 17.445326
A84: F | B84: Incidencia do item 3.1 sobre o custro de reposição do profissional ausente | H84: =H53 -> 0.368 | I84: =I83*$H$84 -> 12.839834 | J84: =J83*$H$84 -> 12.839834 | K84: =K83*$H$84 -> 6.41988 | L84: =L83*$H$84 -> 12.839834 | M84: =M83*$H$84 -> 6.41988 | N84: =N83*$H$84 -> 12.839834 | O84: =O83*$H$84 -> 12.839834 | P84: =P83*$H$84 -> 12.839834 | ... AK84: =AK83*$H$84 -> 6.41988
A85: TOTAL SUBMÓDULO 3.5 Custos de Reposição do Profissional Ausente | I85: =SUM(I83:I84) -> 47.730688 | J85: =SUM(J83:J84) -> 47.730688 | K85: =SUM(K83:K84) -> 23.865206 | L85: =SUM(L83:L84) -> 47.730688 | M85: =SUM(M83:M84) -> 23.865206 | N85: =SUM(N83:N84) -> 47.730688 | O85: =SUM(O83:O84) -> 47.730688 | P85: =SUM(P83:P84) -> 47.730688 | ... AK85: =SUM(AK83:AK84) -> 23.865206
A87: Quadro resumo do item 3 - Encargos sociais e trabalhistas e Provisão para rescisão | I87: VALOR (R$) | J87: VALOR (R$) | K87: VALOR (R$) | L87: VALOR (R$) | M87: VALOR (R$) | N87: VALOR (R$) | O87: VALOR (R$) | P87: VALOR (R$) | Q87: VALOR (R$) | R87: VALOR (R$) | S87: VALOR (R$) | T87: VALOR (R$) | U87: VALOR (R$) | V87: VALOR (R$) | W87: VALOR (R$) | X87: VALOR (R$) | Y87: VALOR (R$) | Z87: VALOR (R$) | AA87: VALOR (R$) | AB87: VALOR (R$) | AC87: VALOR (R$) | AD87: VALOR (R$) | AE87: VALOR (R$) | AF87: VALOR (R$) | AG87: VALOR (R$) | AH87: VALOR (R$) | AI87: VALOR (R$) | AJ87: VALOR (R$) | AK87: VALOR (R$)
A88: 3.1 | B88: =A44 -> 3.1 - Encargos Previdenciários, Sociais e FGTS | I88: =I53 -> 635.63536 | J88: =J53 -> 635.63536 | K88: =K53 -> 317.81584 | L88: =L53 -> 635.63536 | M88: =M53 -> 317.81584 | N88: =N53 -> 635.63536 | O88: =O53 -> 635.63536 | P88: =P53 -> 635.63536 | ... AK88: =AK53 -> 317.81584
A89: 3.2 | B89: =A55 -> 3.2 - 13º Salário, Férias e Adicional de Férias | I89: =I60 -> 459.3488 | J89: =J60 -> 459.3488 | K89: =K60 -> 229.67307 | L89: =L60 -> 459.3488 | M89: =M60 -> 229.67307 | N89: =N60 -> 459.3488 | O89: =O60 -> 459.3488 | P89: =P60 -> 459.3488 | ... AK89: =AK60 -> 229.67307
A90: 3.3 | B90: =A62 -> 3.3 - Afastamento Maternidade | I90: =I65 -> 0.47258107 | J90: =J65 -> 0.47258107 | K90: =K65 -> 0.23628917 | L90: =L65 -> 0.47258107 | M90: =M65 -> 0.23628917 | N90: =N65 -> 0.47258107 | O90: =O65 -> 0.47258107 | P90: =P65 -> 0.47258107 | ... AK90: =AK65 -> 0.23628917
A91: 3.4 | B91: =A68 -> 3.4 - PROVISÃO PARA RESCISÃO | I91: =I75 -> 109.23117 | J91: =J75 -> 109.23117 | K91: =K75 -> 54.61527 | L91: =L75 -> 109.23117 | M91: =M75 -> 54.61527 | N91: =N75 -> 109.23117 | O91: =O75 -> 109.23117 | P91: =P75 -> 109.23117 | ... AK91: =AK75 -> 54.61527
A92: 3.5 | B92: =A77 -> 3.5 - CUSTO DE REPOSIÇÃO DO PROFISSIONAL AUSENTE | I92: =I85 -> 47.730688 | J92: =J85 -> 47.730688 | K92: =K85 -> 23.865206 | L92: =L85 -> 47.730688 | M92: =M85 -> 23.865206 | N92: =N85 -> 47.730688 | O92: =O85 -> 47.730688 | P92: =P85 -> 47.730688 | ... AK92: =AK85 -> 23.865206
A93: 3.6 | B93: Outros Especificar
A94: Total dos Encargos Sociais e trabalhistas | I94: =SUM(I88:I93) -> 1252.4186 | J94: =SUM(J88:J93) -> 1252.4186 | K94: =SUM(K88:K93) -> 626.20568 | L94: =SUM(L88:L93) -> 1252.4186 | M94: =SUM(M88:M93) -> 626.20568 | N94: =SUM(N88:N93) -> 1252.4186 | O94: =SUM(O88:O93) -> 1252.4186 | P94: =SUM(P88:P93) -> 1252.4186 | ... AK94: =SUM(AK88:AK93) -> 626.20568
A96: INSUMOS DIVERSOS
A97: 4 - INSUMOS DIVERSOS / UNIFORME / EPI / OUTROS - Por local | I97: VALOR (R$) | J97: VALOR (R$) | K97: VALOR (R$) | L97: VALOR (R$) | M97: VALOR (R$) | N97: VALOR (R$) | O97: VALOR (R$) | P97: VALOR (R$) | Q97: VALOR (R$) | R97: VALOR (R$) | S97: VALOR (R$) | T97: VALOR (R$) | U97: VALOR (R$) | V97: VALOR (R$) | W97: VALOR (R$) | X97: VALOR (R$) | Y97: VALOR (R$) | Z97: VALOR (R$) | AA97: VALOR (R$) | AB97: VALOR (R$) | AC97: VALOR (R$) | AD97: VALOR (R$) | AE97: VALOR (R$) | AF97: VALOR (R$) | AG97: VALOR (R$) | AH97: VALOR (R$) | AI97: VALOR (R$) | AJ97: VALOR (R$) | AK97: VALOR (R$)
A98: A | B98: Uniformes / EPI (Planilha em anexo) | I98: ='Planilha de Materiais'!E79 -> 350.11667 | J98: ='Planilha de Materiais'!G79 -> 262.5875 | K98: ='Planilha de Materiais'!I79 -> 262.5875 | L98: ='Planilha de Materiais'!K79 -> 262.5875 | M98: ='Planilha de Materiais'!M79 -> 175.05833 | N98: ='Planilha de Materiais'!O79 -> 437.64583 | O98: ='Planilha de Materiais'!Q79 -> 262.5875 | P98: ='Planilha de Materiais'!S79 -> 87.529167 | Q98: ='Planilha de Materiais'!U79 -> 87.529167 | R98: ='Planilha de Materiais'!W79 -> 87.529167 | S98: ='Planilha de Materiais'!Y79 -> 175.05833 | T98: ='Planilha de Materiais'!AA79 -> 87.529167 | U98: ='Planilha de Materiais'!AC79 -> 87.529167 | V98: ='Planilha de Materiais'!AE79 -> 175.05833 | W98: ='Planilha de Materiais'!AG79 -> 87.529167 | X98: ='Planilha de Materiais'!AI79 -> 175.05833 | Y98: ='Planilha de Materiais'!AK79 -> 87.529167 | Z98: ='Planilha de Materiais'!AM79 -> 175.05833 | AA98: ='Planilha de Materiais'!AO79 -> 175.05833 | AB98: ='Planilha de Materiais'!AQ79 -> 87.529167 | AC98: ='Planilha de Materiais'!AS79 -> 87.529167 | AD98: ='Planilha de Materiais'!AU79 -> 87.529167 | AE98: ='Planilha de Materiais'!AW79 -> 175.05833 | AF98: ='Planilha de Materiais'!AY79 -> 87.529167 | AG98: ='Planilha de Materiais'!BA79 -> 98.154167 | AH98: ='Planilha de Materiais'!BC79 -> 98.154167 | AI98: ='Planilha de Materiais'!BE79 -> 98.154167 | AJ98: ='Planilha de Materiais'!BI79 -> 98.154167 | AK98: ='Planilha de Materiais'!BK79 -> 98.154167
A99: B | B99: Materiais de limpeza e higienização (Planilha em anexo) | H99: - | I99: ='Planilha de Materiais'!E43 -> 948.33 | J99: ='Planilha de Materiais'!G43 -> 812.13 | K99: ='Planilha de Materiais'!I43 -> 359.26 | L99: ='Planilha de Materiais'!K43 -> 594.98 | M99: ='Planilha de Materiais'!M43 -> 334.7 | N99: ='Planilha de Materiais'!O43 -> 681.19 | O99: ='Planilha de Materiais'!Q43 -> 659.68 | P99: ='Planilha de Materiais'!S43 -> 583.85 | Q99: ='Planilha de Materiais'!U43 -> 145.69 | R99: ='Planilha de Materiais'!W43 -> 444.7 | S99: ='Planilha de Materiais'!Y43 -> 1790.28 | T99: ='Planilha de Materiais'!AA43 -> 779.28 | U99: ='Planilha de Materiais'!AC43 -> 784.91 | V99: ='Planilha de Materiais'!AE43 -> 1805.18 | W99: ='Planilha de Materiais'!AG43 -> 1118 | X99: ='Planilha de Materiais'!AI43 -> 1658.66 | Y99: ='Planilha de Materiais'!AK43 -> 2558.62 | Z99: ='Planilha de Materiais'!AM43 -> 465.46 | AA99: ='Planilha de Materiais'!AO43 -> 609.99 | AB99: ='Planilha de Materiais'!AQ43 -> 549.38 | AC99: ='Planilha de Materiais'!AS43 -> 289.36 | AD99: ='Planilha de Materiais'!AU43 -> 432.38 | AE99: ='Planilha de Materiais'!AW43 -> 667.47 | AF99: ='Planilha de Materiais'!AY43 -> 440.43 | AG99: ='Planilha de Materiais'!BA43 -> 248.52 | AH99: ='Planilha de Materiais'!BC43 -> 442.73 | AI99: ='Planilha de Materiais'!BE43 -> 193.73 | AJ99: ='Planilha de Materiais'!BI43 -> 174.94 | AK99: ='Planilha de Materiais'!BK43 -> 161.13
A100: C | B100: Produtos e Equipamentos (Planilha em anexo) | H100: - | I100: ='Planilha de Materiais'!E65 -> 101.99 | J100: ='Planilha de Materiais'!G65 -> 186.745 | K100: ='Planilha de Materiais'!I65 -> 125.45 | L100: ='Planilha de Materiais'!K65 -> 213.435 | M100: ='Planilha de Materiais'!M65 -> 125.45 | N100: ='Planilha de Materiais'!O65 -> 279.855 | O100: ='Planilha de Materiais'!Q65 -> 236.695 | P100: ='Planilha de Materiais'!S65 -> 190.58 | Q100: ='Planilha de Materiais'!U65 -> 62.613333 | R100: ='Planilha de Materiais'!W65 -> 207.61 | S100: ='Planilha de Materiais'!Y65 -> 306.54833 | T100: ='Planilha de Materiais'!AA65 -> 212.70833 | U100: ='Planilha de Materiais'!AC65 -> 301.39333 | V100: ='Planilha de Materiais'!AE65 -> 602.78667 | W100: ='Planilha de Materiais'!AG65 -> 267.19917 | X100: ='Planilha de Materiais'!AI65 -> 602.78667 | Y100: ='Planilha de Materiais'!AK65 -> 308.19917 | Z100: ='Planilha de Materiais'!AM65 -> 20.550833 | AA100: ='Planilha de Materiais'!AO65 -> 88.02 | AB100: ='Planilha de Materiais'!AQ65 -> 70.695 | AC100: ='Planilha de Materiais'!AS65 -> 49.085833 | AD100: ='Planilha de Materiais'!AU65 -> 59.108333 | AE100: ='Planilha de Materiais'!AW65 -> 83.56 | AF100: ='Planilha de Materiais'!AY65 -> 49.200833 | AG100: ='Planilha de Materiais'!BA65 -> 20.476667 | AH100: ='Planilha de Materiais'!BC65 -> 30.863333 | AI100: ='Planilha de Materiais'!BE65 -> 42.173333 | AJ100: ='Planilha de Materiais'!BI65 -> 18.123333 | AK100: ='Planilha de Materiais'!BK65 -> 18.123333
A101: D | B101: Outros (Exame Admissional/Demissional/Periódico) por trabalhador | H101: 12.4 | I101: =H101*I135 -> 49.6 | J101: =H101*J135 -> 37.2 | K101: =H101*K135 -> 37.2 | L101: =H101*L135 -> 37.2 | M101: =H101*M135 -> 24.8 | N101: =H101*N135 -> 62 | O101: =H101*O135 -> 37.2 | P101: =H101*P135 -> 12.4 | Q101: =H101*Q135 -> 12.4 | R101: =H101*R135 -> 12.4 | S101: =H101*S135 -> 24.8 | T101: =H101*T135 -> 12.4 | U101: =H101*U135 -> 12.4 | V101: =H101*V135 -> 24.8 | W101: =H101*W135 -> 12.4 | X101: =H101*X135 -> 24.8 | Y101: =H101*Y135 -> 24.8 | Z101: =H101*Z135 -> 24.8 | AA101: =H101*AA135 -> 12.4 | AB101: =H101*AB135 -> 12.4 | AC101: =H101*AC135 -> 12.4 | AD101: =H101*AD135 -> 12.4 | AE101: =H101*AE135 -> 24.8 | AF101: =H101*AF135 -> 12.4 | AG101: =H101*AG135 -> 12.4 | AH101: =H101*AH135 -> 12.4 | AI101: =H101*AI135 -> 12.4 | AJ101: =H101*AJ135 -> 12.4 | AK101: =AH101*AK135 -> 12.4
A102: E | B102: Adicional Insalubridade Limpeza Banheiro (um por local de limpeza | E102: Salário Min. Nacional | G102: 1621 | H102: 0.2 | I102: =$G102*$H102 -> 324.2 | J102: =$G102*$H102 -> 324.2 | K102: =$G102*$H102/2 -> 162.1 | L102: =$G102*$H102 -> 324.2 | M102: =$G102*$H102/2 -> 162.1 | N102: =$G102*$H102 -> 324.2 | O102: =$G102*$H102 -> 324.2 | P102: =$G102*$H102 -> 324.2 | Q102: =$G102*$H102/2 -> 162.1 | R102: =$G102*$H102 -> 324.2 | S102: 0 | T102: 0 | U102: 0 | V102: 0 | W102: 0 | X102: 0 | Y102: 0 | Z102: =$G102*$H102 -> 324.2 | AA102: =$G102*$H102 -> 324.2 | AB102: =$G102*$H102 -> 324.2 | AC102: =$G102*$H102 -> 324.2 | AD102: =$G102*$H102 -> 324.2 | AE102: =$G102*$H102 -> 324.2 | AF102: =$G102*$H102 -> 324.2 | AG102: =$G102*$H102/2 -> 162.1 | AH102: =$G102*$H102/2 -> 162.1 | AI102: =$G102*$H102/2 -> 162.1 | AJ102: =$G102*$H102 -> 324.2 | AK102: =$G102*$H102/2 -> 162.1
A103: F | B103: Encargos Sociais sobre insalubridade | H103: =H53+H58 -> 0.5624 | I103: =I102*$H103 -> 182.33008 | J103: =J102*$H103 -> 182.33008 | K103: =K102*$H103 -> 91.16504 | L103: =L102*$H103 -> 182.33008 | M103: =M102*$H103 -> 91.16504 | N103: =N102*$H103 -> 182.33008 | O103: =O102*$H103 -> 182.33008 | P103: =P102*$H103 -> 182.33008 | ... AK103: =AK102*$H103 -> 91.16504
A104: TOTAL DO MÓDULO 4 | H104: - | I104: =TRUNC(SUM(I98:I103),2) -> 1956.56 | J104: =TRUNC(SUM(J98:J103),2) -> 1805.19 | K104: =TRUNC(SUM(K98:K103),2) -> 1037.76 | L104: =TRUNC(SUM(L98:L103),2) -> 1614.73 | M104: =TRUNC(SUM(M98:M103),2) -> 913.27 | N104: =TRUNC(SUM(N98:N103),2) -> 1967.22 | O104: =TRUNC(SUM(O98:O103),2) -> 1702.69 | P104: =TRUNC(SUM(P98:P103),2) -> 1380.88 | ... AK104: =TRUNC(SUM(AK98:AK103),2) -> 543.07
A106: CUSTOS INDIRETOS, TRIBUTOS E LUCRO
A107: 5 - CUSTOS INDIRETOS, TRIBUTOS E LUCRO | H107: % | I107: VALOR (R$) | J107: VALOR (R$) | K107: VALOR (R$) | L107: VALOR (R$) | M107: VALOR (R$) | N107: VALOR (R$) | O107: VALOR (R$) | P107: VALOR (R$) | Q107: VALOR (R$) | R107: VALOR (R$) | S107: VALOR (R$) | T107: VALOR (R$) | U107: VALOR (R$) | V107: VALOR (R$) | W107: VALOR (R$) | X107: VALOR (R$) | Y107: VALOR (R$) | Z107: VALOR (R$) | AA107: VALOR (R$) | AB107: VALOR (R$) | AC107: VALOR (R$) | AD107: VALOR (R$) | AE107: VALOR (R$) | AF107: VALOR (R$) | AG107: VALOR (R$) | AH107: VALOR (R$) | AI107: VALOR (R$) | AJ107: VALOR (R$) | AK107: VALOR (R$)
A108: A | B108: Custos Indiretos | H108: 0.1 | I108: =I138*$H108 -> 1762.131 | J108: =J138*$H108 -> 1355.375 | K108: =K138*$H108 -> 831.676 | L108: =L138*$H108 -> 1336.329 | M108: =M138*$H108 -> 576.594 | N108: =N138*$H108 -> 2154.816 | O108: =O138*$H108 -> 1345.125 | P108: =P138*$H108 -> 529.706 | ... AK108: =AK138*$H108 -> 296.94
A109: B | B109: Lucro | H109: 0.1 | I109: =I138*$H109 -> 1762.131 | J109: =J138*$H109 -> 1355.375 | K109: =K138*$H109 -> 831.676 | L109: =L138*$H109 -> 1336.329 | M109: =M138*$H109 -> 576.594 | N109: =N138*$H109 -> 2154.816 | O109: =O138*$H109 -> 1345.125 | P109: =P138*$H109 -> 529.706 | ... AK109: =AK138*$H109 -> 296.94
A110: Total dos Custos Indiretos e Lucro | H110: =SUM(H108:H109) -> 0.2 | I110: =SUM(I108:I109) -> 3524.262 | J110: =SUM(J108:J109) -> 2710.75 | K110: =SUM(K108:K109) -> 1663.352 | L110: =SUM(L108:L109) -> 2672.658 | M110: =SUM(M108:M109) -> 1153.188 | N110: =SUM(N108:N109) -> 4309.632 | O110: =SUM(O108:O109) -> 2690.25 | ... AK110: =SUM(AK108:AK109) -> 593.88
A111: C | B111: TRIBUTOS
A112: C.1 | B112: COFINS 3% | H112: 0.0765 | I112: =I125*$H112 -> 1751.6363 | J112: =J125*$H112 -> 1347.3029 | K112: =K125*$H112 -> 826.7227 | L112: =L125*$H112 -> 1328.3697 | M112: =M125*$H112 -> 573.15937 | N112: =N125*$H112 -> 2141.9826 | O112: =O125*$H112 -> 1337.114 | P112: =P125*$H112 -> 526.55112 | ... AK112: =AK125*$H112 -> 295.17154
A113: C.2 | B113: PIS 0,65%
A114: C.3 | B114: Outros
...

Sheet Planilha de Materiais
B2: PLANILHA DE QUANTIDADE E CUSTOS DOS MATERIAIS e EPI
B4: Quantidade mensal por local de limpeza
D5: Local 1 | F5: Local 2 | H5: Local 3 | J5: Local 4 | L5: Local 5 | N5: Local 6 | P5: Local 7 | R5: Local 8 | T5: Local 9 | V5: Local 10 | X5: Local 11 | Z5: Local 12 | AB5: Local 13 | AD5: Local 14 | AF5: Local 15 | AH5: Local 16 | AJ5: Local 17 | AL5: Local 18 | AN5: Local 19 | AP5: Local 20 | AR5: Local 21 | AT5: Local 22 | AV5: Local 23 | AX5: Local 24 | AZ5: Local 25 | BB5: Local 26 | BD5: Local 27 | BF5: Local 28 | BH5: Local 29 | BJ5: Local 30
D6: CEMEI Santa Clara | F6: CEMEI Raio Sol | H6: Esc. Olavo Bilac | J6: Esc. S. Cristóvão | L6: Esc. José Bonif. | N6: Esc. Leôncio Correia | P6: Esc. Tancredo Neves | R6: Pré-Escola S. F. Assis | T6: Biblioteca | V6: CAMU e Almoxarifado | X6: Centro Espec | Z6: UBS B Vista | AB6: UBS Nova União | AD6: Posto Central | AF6: Clinica de fisioterapia | AH6: UBS Bairro União | AJ6: Sede Adm. Saúde | AL6: Paço Munic | AN6: CRAS | AP6: Sede Agric. | AR6: Sec Des. Ecom. | AT6: Sec Viação e Obras | AV6: C E Ivar Ranzi | AX6: Gin. A C Picinato | AZ6: Cons. Tutelar | BB6: Centro comunitário São Lucas/CRAS | BD6: Sec Assistencia Social | BF6: CEMEI Arco Iris | BH6: Destacamento da Policia Militar | BJ6: Emater
C7: Valor Unitário | D7: Qtde | E7: R$ Total | F7: Qtde | G7: R$ Total | H7: Qtde | I7: R$ Total | J7: Qtde | K7: R$ Total | L7: Qtde | M7: R$ Total | N7: Qtde | O7: R$ Total | P7: Qtde | Q7: R$ Total | R7: Qtde | S7: R$ Total | T7: Qtde | U7: R$ Total | V7: Qtde | W7: R$ Total | X7: Qtde | Y7: R$ Total | Z7: Qtde | AA7: R$ Total | AB7: Qtde | AC7: R$ Total | AD7: Qtde | AE7: R$ Total | AF7: Qtde | AG7: R$ Total | AH7: Qtde | AI7: R$ Total | AJ7: Qtde | AK7: R$ Total | AL7: Qtde | AM7: R$ Total | AN7: Qtde | AO7: R$ Total | AP7: Qtde | AQ7: R$ Total | AR7: Qtde | AS7: R$ Total | AT7: Qtde | AU7: R$ Total | AV7: Qtde | AW7: R$ Total | AX7: Qtde | AY7: R$ Total | AZ7: Qtde | BA7: R$ Total | BB7: Qtde | BC7: R$ Total | BD7: Qtde | BE7: R$ Total | BF7: Qtde | BG7: R$ Total | BH7: Qtde | BI7: R$ Total | BJ7: Qtde | BK7: R$ Total
A8: 1 | B8: Água Sanitária – litros | C8: 2.51 | D8: 0 | E8: =C8*D8 -> 0 | F8: 0 | G8: =C8*F8 -> 0 | H8: 0 | I8: =C8*H8 -> 0 | J8: 0 | K8: =J8*C8 -> 0 | L8: 0 | M8: =L8*C8 -> 0 | N8: 0 | O8: =N8*C8 -> 0 | P8: 0 | Q8: =P8*C8 -> 0 | R8: 0 | S8: =R8*C8 -> 0 | T8: 0 | U8: =T8*C8 -> 0 | V8: 0 | W8: =V8*C8 -> 0 | Y8: =X8*C8 -> 0 | AA8: =Z8*C8 -> 0 | AC8: =AB8*C8 -> 0 | AE8: =AD8*C8 -> 0 | AG8: =AF8*C8 -> 0 | AI8: =C8*AH8 -> 0 | AK8: =AJ8*C8 -> 0 | AL8: 15 | AM8: =AL8*C8 -> 37.65 | AN8: 20 | AO8: =AN8*C8 -> 50.2 | AP8: 15 | AQ8: =AP8*C8 -> 37.65 | AR8: 5 | AS8: =AR8*C8 -> 12.55 | AT8: 10 | AU8: =AT8*C8 -> 25.1 | AV8: 20 | AW8: =AV8*C8 -> 50.2 | AX8: 10 | AY8: =AX8*C8 -> 25.1 | AZ8: 5 | BA8: =AZ8*C8 -> 12.55 | BB8: 0 | BC8: =BB8*E8 -> 0 | BD8: 5 | BE8: =BD8*G8 -> 0 | BF8: 0 | BG8: =BF8*BA8 -> 0 | BH8: 5 | BI8: =BH8*C8 -> 12.55 | BJ8: 3 | BK8: =BJ8*C8 -> 7.53
A9: 2 | B9: Desinfetante - litros | C9: 2.29 | D9: 30 | E9: =C9*D9 -> 68.7 | F9: 30 | G9: =C9*F9 -> 68.7 | H9: 10 | I9: =C9*H9 -> 22.9 | J9: 30 | K9: =J9*C9 -> 68.7 | L9: 10 | M9: =L9*C9 -> 22.9 | N9: 20 | O9: =N9*C9 -> 45.8 | P9: 20 | Q9: =P9*C9 -> 45.8 | R9: 20 | S9: =R9*C9 -> 45.8 | T9: 10 | U9: =T9*C9 -> 22.9 | V9: 10 | W9: =V9*C9 -> 22.9 | Y9: =X9*C9 -> 0 | AA9: =Z9*C9 -> 0 | AC9: =AB9*C9 -> 0 | AE9: =AD9*C9 -> 0 | AG9: =AF9*C9 -> 0 | AI9: =C9*AH9 -> 0 | AK9: =AJ9*C9 -> 0 | AL9: 25 | AM9: =AL9*C9 -> 57.25 | AN9: 25 | AO9: =AN9*C9 -> 57.25 | AP9: 10 | AQ9: =AP9*C9 -> 22.9 | AR9: 10 | AS9: =AR9*C9 -> 22.9 | AT9: 10 | AU9: =AT9*C9 -> 22.9 | AV9: 20 | AW9: =AV9*C9 -> 45.8 | AX9: 10 | AY9: =AX9*C9 -> 22.9 | AZ9: 1 | BA9: =AZ9*C9 -> 2.29 | BB9: 10 | BC9: =BB9*C9 -> 22.9 | BD9: 3 | BE9: =BD9*C9 -> 6.87 | BF9: 20 | BG9: =BF9*C9 -> 45.8 | BH9: 5 | BI9: =BH9*C9 -> 11.45 | BJ9: 2 | BK9: =BJ9*C9 -> 4.58
A10: 3 | B10: Detergente - litros - para piso | C10: 3.2 | D10: 20 | E10: =C10*D10 -> 64 | F10: 20 | G10: =C10*F10 -> 64 | H10: 10 | I10: =C10*H10 -> 32 | J10: 20 | K10: =J10*C10 -> 64 | L10: 10 | M10: =L10*C10 -> 32 | N10: 20 | O10: =N10*C10 -> 64 | P10: 20 | Q10: =P10*C10 -> 64 | R10: 20 | S10: =R10*C10 -> 64 | T10: 10 | U10: =T10*C10 -> 32 | V10: 10 | W10: =V10*C10 -> 32 | Y10: =X10*C10 -> 0 | AA10: =Z10*C10 -> 0 | AC10: =AB10*C10 -> 0 | AE10: =AD10*C10 -> 0 | AG10: =AF10*C10 -> 0 | AI10: =C10*AH10 -> 0 | AK10: =AJ10*C10 -> 0 | AL10: 5 | AM10: =AL10*C10 -> 16 | AN10: 10 | AO10: =AN10*C10 -> 32 | AP10: 15 | AQ10: =AP10*C10 -> 48 | AR10: 5 | AS10: =AR10*C10 -> 16 | AT10: 10 | AU10: =AT10*C10 -> 32 | AW10: =AV10*C10 -> 0 | AX10: 10 | AY10: =AX10*C10 -> 32 | AZ10: 0 | BA10: =AZ10*C10 -> 0 | BB10: 10 | BC10: =BB10*C10 -> 32 | BD10: 5 | BE10: =BD10*C10 -> 16 | BF10: 20 | BG10: =BF10*C10 -> 64 | BH10: 1 | BI10: =BH10*C10 -> 3.2 | BJ10: 1 | BK10: =BJ10*C10 -> 3.2
A11: 4 | B11: Lã de Aço – pacote com 8 unidades | C11: 1.92 | D11: 2 | E11: =C11*D11 -> 3.84 | F11: 2 | G11: =C11*F11 -> 3.84 | H11: 1 | I11: =C11*H11 -> 1.92 | J11: 2 | K11: =J11*C11 -> 3.84 | L11: 1 | M11: =L11*C11 -> 1.92 | N11: 2 | O11: =N11*C11 -> 3.84 | P11: 2 | Q11: =P11*C11 -> 3.84 | R11: 1 | S11: =R11*C11 -> 1.92 | T11: 0 | U11: =T11*C11 -> 0 | V11: 2 | W11: =V11*C11 -> 3.84 | X11: 2 | Y11: =X11*C11 -> 3.84 | Z11: 2 | AA11: =Z11*C11 -> 3.84 | AB11: 2 | AC11: =AB11*C11 -> 3.84 | AD11: 5 | AE11: =AD11*C11 -> 9.6 | AF11: 2 | AG11: =AF11*C11 -> 3.84 | AH11: 5 | AI11: =C11*AH11 -> 9.6 | AJ11: 5 | AK11: =AJ11*C11 -> 9.6 | AL11: 1 | AM11: =AL11*C11 -> 1.92 | AN11: 1 | AO11: =AN11*C11 -> 1.92 | AP11: 1 | AQ11: =AP11*C11 -> 1.92 | AR11: 1 | AS11: =AR11*C11 -> 1.92 | AT11: 2 | AU11: =AT11*C11 -> 3.84 | AV11: 3 | AW11: =AV11*C11 -> 5.76 | AX11: 4 | AY11: =AX11*C11 -> 7.68 | AZ11: 1 | BA11: =AZ11*C11 -> 1.92 | BB11: 1 | BC11: =BB11*C11 -> 1.92 | BD11: 1 | BE11: =BD11*C11 -> 1.92 | BF11: 2 | BG11: =BF11*C1 -> 0 | BH11: 1 | BI11: =BH11*C11 -> 1.92 | BJ11: 0 | BK11: =BJ11*C11 -> 0
A12: 5 | B12: Esponja dupla face. Unid. -tamanho Min 110x75x20 mm | C12: 0.8 | D12: 20 | E12: =C12*D12 -> 16 | F12: 20 | G12: =C12*F12 -> 16 | H12: 10 | I12: =C12*H12 -> 8 | J12: 20 | K12: =J12*C12 -> 16 | L12: 5 | M12: =L12*C12 -> 4 | N12: 20 | O12: =N12*C12 -> 16 | P12: 20 | Q12: =P12*C12 -> 16 | R12: 20 | S12: =R12*C12 -> 16 | T12: 10 | U12: =T12*C12 -> 8 | V12: 20 | W12: =V12*C12 -> 16 | X12: 15 | Y12: =X12*C12 -> 12 | Z12: 10 | AA12: =Z12*C12 -> 8 | AB12: 5 | AC12: =AB12*C12 -> 4 | AD12: 25 | AE12: =AD12*C12 -> 20 | AF12: 5 | AG12: =AF12*C12 -> 4 | AH12: 25 | AI12: =C12*AH12 -> 20 | AJ12: 15 | AK12: =AJ12*C12 -> 12 | AL12: 6 | AM12: =AL12*C12 -> 4.8 | AN12: 10 | AO12: =AN12*C12 -> 8 | AP12: 8 | AQ12: =AP12*C12 -> 6.4 | AR12: 2 | AS12: =AR12*C12 -> 1.6 | AT12: 8 | AU12: =AT12*C12 -> 6.4 | AV12: 10 | AW12: =AV12*C12 -> 8 | AX12: 8 | AY12: =AX12*C12 -> 6.4 | AZ12: 5 | BA12: =AZ12*C12 -> 4 | BB12: 10 | BC12: =BB12*C12 -> 8 | BD12: 5 | BE12: =BD12*C12 -> 4 | BF12: 10 | BG12: =BF12*C12 -> 8 | BH12: 5 | BI12: =BH12*C12 -> 4 | BJ12: 5 | BK12: =BJ12*C12 -> 4
A13: 6 | B13: Odorisador de ar – lavanda – 400 ou 300 ml – unidade | C13: 7.82 | D13: 4 | E13: =C13*D13 -> 31.28 | F13: 4 | G13: =C13*F13 -> 31.28 | H13: 2 | I13: =C13*H13 -> 15.64 | J13: 4 | K13: =J13*C13 -> 31.28 | L13: 2 | M13: =L13*C13 -> 15.64 | N13: 4 | O13: =N13*C13 -> 31.28 | P13: 4 | Q13: =P13*C13 -> 31.28 | R13: 3 | S13: =R13*C13 -> 23.46 | T13: 2 | U13: =T13*C13 -> 15.64 | V13: 4 | W13: =V13*C13 -> 31.28 | X13: 5 | Y13: =X13*C13 -> 39.1 | Z13: 2 | AA13: =Z13*C13 -> 15.64 | AB13: 2 | AC13: =AB13*C13 -> 15.64 | AD13: 10 | AE13: =AD13*C13 -> 78.2 | AF13: 4 | AG13: =AF13*C13 -> 31.28 | AH13: 10 | AI13: =C13*AH13 -> 78.2 | AJ13: 10 | AK13: =AJ13*C13 -> 78.2 | AL13: 4 | AM13: =AL13*C13 -> 31.28 | AN13: 5 | AO13: =AN13*C13 -> 39.1 | AP13: 2 | AQ13: =AP13*C13 -> 15.64 | AR13: 3 | AS13: =AR13*C13 -> 23.46 | AT13: 10 | AU13: =AT13*C13 -> 78.2 | AV13: 6 | AW13: =AV13*C13 -> 46.92 | AX13: 3 | AY13: =AX13*C13 -> 23.46 | AZ13: 5 | BA13: =AZ13*C13 -> 39.1 | BB13: 5 | BC13: =BB13*C13 -> 39.1 | BD13: 5 | BE13: =BD13*C13 -> 39.1 | BF13: 4 | BG13: =BF13*C13 -> 31.28 | BH13: 2 | BI13: =BH13*C13 -> 15.64 | BJ13: 2 | BK13: =BJ13*C13 -> 15.64
A14: 7 | B14: Sabão em pedra - 200 gr – unidade | C14: 6.22 | D14: 5 | E14: =C14*D14 -> 31.1 | F14: 5 | G14: =C14*F14 -> 31.1 | H14: 3 | I14: =C14*H14 -> 18.66 | J14: 5 | K14: =J14*C14 -> 31.1 | L14: 2 | M14: =L14*C14 -> 12.44 | N14: 5 | O14: =N14*C14 -> 31.1 | P14: 5 | Q14: =P14*C14 -> 31.1 | R14: 5 | S14: =R14*C14 -> 31.1 | T14: 2 | U14: =T14*C14 -> 12.44 | V14: 4 | W14: =V14*C14 -> 24.88 | Y14: =X14*C14 -> 0 | AA14: =Z14*C14 -> 0 | AB14: 0 | AC14: =AB14*C14 -> 0 | AD14: 0 | AE14: =AD14*C14 -> 0 | AF14: 0 | AG14: =AF14*C14 -> 0 | AH14: 0 | AI14: =C14*AH14 -> 0 | AK14: =AJ14*C14 -> 0 | AL14: 2 | AM14: =AL14*C14 -> 12.44 | AN14: 10 | AO14: =AN14*C14 -> 62.2 | AP14: 3 | AQ14: =AP14*C14 -> 18.66 | AR14: 2 | AS14: =AR14*C14 -> 12.44 | AT14: 2 | AU14: =AT14*C14 -> 12.44 | AV14: 2 | AW14: =AV14*C14 -> 12.44 | AX14: 2 | AY14: =AX14*C14 -> 12.44 | AZ14: 3 | BA14: =AZ14*C14 -> 18.66 | BB14: 10 | BC14: =BB14*C14 -> 62.2 | BD14: 1 | BE14: =BD14*C14 -> 6.22 | BF14: 5 | BG14: =BF14*C14 -> 31.1 | BH14: 2 | BI14: =BH14*C14 -> 12.44 | BJ14: 2 | BK14: =BJ14*C14 -> 12.44
A15: 8 | B15: Saco alvejado algodão – unidades | C15: 5.82 | D15: 3 | E15: =C15*D15 -> 17.46 | F15: 3 | G15: =C15*F15 -> 17.46 | H15: 2 | I15: =C15*H15 -> 11.64 | J15: 3 | K15: =J15*C15 -> 17.46 | L15: 2 | M15: =L15*C15 -> 11.64 | N15: 3 | O15: =N15*C15 -> 17.46 | P15: 3 | Q15: =P15*C15 -> 17.46 | R15: 3 | S15: =R15*C15 -> 17.46 | T15: 1 | U15: =T15*C15 -> 5.82 | V15: 2 | W15: =V15*C15 -> 11.64 | X15: 3 | Y15: =X15*C15 -> 17.46 | Z15: 5 | AA15: =Z15*C15 -> 29.1 | AB15: 5 | AC15: =AB15*C15 -> 29.1 | AD15: 5 | AE15: =AD15*C15 -> 29.1 | AF15: 5 | AG15: =AF15*C15 -> 29.1 | AH15: 5 | AI15: =C15*AH15 -> 29.1 | AJ15: 10 | AK15: =AJ15*C15 -> 58.2 | AL15: 4 | AM15: =AL15*C15 -> 23.28 | AN15: 0 | AO15: =AN15*C15 -> 0 | AP15: 5 | AQ15: =AP15*C15 -> 29.1 | AR15: 3 | AS15: =AR15*C15 -> 17.46 | AT15: 4 | AU15: =AT15*C15 -> 23.28 | AV15: 2 | AW15: =AV15*C15 -> 11.64 | AX15: 8 | AY15: =AX15*C15 -> 46.56 | BA15: =AZ15*C15 -> 0 | BC15: =BB15*E15 -> 0 | BE15: =BD15*C15 -> 0 | BF15: 2 | BG15: =BF15*C15 -> 11.64 | BH15: 1 | BI15: =BH15*C15 -> 5.82 | BJ15: 1 | BK15: =BJ15*C15 -> 5.82
A16: 9 | B16: Saco para o chão (2ª viagem) – unidad | C16: 5.82 | D16: 0 | E16: =C16*D16 -> 0 | F16: 0 | G16: =C16*F16 -> 0 | H16: 0 | I16: =C16*H16 -> 0 | J16: 0 | K16: =J16*C16 -> 0 | L16: 0 | M16: =L16*C16 -> 0 | N16: 0 | O16: =N16*C16 -> 0 | P16: 0 | Q16: =P16*C16 -> 0 | R16: 0 | S16: =R16*C16 -> 0 | T16: 0 | U16: =T16*C16 -> 0 | V16: 0 | W16: =V16*C16 -> 0 | X16: 3 | Y16: =X16*C16 -> 17.46 | Z16: 3 | AA16: =Z16*C16 -> 17.46 | AB16: 3 | AC16: =AB16*C16 -> 17.46 | AD16: 3 | AE16: =AD16*C16 -> 17.46 | AF16: 3 | AG16: =AF16*C16 -> 17.46 | AH16: 3 | AI16: =C16*AH16 -> 17.46 | AJ16: 10 | AK16: =AJ16*C16 -> 58.2 | AL16: 0 | AM16: =AL16*C16 -> 0 | AN16: 0 | AO16: =AN16*C16 -> 0 | AP16: 4 | AQ16: =AP16*C16 -> 23.28 | AR16: 2 | AS16: =AR16*C16 -> 11.64 | AT16: 0 | AU16: =AT16*C16 -> 0 | AW16: =AV16*C16 -> 0 | AX16: 0 | AY16: =AX16*C16 -> 0 | AZ16: 2 | BA16: =AZ16*C16 -> 11.64 | BC16: =BB16*E16 -> 0 | BE16: =BD16*C16 -> 0 | BF16: 0 | BG16: =BF16*C16 -> 0 | BH16: 1 | BI16: =BH16*C16 -> 5.82 | BJ16: 1 | BK16: =BJ16*C16 -> 5.82
A17: 10 | B17: Saponáceo pó - 300 gr – unidades | C17: 3.71 | D17: 0 | E17: =C17*D17 -> 0 | F17: 0 | G17: =C17*F17 -> 0 | H17: 0 | I17: =C17*H17 -> 0 | J17: 0 | K17: =J17*C17 -> 0 | L17: 0 | M17: =L17*C17 -> 0 | N17: 0 | O17: =N17*C17 -> 0 | P17: 0 | Q17: =P17*C17 -> 0 | R17: 0 | S17: =R17*C17 -> 0 | T17: 0 | U17: =T17*C17 -> 0 | V17: 0 | W17: =V17*C17 -> 0 | X17: 0 | Y17: =X17*C17 -> 0 | Z17: 0 | AA17: =Z17*C17 -> 0 | AB17: 0 | AC17: =AB17*C17 -> 0 | AD17: 0 | AE17: =AD17*C17 -> 0 | AF17: 0 | AG17: =AF17*C17 -> 0 | AH17: 0 | AI17: =C17*AH17 -> 0 | AJ17: 0 | AK17: =AJ17*C17 -> 0 | AM17: =AL17*C17 -> 0 | AN17: 0 | AO17: =AN17*C17 -> 0 | AP17: 1 | AQ17: =AP17*C17 -> 3.71 | AR17: 0 | AS17: =AR17*C17 -> 0 | AT17: 0 | AU17: =AT17*C17 -> 0 | AW17: =AV17*C17 -> 0 | AX17: 0 | AY17: =AX17*C17 -> 0 | BA17: =AZ17*C17 -> 0 | BC17: =BB17*E17 -> 0 | BE17: =BD17*C17 -> 0 | BF17: 0 | BG17: =BF17*C17 -> 0 | BH17: 0 | BI17: =BH17*C17 -> 0 | BJ17: 0 | BK17: =BJ17*C17 -> 0
A18: 11 | B18: Saco para lixo 15 litros – unidades | C18: 0.11 | D18: 0 | E18: =C18*D18 -> 0 | F18: 0 | G18: =C18*F18 -> 0 | H18: 0 | I18: =C18*H18 -> 0 | J18: 0 | K18: =J18*C18 -> 0 | L18: 0 | M18: =L18*C18 -> 0 | N18: 0 | O18: =N18*C18 -> 0 | P18: 0 | Q18: =P18*C18 -> 0 | R18: 0 | S18: =R18*C18 -> 0 | T18: 0 | U18: =T18*C18 -> 0 | V18: 0 | W18: =V18*C18 -> 0 | X18: 200 | Y18: =X18*C18 -> 22 | Z18: 100 | AA18: =Z18*C18 -> 11 | AB18: 100 | AC18: =AB18*C18 -> 11 | AD18: 100 | AE18: =AD18*C18 -> 11 | AF18: 100 | AG18: =AF18*C18 -> 11 | AH18: 100 | AI18: =C18*AH18 -> 11 | AJ18: 200 | AK18: =AJ18*C18 -> 22 | AL18: 0 | AM18: =AL18*C18 -> 0 | AN18: 80 | AO18: =AN18*C18 -> 8.8 | AP18: 0 | AQ18: =AP18*C18 -> 0 | AR18: 0 | AS18: =AR18*C18 -> 0 | AT18: 15 | AU18: =AT18*C18 -> 1.65 | AW18: =AV18*C18 -> 0 | AX18: 40 | AY18: =AX18*C18 -> 4.4 | AZ18: 30 | BA18: =AZ18*C18 -> 3.3 | BB18: 30 | BC18: =BB18*E18 -> 0 | BD18: 30 | BE18: =BD18*C18 -> 3.3 | BF18: 0 | BG18: =BF18*C18 -> 0 | BH18: 100 | BI18: =BH18*C18 -> 11 | BJ18: 100 | BK18: =BJ18*C18 -> 11
A19: 12 | B19: Saco para lixo 30 litros – unidades | C19: 0.26 | D19: 100 | E19: =C19*D19 -> 26 | F19: 100 | G19: =C19*F19 -> 26 | H19: 100 | I19: =C19*H19 -> 26 | J19: 100 | K19: =J19*C19 -> 26 | L19: 100 | M19: =L19*C19 -> 26 | N19: 100 | O19: =N19*C19 -> 26 | P19: 100 | Q19: =P19*C19 -> 26 | R19: 100 | S19: =R19*C19 -> 26 | T19: 0 | U19: =T19*C19 -> 0 | V19: 100 | W19: =V19*C19 -> 26 | X19: 200 | Y19: =X19*C19 -> 52 | Z19: 100 | AA19: =Z19*C19 -> 26 | AB19: 100 | AC19: =AB19*C19 -> 26 | AD19: 100 | AE19: =AD19*C19 -> 26 | AF19: 100 | AG19: =AF19*C19 -> 26 | AH19: 200 | AI19: =C19*AH19 -> 52 | AJ19: 200 | AK19: =AJ19*C19 -> 52 | AL19: 100 | AM19: =AL19*C19 -> 26 | AN19: 50 | AO19: =AN19*C19 -> 13 | AP19: 40 | AQ19: =AP19*C19 -> 10.4 | AR19: 50 | AS19: =AR19*C19 -> 13 | AT19: 30 | AU19: =AT19*C19 -> 7.8 | AV19: 100 | AW19: =AV19*C19 -> 26 | AX19: 0 | AY19: =AX19*C19 -> 0 | AZ19: 0 | BA19: =AZ19*C19 -> 0 | BB19: 30 | BC19: =BB19*C19 -> 7.8 | BD19: 15 | BE19: =BD19*C19 -> 3.9 | BF19: 100 | BG19: =BF19*C19 -> 26 | BH19: 0 | BI19: =BH19*C19 -> 0 | BJ19: 0 | BK19: =BJ19*C19 -> 0
A20: 13 | B20: Saco para lixo 50 litros – unidades | C20: 0.41 | D20: 200 | E20: =C20*D20 -> 82 | F20: 200 | G20: =C20*F20 -> 82 | H20: 100 | I20: =C20*H20 -> 41 | J20: 200 | K20: =J20*C20 -> 82 | L20: 100 | M20: =L20*C20 -> 41 | N20: 200 | O20: =N20*C20 -> 82 | P20: 200 | Q20: =P20*C20 -> 82 | R20: 200 | S20: =R20*C20 -> 82 | T20: 0 | U20: =T20*C20 -> 0 | V20: 200 | W20: =V20*C20 -> 82 | X20: 300 | Y20: =X20*C20 -> 123 | Z20: 200 | AA20: =Z20*C20 -> 82 | AB20: 200 | AC20: =AB20*C20 -> 82 | AD20: 600 | AE20: =AD20*C20 -> 246 | AF20: 200 | AG20: =AF20*C20 -> 82 | AH20: 200 | AI20: =C20*AH20 -> 82 | AJ20: 300 | AK20: =AJ20*C20 -> 123 | AM20: =AL20*C20 -> 0 | AN20: 50 | AO20: =AN20*C20 -> 20.5 | AP20: 60 | AQ20: =AP20*C20 -> 24.6 | AR20: 50 | AS20: =AR20*C20 -> 20.5 | AT20: 10 | AU20: =AT20*C20 -> 4.1 | AV20: 150 | AW20: =AV20*C20 -> 61.5 | AX20: 50 | AY20: =AX20*C20 -> 20.5 | BA20: =AZ20*C20 -> 0 | BB20: 50 | BC20: =BB20*C20 -> 20.5 | BD20: 15 | BE20: =BD20*C20 -> 6.15 | BF20: 100 | BG20: =BF20*C20 -> 41 | BH20: 0 | BI20: =BH20*C20 -> 0 | BJ20: 0 | BK20: =BJ20*C20 -> 0
A21: 14 | B21: Saco para lixo 100 litros (de 8 micras) – unidades | C21: 0.43 | D21: 200 | E21: =C21*D21 -> 86 | F21: 200 | G21: =C21*F21 -> 86 | H21: 100 | I21: =C21*H21 -> 43 | J21: 200 | K21: =J21*C21 -> 86 | L21: 100 | M21: =L21*C21 -> 43 | N21: 200 | O21: =N21*C21 -> 86 | P21: 200 | Q21: =P21*C21 -> 86 | R21: 200 | S21: =R21*C21 -> 86 | T21: 0 | U21: =T21*C21 -> 0 | V21: 200 | W21: =V21*C21 -> 86 | X21: 400 | Y21: =X21*C21 -> 172 | Z21: 200 | AA21: =Z21*C21 -> 86 | AB21: 200 | AC21: =AB21*C21 -> 86 | AD21: 400 | AE21: =AD21*C21 -> 172 | AF21: 100 | AG21: =AF21*C21 -> 43 | AH21: 400 | AI21: =C21*AH21 -> 172 | AJ21: 400 | AK21: =AJ21*C21 -> 172 | AL21: 100 | AM21: =AL21*C21 -> 43 | AN21: 50 | AO21: =AN21*C21 -> 21.5 | AP21: 40 | AQ21: =AP21*C21 -> 17.2 | AR21: 50 | AS21: =AR21*C21 -> 21.5 | AT21: 20 | AU21: =AT21*C21 -> 8.6 | AV21: 100 | AW21: =AV21*C21 -> 43 | AX21: 50 | AY21: =AX21*C21 -> 21.5 | AZ21: 10 | BA21: =AZ21*C21 -> 4.3 | BB21: 50 | BC21: =BB21*C21 -> 21.5 | BD21: 15 | BE21: =BD21*C21 -> 6.45 | BF21: 100 | BG21: =BF21*C21 -> 43 | BH21: 0 | BI21: =BH21*C21 -> 0 | BJ21: 0 | BK21: =BJ21*C21 -> 0
A22: 15 | B22: Multiuso 500 ml - unidades COMPOSIÇÃO: ALQUIL BENZENO SULFONATO DE SÓDIO, LAURAMINA ÓXIDA, ALCALINIZANTE, COADJUVANTES, CONSERVANTE, AGENTES DE CONTROLE DE pH, FRAGRÂNCIAS, ÁGUA | C22: 3.01 | D22: 15 | E22: =C22*D22 -> 45.15 | F22: 10 | G22: =C22*F22 -> 30.1 | H22: 5 | I22: =C22*H22 -> 15.05 | J22: 15 | K22: =J22*C22 -> 45.15 | L22: 5 | M22: =L22*C22 -> 15.05 | N22: 15 | O22: =N22*C22 -> 45.15 | P22: 15 | Q22: =P22*C22 -> 45.15 | R22: 15 | S22: =R22*C22 -> 45.15 | T22: 5 | U22: =T22*C22 -> 15.05 | V22: 10 | W22: =V22*C22 -> 30.1 | X22: 20 | Y22: =X22*C22 -> 60.2 | Z22: 5 | AA22: =Z22*C22 -> 15.05 | AB22: 5 | AC22: =AB22*C22 -> 15.05 | AD22: 20 | AE22: =AD22*C22 -> 60.2 | AF22: 5 | AG22: =AF22*C22 -> 15.05 | AH22: 20 | AI22: =C22*AH22 -> 60.2 | AJ22: 15 | AK22: =AJ22*C22 -> 45.15 | AL22: 10 | AM22: =AL22*C22 -> 30.1 | AN22: 10 | AO22: =AN22*C22 -> 30.1 | AP22: 6 | AQ22: =AP22*C22 -> 18.06 | AR22: 5 | AS22: =AR22*C22 -> 15.05 | AT22: 15 | AU22: =AT22*C22 -> 45.15 | AV22: 15 | AW22: =AV22*C22 -> 45.15 | AX22: 15 | AY22: =AX22*C22 -> 45.15 | AZ22: 5 | BA22: =AZ22*C22 -> 15.05 | BB22: 10 | BC22: =BB22*C22 -> 30.1 | BD22: 6 | BE22: =BD22*C22 -> 18.06 | BF22: 8 | BG22: =BF22*C22 -> 24.08 | BH22: 5 | BI22: =BH22*C22 -> 15.05 | BJ22: 5 | BK22: =BJ22*C22 -> 15.05
A23: 16 | B23: Sabão em pó – 800 gr | C23: 7.17 | D23: 15 | E23: =C23*D23 -> 107.55 | F23: 15 | G23: =C23*F23 -> 107.55 | H23: 5 | I23: =C23*H23 -> 35.85 | J23: 5 | K23: =J23*C23 -> 35.85 | L23: 3 | M23: =L23*C23 -> 21.51 | N23: 8 | O23: =N23*C23 -> 57.36 | P23: 5 | Q23: =P23*C23 -> 35.85 | R23: 8 | S23: =R23*C23 -> 57.36 | T23: 2 | U23: =T23*C23 -> 14.34 | V23: 6 | W23: =V23*C23 -> 43.02 | X23: 0 | Y23: =X23*C23 -> 0 | Z23: 0 | AA23: =Z23*C23 -> 0 | AB23: 0 | AC23: =AB23*C23 -> 0 | AD23: 0 | AE23: =AD23*C23 -> 0 | AF23: 0 | AG23: =AF23*C23 -> 0 | AH23: 0 | AI23: =C23*AH23 -> 0 | AJ23: 0 | AK23: =AJ23*C23 -> 0 | AL23: 2 | AM23: =AL23*C23 -> 14.34 | AN23: 5 | AO23: =AN23*C23 -> 35.85 | AP23: 5 | AQ23: =AP23*C23 -> 35.85 | AR23: 1 | AS23: =AR23*C23 -> 7.17 | AT23: 5 | AU23: =AT23*C23 -> 35.85 | AV23: 2 | AW23: =AV23*C23 -> 14.34 | AX23: 3 | AY23: =AX23*C23 -> 21.51 | AZ23: 5 | BA23: =AZ23*C23 -> 35.85 | BB23: 3 | BC23: =BB23*C23 -> 21.51 | BD23: 5 | BE23: =BD23*C23 -> 35.85 | BF23: 8 | BG23: =BF23*C23 -> 57.36 | BH23: 2 | BI23: =BH23*C23 -> 14.34 | BJ23: 2 | BK23: =BJ23*C23 -> 14.34
A24: 17 | B24: Álcool 46% - litros | C24: 8.21 | D24: 0 | E24: =C24*D24 -> 0 | F24: 0 | G24: =C24*F24 -> 0 | H24: 0 | I24: =C24*H24 -> 0 | J24: 0 | K24: =J24*C24 -> 0 | L24: 0 | M24: =L24*C24 -> 0 | N24: 0 | O24: =N24*C24 -> 0 | P24: 0 | Q24: =P24*C24 -> 0 | R24: 0 | S24: =R24*C24 -> 0 | T24: 0 | U24: =T24*C24 -> 0 | V24: 0 | W24: =V24*C24 -> 0 | X24: 5 | Y24: =X24*C24 -> 41.05 | Z24: 2 | AA24: =Z24*C24 -> 16.42 | AB24: 2 | AC24: =AB24*C24 -> 16.42 | AD24: 10 | AE24: =AD24*C24 -> 82.1 | AF24: 8 | AG24: =AF24*C24 -> 65.68 | AH24: 8 | AI24: =C24*AH24 -> 65.68 | AJ24: 25 | AK24: =AJ24*C24 -> 205.25 | AL24: 2 | AM24: =AL24*C24 -> 16.42 | AN24: 10 | AO24: =AN24*C24 -> 82.1 | AP24: 5 | AQ24: =AP24*C24 -> 41.05 | AR24: 7 | AS24: =AR24*C24 -> 57.47 | AT24: 3 | AU24: =AT24*C24 -> 24.63 | AV24: 8 | AW24: =AV24*C24 -> 65.68 | AX24: 10 | AY24: =AX24*C24 -> 82.1 | AZ24: 5 | BA24: =AZ24*C24 -> 41.05 | BB24: 6 | BC24: =BB24*E24 -> 0 | BD24: 5 | BE24: =BD24*C24 -> 41.05 | BF24: 0 | BG24: =BF24*C24 -> 0 | BH24: 2 | BI24: =BH24*C24 -> 16.42 | BJ24: 2 | BK24: =BJ24*C24 -> 16.42
A25: 18 | B25: Amaciante - litros | C25: 2.43 | D25: 30 | E25: =C25*D25 -> 72.9 | F25: 30 | G25: =C25*F25 -> 72.9 | H25: 0 | I25: =C25*H25 -> 0 | J25: 0 | K25: =J25*C25 -> 0 | L25: 0 | M25: =L25*C25 -> 0 | N25: 0 | O25: =N25*C25 -> 0 | P25: 0 | Q25: =P25*C25 -> 0 | S25: =R25*C25 -> 0 | T25: 0 | U25: =T25*C25 -> 0 | V25: 0 | W25: =V25*C25 -> 0 | X25: 0 | Y25: =X25*C25 -> 0 | Z25: 0 | AA25: =Z25*C25 -> 0 | AB25: 0 | AC25: =AB25*C25 -> 0 | AD25: 0 | AE25: =AD25*C25 -> 0 | AF25: 0 | AG25: =AF25*C25 -> 0 | AH25: 0 | AI25: =C25*AH25 -> 0 | AJ25: 0 | AK25: =AJ25*C25 -> 0 | AL25: 1 | AM25: =AL25*C25 -> 2.43 | AN25: 5 | AO25: =AN25*C25 -> 12.15 | AP25: 1 | AQ25: =AP25*C25 -> 2.43 | AS25: =AR25*C25 -> 0 | AT25: 0 | AU25: =AT25*C25 -> 0 | AW25: =AV25*C25 -> 0 | AY25: =AX25*C25 -> 0 | AZ25: 2 | BA25: =AZ25*C25 -> 4.86 | BB25: 0 | BC25: =BB25*E25 -> 0 | BD25: 2 | BE25: =BD25*C25 -> 4.86 | BF25: 20 | BG25: =BF25*C25 -> 48.6 | BH25: 0 | BI25: =BH25*C25 -> 0 | BJ25: 0 | BK25: =BJ25*C25 -> 0
A26: 19 | B26: Limpa Vidros 500 ml | C26: 3.21 | D26: 0 | E26: =C26*D26 -> 0 | F26: 0 | G26: =C26*F26 -> 0 | H26: 0 | I26: =C26*H26 -> 0 | J26: 0 | K26: =J26*C26 -> 0 | L26: 0 | M26: =L26*C26 -> 0 | N26: 0 | O26: =N26*C26 -> 0 | P26: 0 | Q26: =P26*C26 -> 0 | S26: =R26*C26 -> 0 | T26: 0 | U26: =T26*C26 -> 0 | V26: 0 | W26: =V26*C26 -> 0 | X26: 5 | Y26: =X26*C26 -> 16.05 | Z26: 2 | AA26: =Z26*C26 -> 6.42 | AB26: 5 | AC26: =AB26*C26 -> 16.05 | AD26: 10 | AE26: =AD26*C26 -> 32.1 | AF26: 5 | AG26: =AF26*C26 -> 16.05 | AH26: 10 | AI26: =C26*AH26 -> 32.1 | AJ26: 5 | AK26: =AJ26*C26 -> 16.05 | AL26: 1 | AM26: =AL26*C26 -> 3.21 | AN26: 3 | AO26: =AN26*C26 -> 9.63 | AP26: 5 | AQ26: =AP26*C26 -> 16.05 | AR26: 1 | AS26: =AR26*C26 -> 3.21 | AT26: 2 | AU26: =AT26*C26 -> 6.42 | AV26: 2 | AW26: =AV26*C26 -> 6.42 | AX26: 1 | AY26: =AX26*C26 -> 3.21 | AZ26: 5 | BA26: =AZ26*C26 -> 16.05 | BB26: 3 | BC26: =BB26*E26 -> 0 | BD26: 5 | BE26: =BD26*GG26 -> 0 | BF26: 0 | BG26: =BF26*BA26 -> 0 | BH26: 2 | BI26: =BH26*C26 -> 6.42 | BJ26: 2 | BK26: =BJ26*C26 -> 6.42
A27: 20 | B27: Flanela Branca 29x39 - unidades | C27: 1.98 | D27: 0 | E27: =C27*D27 -> 0 | F27: 0 | G27: =C27*F27 -> 0 | H27: 0 | I27: =C27*H27 -> 0 | J27: 0 | K27: =J27*C27 -> 0 | L27: 0 | M27: =L27*C27 -> 0 | N27: 0 | O27: =N27*C27 -> 0 | P27: 0 | Q27: =P27*C27 -> 0 | S27: =R27*C27 -> 0 | T27: 1 | U27: =T27*C27 -> 1.98 | V27: 0 | W27: =V27*C27 -> 0 | X27: 3 | Y27: =X27*C27 -> 5.94 | Z27: 5 | AA27: =Z27*C27 -> 9.9 | AB27: 5 | AC27: =AB27*C27 -> 9.9 | AD27: 5 | AE27: =AD27*C27 -> 9.9 | AF27: 5 | AG27: =AF27*C27 -> 9.9 | AH27: 5 | AI27: =C27*AH27 -> 9.9 | AJ27: 25 | AK27: =AJ27*C27 -> 49.5 | AL27: 5 | AM27: =AL27*C27 -> 9.9 | AN27: 5 | AO27: =AN27*C27 -> 9.9 | AP27: 8 | AQ27: =AP27*C27 -> 15.84 | AR27: 3 | AS27: =AR27*C27 -> 5.94 | AT27: 5 | AU27: =AT27*C27 -> 9.9 | AV27: 10 | AW27: =AV27*C27 -> 19.8 | AX27: 0 | AY27: =AX27*C27 -> 0 | AZ27: 5 | BA27: =AZ27*C27 -> 9.9 | BB27: 3 | BC27: =BB27*E27 -> 0 | BD27: 5 | BE27: =BD27*G27 -> 0 | BF27: 0 | BG27: =BF27*BA27 -> 0 | BH27: 2 | BI27: =BH27*C27 -> 3.96 | BJ27: 2 | BK27: =BJ27*C27 -> 3.96
A28: 21 | B28: Saco alvejado algodão 60x80 cm - unida | C28: 11.51 | D28: 0 | E28: =C28*D28 -> 0 | F28: 0 | G28: =C28*F28 -> 0 | H28: 0 | I28: =C28*H28 -> 0 | J28: 0 | K28: =J28*C28 -> 0 | L28: 0 | M28: =L28*C28 -> 0 | N28: 0 | O28: =N28*C28 -> 0 | P28: 0 | Q28: =P28*C28 -> 0 | S28: =R28*C28 -> 0 | T28: 0 | U28: =T28*C28 -> 0 | V28: 0 | W28: =V28*C28 -> 0 | X28: 3 | Y28: =X28*C28 -> 34.53 | Z28: 3 | AA28: =Z28*C28 -> 34.53 | AB28: 3 | AC28: =AB28*C28 -> 34.53 | AD28: 3 | AE28: =AD28*C28 -> 34.53 | AF28: 3 | AG28: =AF28*C28 -> 34.53 | AH28: 3 | AI28: =C28*AH28 -> 34.53 | AJ28: 15 | AK28: =AJ28*C28 -> 172.65 | AL28: 0 | AM28: =AL28*C28 -> 0 | AN28: 2 | AO28: =AN28*C28 -> 23.02 | AP28: 8 | AQ28: =AP28*C28 -> 92.08 | AS28: =AR28*C28 -> 0 | AT28: 4 | AU28: =AT28*C28 -> 46.04 | AW28: =AV28*C28 -> 0 | AX28: 0 | AY28: =AX28*C28 -> 0 | BA28: =AZ28*C28 -> 0 | BB28: 5 | BC28: =BB28*E28 -> 0 | BD28: 2 | BE28: =BD28*G28 -> 0 | BF28: 0 | BG28: =BF28*BA28 -> 0 | BH28: 0 | BI28: =BH28*C28 -> 0 | BJ28: 0 | BK28: =BJ28*C28 -> 0
A29: 22 | B29: Saco para lixo 100 litros azul - unidade | C29: 0.79 | D29: 0 | E29: =C29*D29 -> 0 | F29: 0 | G29: =C29*F29 -> 0 | H29: 0 | I29: =C29*H29 -> 0 | J29: 0 | K29: =J29*C29 -> 0 | L29: 0 | M29: =L29*C29 -> 0 | N29: 0 | O29: =N29*C29 -> 0 | P29: 0 | Q29: =P29*C29 -> 0 | S29: =R29*C29 -> 0 | T29: 0 | U29: =T29*C29 -> 0 | V29: 0 | W29: =V29*C29 -> 0 | X29: 20 | Y29: =X29*C29 -> 15.8 | Z29: 10 | AA29: =Z29*C29 -> 7.9 | AB29: 10 | AC29: =AB29*C29 -> 7.9 | AD29: 10 | AE29: =AD29*C29 -> 7.9 | AF29: 10 | AG29: =AF29*C29 -> 7.9 | AH29: 20 | AI29: =C29*AH29 -> 15.8 | AJ29: 10 | AK29: =AJ29*C29 -> 7.9 | AL29: 0 | AM29: =AL29*C29 -> 0 | AN29: 50 | AO29: =AN29*C29 -> 39.5 | AP29: 0 | AQ29: =AP29*C29 -> 0 | AS29: =AR29*C29 -> 0 | AT29: 0 | AU29: =AT29*C29 -> 0 | AW29: =AV29*C29 -> 0 | AX29: 0 | AY29: =AX29*C29 -> 0 | BA29: =AZ29*C29 -> 0 | BB29: 30 | BC29: =BB29*E29 -> 0 | BD29: 10 | BE29: =BD29*G29 -> 0 | BF29: 0 | BG29: =BF29*BA29 -> 0 | BH29: 0 | BI29: =BH29*C29 -> 0 | BJ29: 0 | BK29: =BJ29*C29 -> 0
A30: 23 | B30: Detergente 500 ml - unidades | C30: 1.84 | D30: 0 | E30: =C30*D30 -> 0 | F30: 0 | G30: =C30*F30 -> 0 | H30: 0 | I30: =C30*H30 -> 0 | J30: 0 | K30: =J30*C30 -> 0 | L30: 0 | M30: =L30*C30 -> 0 | N30: 0 | O30: =N30*C30 -> 0 | P30: 0 | Q30: =P30*C30 -> 0 | S30: =R30*C30 -> 0 | T30: 0 | U30: =T30*C30 -> 0 | V30: 0 | W30: =V30*C30 -> 0 | X30: 15 | Y30: =X30*C30 -> 27.6 | Z30: 5 | AA30: =Z30*C30 -> 9.2 | AB30: 5 | AC30: =AB30*C30 -> 9.2 | AD30: 20 | AE30: =AD30*C30 -> 36.8 | AF30: 10 | AG30: =AF30*C30 -> 18.4 | AH30: 20 | AI30: =C30*AH30 -> 36.8 | AJ30: 20 | AK30: =AJ30*C30 -> 36.8 | AL30: 15 | AM30: =AL30*C30 -> 27.6 | AN30: 7 | AO30: =AN30*C30 -> 12.88 | AP30: 12 | AQ30: =AP30*C30 -> 22.08 | AS30: =AR30*C30 -> 0 | AT30: 7 | AU30: =AT30*C30 -> 12.88 | AV30: 10 | AW30: =AV30*C30 -> 18.4 | AX30: 0 | AY30: =AX30*C30 -> 0 | BA30: =AZ30*C30 -> 0 | BB30: 5 | BC30: =BB30*E30 -> 0 | BD30: 7 | BE30: =BD30*G30 -> 0 | BF30: 0 | BG30: =BF30*BA30 -> 0 | BH30: 6 | BI30: =BH30*C30 -> 11.04 | BJ30: 6 | BK30: =BJ30*C30 -> 11.04
A31: 24 | B31: Pedra Sanitária - unidade | C31: 1.68 | D31: 0 | E31: =C31*D31 -> 0 | F31: 0 | G31: =C31*F31 -> 0 | H31: 0 | I31: =C31*H31 -> 0 | J31: 0 | K31: =J31*C31 -> 0 | L31: 0 | M31: =L31*C31 -> 0 | N31: 0 | O31: =N31*C31 -> 0 | P31: 0 | Q31: =P31*C31 -> 0 | S31: =R31*C31 -> 0 | T31: 0 | U31: =T31*C31 -> 0 | V31: 0 | W31: =V31*C31 -> 0 | X31: 0 | Y31: =X31*C31 -> 0 | Z31: 0 | AA31: =Z31*C31 -> 0 | AB31: 0 | AC31: =AB31*C31 -> 0 | AD31: 0 | AE31: =AD31*C31 -> 0 | AF31: 0 | AG31: =AF31*C31 -> 0 | AH31: 0 | AI31: =C31*AH31 -> 0 | AJ31: 0 | AK31: =AJ31*C31 -> 0 | AL31: 20 | AM31: =AL31*C31 -> 33.6 | AN31: 10 | AO31: =AN31*C31 -> 16.8 | AP31: 8 | AQ31: =AP31*C31 -> 13.44 | AR31: 7 | AS31: =AR31*C31 -> 11.76 | AT31: 15 | AU31: =AT31*C31 -> 25.2 | AV31: 20 | AW31: =AV31*C31 -> 33.6 | AX31: 20 | AY31: =AX31*C31 -> 33.6 | AZ31: 5 | BA31: =AZ31*C31 -> 8.4 | BB31: 5 | BC31: =BB31*E31 -> 0 | BD31: 5 | BE31: =BD31*G31 -> 0 | BF31: 0 | BG31: =BF31*BA31 -> 0 | BH31: 6 | BI31: =BH31*C31 -> 10.08 | BJ31: 6 | BK31: =BJ31*C31 -> 10.08
A32: 25 | B32: Cera incolor - 1000 ml - unidade | C32: 7.85 | D32: 0 | E32: =C32*D32 -> 0 | F32: 0 | G32: =C32*F32 -> 0 | H32: 0 | I32: =C32*H32 -> 0 | J32: 0 | K32: =J32*C32 -> 0 | L32: 0 | M32: =L32*C32 -> 0 | N32: 0 | O32: =N32*C32 -> 0 | P32: 0 | Q32: =P32*C32 -> 0 | S32: =R32*C32 -> 0 | T32: 0 | U32: =T32*C32 -> 0 | V32: 0 | W32: =V32*C32 -> 0 | X32: 0 | Y32: =X32*C32 -> 0 | Z32: 0 | AA32: =Z32*C32 -> 0 | AB32: 0 | AC32: =AB32*C32 -> 0 | AD32: 0 | AE32: =AD32*C32 -> 0 | AF32: 0 | AG32: =AF32*C32 -> 0 | AH32: 0 | AI32: =C32*AH32 -> 0 | AJ32: 0 | AK32: =AJ32*C32 -> 0 | AL32: 4 | AM32: =AL32*C32 -> 31.4 | AN32: 0 | AO32: =AN32*C32 -> 0 | AP32: 0 | AQ32: =AP32*C32 -> 0 | AS32: =AR32*C32 -> 0 | AT32: 0 | AU32: =AT32*C32 -> 0 | AV32: 8 | AW32: =AV32*C32 -> 62.8 | AX32: 0 | AY32: =AX32*C32 -> 0 | BA32: =AZ32*C32 -> 0 | BC32: =BB32*E32 -> 0 | BD32: 6 | BE32: =BD32*G32 -> 0 | BF32: 0 | BG32: =BF32*BA32 -> 0 | BH32: 0 | BI32: =BH32*C32 -> 0 | BJ32: 0 | BK32: =BJ32*C32 -> 0
A33: 26 | B33: Saponáceo liquido com 300 ml - unid | C33: 3.99 | D33: 0 | E33: =C33*D33 -> 0 | F33: 0 | G33: =C33*F33 -> 0 | H33: 0 | I33: =C33*H33 -> 0 | J33: 0 | K33: =J33*C33 -> 0 | L33: 0 | M33: =L33*C33 -> 0 | N33: 0 | O33: =N33*C33 -> 0 | P33: 0 | Q33: =P33*C33 -> 0 | S33: =R33*C33 -> 0 | T33: 0 | U33: =T33*C33 -> 0 | V33: 0 | W33: =V33*C33 -> 0 | X33: 5 | Y33: =X33*C33 -> 19.95 | Z33: 2 | AA33: =Z33*C33 -> 7.98 | AB33: 2 | AC33: =AB33*C33 -> 7.98 | AD33: 5 | AE33: =AD33*C33 -> 19.95 | AF33: 5 | AG33: =AF33*C33 -> 19.95 | AH33: 5 | AI33: =C33*AH33 -> 19.95 | AJ33: 10 | AK33: =AJ33*C33 -> 39.9 | AL33: 2 | AM33: =AL33*C33 -> 7.98 | AN33: 3 | AO33: =AN33*C33 -> 11.97 | AP33: 1 | AQ33: =AP33*C33 -> 3.99 | AR33: 2 | AS33: =AR33*C33 -> 7.98 | AT33: 0 | AU33: =AT33*C33 -> 0 | AV33: 8 | AW33: =AV33*C33 -> 31.92 | AX33: 8 | AY33: =AX33*C33 -> 31.92 | AZ33: 2 | BA33: =AZ33*C33 -> 7.98 | BB33: 2 | BC33: =BB33*E33 -> 0 | BD33: 2 | BE33: =BD33*G33 -> 0 | BF33: 0 | BG33: =BF33*BA33 -> 0 | BH33: 2 | BI33: =BH33*C33 -> 7.98 | BJ33: 2 | BK33: =BJ33*C33 -> 7.98
A34: 27 | B34: Saco de pano sem alvejar | C34: 5.81 | D34: 0 | E34: =C34*D34 -> 0 | F34: 0 | G34: =C34*F34 -> 0 | H34: 0 | I34: =C34*H34 -> 0 | J34: 0 | K34: =J34*C34 -> 0 | L34: 0 | M34: =L34*C34 -> 0 | N34: 0 | O34: =N34*C34 -> 0 | P34: 0 | Q34: =P34*C34 -> 0 | S34: =R34*C34 -> 0 | T34: 0 | U34: =T34*C34 -> 0 | V34: 0 | W34: =V34*C34 -> 0 | X34: 0 | Y34: =X34*C34 -> 0 | Z34: 0 | AA34: =Z34*C34 -> 0 | AB34: 0 | AC34: =AB34*C34 -> 0 | AD34: 0 | AE34: =AD34*C34 -> 0 | AF34: 0 | AG34: =AF34*C34 -> 0 | AH34: 0 | AI34: =C34*AH34 -> 0 | AJ34: 0 | AK34: =AJ34*C34 -> 0 | AL34: 6 | AM34: =AL34*C34 -> 34.86 | AN34: 2 | AO34: =AN34*C34 -> 11.62 | AP34: 5 | AQ34: =AP34*C34 -> 29.05 | AR34: 1 | AS34: =AR34*C34 -> 5.81 | AT34: 0 | AU34: =AT34*C34 -> 0 | AV34: 10 | AW34: =AV34*C34 -> 58.1 | AX34: 0 | AY34: =AX34*C34 -> 0 | AZ34: 2 | BA34: =AZ34*C34 -> 11.62 | BB34: 2 | BC34: =BB34*E34 -> 0 | BD34: 2 | BE34: =BD34*G34 -> 0 | BF34: 0 | BG34: =BF34*BA34 -> 0 | BH34: 1 | BI34: =BH34*C34 -> 5.81 | BJ34: 1 | BK34: =BJ34*C34 -> 5.81
A35: 28 | B35: Água Sanitária Composição: Princípio Ativo, Estabilizante e Água.Princípio ativo: Hipoclorito de Sódio.Teor de cloro ativo de 2,0% a 2,5% p/p.PRODUTO À BASE DE CLORO - 5 litros | C35: 17.52 | D35: 10 | E35: =D35*C35 -> 175.2 | F35: 10 | G35: =F35*C35 -> 175.2 | H35: 5 | I35: =H35*C35 -> 87.6 | J35: 5 | K35: =J35*C35 -> 87.6 | L35: 5 | M35: =L35*C35 -> 87.6 | N35: 10 | O35: =N35*C35 -> 175.2 | P35: 10 | Q35: =P35*C35 -> 175.2 | R35: 5 | S35: =R35*C35 -> 87.6 | T35: 1 | U35: =T35*C35 -> 17.52 | V35: 2 | W35: =V35*C35 -> 35.04 | X35: 5 | Y35: =X35*C35 -> 87.6 | Z35: 2 | AA35: =Z35*C35 -> 35.04 | AB35: 2 | AC35: =AB35*C35 -> 35.04 | AD35: 5 | AE35: =AD35*C35 -> 87.6 | AF35: 4 | AG35: =AF35*C35 -> 70.08 | AH35: 5 | AI35: =C35*AH35 -> 87.6 | AJ35: 5 | AK35: =AJ35*C35 -> 87.6 | AM35: =AL35*C35 -> 0 | AO35: =AN35*C35 -> 0 | AQ35: =AP35*C35 -> 0 | AS35: =AR35*C35 -> 0 | AU35: =AT35*C35 -> 0 | AW35: =AV35*C35 -> 0 | AY35: =AX35*C35 -> 0 | BA35: =AZ35*C35 -> 0 | BB35: 10 | BC35: =BB35*C35 -> 175.2 | BE35: =BD35*G35 -> 0 | BF35: 8 | BG35: =BF35*BA35 -> 0 | BH35: 0 | BI35: =BH35*C35 -> 0 | BJ35: 0 | BK35: =BJ35*C35 -> 0
A36: 29 | B36: Desinfetante hospitalar para superfícies fixas e artigos não criticos limpeza pesada com cloreto de benzil alquil dimetil amônio/cloreto de didecil dimetilamônio - 5 litros | C36: 68.98 | D36: 0 | E36: =D36*C36 -> 0 | F36: 0 | G36: =F36*C36 -> 0 | I36: =H36*C36 -> 0 | K36: =J36*C36 -> 0 | M36: =L36*C36 -> 0 | O36: =N36*C36 -> 0 | Q36: =P36*C36 -> 0 | S36: =R36*C36 -> 0 | U36: =T36*C36 -> 0 | W36: =V36*C36 -> 0 | X36: 6 | Y36: =X36*C36 -> 413.88 | Z36: 2 | AA36: =Z36*C36 -> 137.96 | AB36: 2 | AC36: =AB36*C36 -> 137.96 | AD36: 5 | AE36: =AD36*C36 -> 344.9 | AF36: 4 | AG36: =AF36*C36 -> 275.92 | AH36: 5 | AI36: =C36*AH36 -> 344.9 | AJ36: 10 | AK36: =AJ36*C36 -> 689.8 | AM36: =AL36*C36 -> 0 | AO36: =AN36*C36 -> 0 | AQ36: =AP36*C36 -> 0 | AS36: =AR36*C36 -> 0 | AU36: =AT36*C36 -> 0 | AW36: =AV36*C36 -> 0 | AY36: =AX36*C36 -> 0 | BA36: =AZ36*C36 -> 0 | BC36: =BB36*E36 -> 0 | BE36: =BD36*G36 -> 0 | BG36: =BF36*BA36 -> 0 | BI36: =BH36*C36 -> 0 | BK36: =BJ36*C36 -> 0
A37: 30 | B37: Desinfetante branqueador Ingrediente ativo: hipoclorito de sódio 2,5%. Podendo chegar até 1% de cloro ativo após 12 meses, sem comprometer a eficáciado produto. Composição: ingrediente ativo, hidróxido de sódio, coadjuvante, fragrância e água, 500ml | C37: 12.98 | D37: 0 | E37: =D37*C37 -> 0 | F37: 0 | G37: =F37*C37 -> 0 | I37: =H37*C37 -> 0 | K37: =J37*C37 -> 0 | M37: =L37*C37 -> 0 | O37: =N37*C37 -> 0 | Q37: =P37*C37 -> 0 | S37: =R37*C37 -> 0 | U37: =T37*C37 -> 0 | W37: =V37*C37 -> 0 | X37: 5 | Y37: =X37*C37 -> 64.9 | Z37: 2 | AA37: =Z37*C37 -> 25.96 | AB37: 2 | AC37: =AB37*C37 -> 25.96 | AD37: 10 | AE37: =AD37*C37 -> 129.8 | AF37: 5 | AG37: =AF37*C37 -> 64.9 | AH37: 10 | AI37: =C37*AH37 -> 129.8 | AJ37: 15 | AK37: =AJ37*C37 -> 194.7 | AM37: =AL37*C37 -> 0 | AO37: =AN37*C37 -> 0 | AQ37: =AP37*C37 -> 0 | AS37: =AR37*C37 -> 0 | AU37: =AT37*C37 -> 0 | AW37: =AV37*C37 -> 0 | AY37: =AX37*C37 -> 0 | BA37: =AZ37*C37 -> 0 | BC37: =BB37*E37 -> 0 | BE37: =BD37*G37 -> 0 | BG37: =BF37*BA37 -> 0 | BI37: =BH37*C37 -> 0 | BK37: =BJ37*C37 -> 0
A38: 31 | B38: Carrinho funcional completo para tarefas de higiene e transporte de resíduos. Balde espremedor para duas águas; uma pá plástica para lixo; uma placa de sinalização de piso molhado; (SISTEMA COMODATO com remuneração mensal) Valor do equipamento dividido por 36 meses | C38: 37.72 | D38: 0 | E38: =D38*C38 -> 0 | F38: 0 | G38: =F38*C38 -> 0 | I38: =H38*C38 -> 0 | K38: =J38*C38 -> 0 | M38: =L38*C38 -> 0 | O38: =N38*C38 -> 0 | Q38: =P38*C38 -> 0 | S38: =R38*C38 -> 0 | U38: =T38*C38 -> 0 | W38: =V38*C38 -> 0 | X38: 2 | Y38: =X38*C38 -> 75.44 | Z38: 1 | AA38: =Z38*C38 -> 37.72 | AB38: 1 | AC38: =AB38*C38 -> 37.72 | AD38: 1 | AE38: =AD38*C38 -> 37.72 | AF38: 1 | AG38: =AF38*C38 -> 37.72 | AH38: 1 | AI38: =C38*AH38 -> 37.72 | AJ38: 1 | AK38: =AJ38*C38 -> 37.72 | AM38: =AL38*C38 -> 0 | AO38: =AN38*C38 -> 0 | AQ38: =AP38*C38 -> 0 | AS38: =AR38*C38 -> 0 | AU38: =AT38*C38 -> 0 | AW38: =AV38*C38 -> 0 | AY38: =AX38*C38 -> 0 | BA38: =AZ38*C38 -> 0 | BC38: =BB38*E38 -> 0 | BE38: =BD38*G38 -> 0 | BG38: =BF38*BA38 -> 0 | BI38: =BH38*C38 -> 0 | BK38: =BJ38*C38 -> 0
A39: 32 | B39: Sabão liquido - INDICADO PARA USO HOSPITALAR - 5 litros | C39: 78.08 | D39: 0 | E39: =D39*C39 -> 0 | F39: 0 | G39: =F39*C39 -> 0 | I39: =H39*C39 -> 0 | K39: =J39*C39 -> 0 | M39: =L39*C39 -> 0 | O39: =N39*C39 -> 0 | Q39: =P39*C39 -> 0 | S39: =R39*C39 -> 0 | U39: =T39*C39 -> 0 | W39: =V39*C39 -> 0 | X39: 6 | Y39: =X39*C39 -> 468.48 | Z39: 2 | AA39: =Z39*C39 -> 156.16 | AB39: 2 | AC39: =AB39*C39 -> 156.16 | AD39: 4 | AE39: =AD39*C39 -> 312.32 | AF39: 3 | AG39: =AF39*C39 -> 234.24 | AH39: 4 | AI39: =C39*AH39 -> 312.32 | AJ39: 5 | AK39: =AJ39*C39 -> 390.4 | AM39: =AL39*C39 -> 0 | AO39: =AN39*C39 -> 0 | AQ39: =AP39*C39 -> 0 | AS39: =AR39*C39 -> 0 | AU39: =AT39*C39 -> 0 | AW39: =AV39*C39 -> 0 | AY39: =AX39*C39 -> 0 | BA39: =AZ39*C39 -> 0 | BC39: =BB39*E39 -> 0 | BE39: =BD39*G39 -> 0 | BG39: =BF39*BA39 -> 0 | BI39: =BH39*C39 -> 0 | BK39: =BJ39*C39 -> 0
A40: 33 | B40: Toalha de banho para limpeza de chão com medida minima de 120x65 cm | C40: 13.9 | D40: 3 | E40: =D40*C40 -> 41.7 | H40: 2 | J40: 3 | L40: 2 | N40: 3 | P40: 3 | R40: 3 | T40: 1 | V40: 1 | AM40: =AL40*C40 -> 0 | AO40: =AN40*C40 -> 0 | AQ40: =AP40*C40 -> 0 | AS40: =AR40*C40 -> 0 | AU40: =AT40*C40 -> 0 | AW40: =AV40*C40 -> 0 | AY40: =AX40*C40 -> 0 | BA40: =AZ40*C40 -> 0 | BC40: =BB40*E40 -> 0 | BF40: 2 | BI40: =BH40*C40 -> 0 | BK40: =BJ40*C40 -> 0
A41: 34 | B41: Alcool 70% - litro | C41: 6.84 | D41: 5 | E41: =D41*C41 -> 34.2 | F41: 5 | H41: 3 | J41: 5 | L41: 3 | N41: 5 | P41: 5 | R41: 5 | T41: 2 | V41: 2 | AM41: =AL41*C41 -> 0 | AO41: =AN41*C41 -> 0 | AQ41: =AP41*C41 -> 0 | AS41: =AR41*C41 -> 0 | AU41: =AT41*C41 -> 0 | AW41: =AV41*C41 -> 0 | AY41: =AX41*C41 -> 0 | BA41: =AZ41*C41 -> 0 | BC41: =BB41*E41 -> 0 | BF41: 4 | BI41: =BH41*C41 -> 0 | BK41: =BJ41*C41 -> 0
A42: 35 | B42: Alcool 92% - Litro | C42: 9.05 | D42: 5 | E42: =D42*C42 -> 45.25 | F42: 5 | H42: 3 | J42: 5 | L42: 3 | N42: 5 | P42: 5 | R42: 5 | T42: 2 | V42: 2 | AM42: =AL42*C42 -> 0 | AO42: =AN42*C42 -> 0 | AQ42: =AP42*C42 -> 0 | AS42: =AR42*C42 -> 0 | AU42: =AT42*C42 -> 0 | AW42: =AV42*C42 -> 0 | AY42: =AX42*C42 -> 0 | BA42: =AZ42*C42 -> 0 | BC42: =BB42*E42 -> 0 | BF42: 4 | BI42: =BH42*C42 -> 0 | BK42: =BJ42*C42 -> 0
C43: Total Mensal | E43: =SUM(E8:E42) -> 948.33 | G43: =SUM(G8:G39) -> 812.13 | I43: =SUM(I8:I39) -> 359.26 | K43: =SUM(K8:K39) -> 594.98 | M43: =SUM(M8:M39) -> 334.7 | O43: =SUM(O8:O39) -> 681.19 | Q43: =SUM(Q8:Q39) -> 659.68 | S43: =SUM(S8:S39) -> 583.85 | U43: =SUM(U8:U39) -> 145.69 | W43: =SUM(W8:W39) -> 444.7 | Y43: =SUM(Y8:Y39) -> 1790.28 | AA43: =SUM(AA8:AA39) -> 779.28 | AC43: =SUM(AC8:AC39) -> 784.91 | AE43: =SUM(AE8:AE39) -> 1805.18 | AG43: =SUM(AG8:AG39) -> 1118 | AI43: =SUM(AI8:AI39) -> 1658.66 | AK43: =SUM(AK8:AK39) -> 2558.62 | AM43: =SUM(AM8:AM42) -> 465.46 | AO43: =SUM(AO8:AO42) -> 609.99 | AQ43: =SUM(AQ8:AQ42) -> 549.38 | AS43: =SUM(AS8:AS42) -> 289.36 | AU43: =SUM(AU8:AU42) -> 432.38 | AW43: =SUM(AW8:AW42) -> 667.47 | AY43: =SUM(AY8:AY42) -> 440.43 | BA43: =SUM(BA8:BA42) -> 248.52 | BC43: =SUM(BC8:BC42) -> 442.73 | BE43: =SUM(BE8:BE39) -> 193.73 | BG43: =SUM(BG8:BG39) -> 431.86 | BI43: =SUM(BI8:BI39) -> 174.94 | BK43: =SUM(BK8:BK39) -> 161.13
B45: Quantidade Anual por local de limpeza
D46: =D5 -> Local 1 | F46: =F5 -> Local 2 | H46: =H5 -> Local 3 | J46: =J5 -> Local 4 | L46: =L5 -> Local 5 | N46: =N5 -> Local 6 | P46: =P5 -> Local 7 | R46: =R5 -> Local 8 | T46: =T5 -> Local 9 | V46: =V5 -> Local 10 | X46: =X5 -> Local 11 | Z46: =Z5 -> Local 12 | AB46: =AB5 -> Local 13 | AD46: =AD5 -> Local 14 | AF46: =AF5 -> Local 15 | AH46: =AH5 -> Local 16 | AJ46: =AJ5 -> Local 17 | AL46: =AL5 -> Local 18 | AN46: =AN5 -> Local 19 | AP46: =AP5 -> Local 20 | AR46: =AR5 -> Local 21 | AT46: =AT5 -> Local 22 | AV46: =AV5 -> Local 23 | AX46: =AX5 -> Local 24 | AZ46: =AZ5 -> Local 25 | BB46: =BB5 -> Local 26 | BD46: =BD5 -> Local 27 | BF46: =BF5 -> Local 28 | BH46: =BH5 -> Local 29 | BJ46: =BJ5 -> Local 30
D47: CEMEI Santa Clara | F47: CEMEI Raio Sol | H47: Esc. Olavo Bilac | J47: Esc. S. Cristóvão | L47: Esc. José Bonif. | N47: Esc. Leôncio Correia | P47: Esc. Tancredo Neves | R47: =R6 -> Pré-Escola S. F. Assis | T47: =T6 -> Biblioteca | V47: Biblioteca e CAMU | X47: Centro Espec | Z47: UBS B Vista | AB47: UBS Nova União | AD47: Posto Central | AF47: =AF6 -> Clinica de fisioterapia | AH47: UBS Bairro União | AJ47: Sede Adm. Saúde | AL47: Paço Munic | AN47: CRAS | AP47: Sede Agric. | AR47: Sec Des. Ecom. | AT47: Sec Viação e Obras | AV47: C E Ivar Ranzi | AX47: Gin. A C Picinato | AZ47: =AZ6 -> Cons. Tutelar | BB47: =BB6 -> Centro comunitário São Lucas/CRAS | BD47: =BD6 -> Sec Assistencia Social | BF47: =BF6 -> CEMEI Arco Iris | BH47: =BH6 -> Destacamento da Policia Militar | BJ47: =BJ6 -> Emater
C48: Valor Unitário | D48: Qtde | E48: R$ Total | F48: Qtde | G48: R$ Total | H48: Qtde | I48: R$ Total | J48: Qtde | K48: R$ Total | L48: Qtde | M48: R$ Total | N48: Qtde | O48: R$ Total | P48: Qtde | Q48: R$ Total | R48: Qtde | S48: R$ Total | T48: Qtde | U48: R$ Total | V48: Qtde | W48: R$ Total | X48: Qtde | Y48: R$ Total | Z48: Qtde | AA48: R$ Total | AB48: Qtde | AC48: R$ Total | AD48: Qtde | AE48: R$ Total | AF48: Qtde | AG48: R$ Total | AH48: Qtde | AI48: R$ Total | AJ48: Qtde | AK48: R$ Total | AL48: Qtde | AM48: R$ Total | AN48: Qtde | AO48: R$ Total | AP48: Qtde | AQ48: R$ Total | AR48: Qtde | AS48: R$ Total | AT48: Qtde | AU48: R$ Total | AV48: Qtde | AW48: R$ Total | AX48: Qtde | AY48: R$ Total | AZ48: Qtde | BA48: R$ Total | BB48: Qtde | BC48: R$ Total | BD48: Qtde | BE48: R$ Total | BF48: Qtde | BG48: R$ Total | BH48: Qtde | BI48: R$ Total | BJ48: Qtde | BK48: R$ Total
A49: 1 | B49: Vassoura de palha - unidade | C49: 23.26 | D49: 24 | E49: =C49*D49 -> 558.24 | F49: 24 | G49: =C49*F49 -> 558.24 | H49: 12 | I49: =C49*H49 -> 279.12 | J49: 24 | K49: =C49*J49 -> 558.24 | L49: 12 | M49: =C49*L49 -> 279.12 | N49: 36 | O49: =N49*C49 -> 837.36 | P49: 36 | Q49: =P49*C49 -> 837.36 | R49: 24 | S49: =R49*C49 -> 558.24 | T49: 6 | U49: =T49*C49 -> 139.56 | V49: 24 | W49: =V49*C49 -> 558.24 | Y49: =X49*C49 -> 0 | AA49: =Z49*C49 -> 0 | AC49: =AB49*C49 -> 0 | AE49: =AD49*C49 -> 0 | AF49: 0 | AG49: =AF49*C49 -> 0 | AI49: =AH49*C49 -> 0 | AK49: =AJ49*C49 -> 0 | AL49: 2 | AM49: =AL49*C49 -> 46.52 | AN49: 4 | AO49: =AN49*C49 -> 93.04 | AP49: 6 | AQ49: =AP49*C49 -> 139.56 | AR49: 1 | AS49: =AR49*C49 -> 23.26 | AT49: 8 | AU49: =AT49*C49 -> 186.08 | AV49: 14 | AW49: =AV49*C49 -> 325.64 | AX49: 10 | AY49: =AX49*C49 -> 232.6 | AZ49: 2 | BA49: =AZ49*C49 -> 46.52 | BB49: 4 | BC49: =BB49*C49 -> 93.04 | BD49: 2 | BE49: =BD49*C49 -> 46.52 | BF49: 24 | BG49: =BF49*C49 -> 558.24 | BH49: 2 | BI49: =BH49*C49 -> 46.52 | BJ49: 2 | BK49: =BJ49*C49 -> 46.52
A50: 2 | B50: Vassoura de Naylon - unidade | C50: 7.58 | D50: 12 | E50: =C50*D50 -> 90.96 | F50: 12 | G50: =C50*F50 -> 90.96 | H50: 12 | I50: =C50*H50 -> 90.96 | J50: 12 | K50: =C50*J50 -> 90.96 | L50: 12 | M50: =C50*L50 -> 90.96 | N50: 12 | O50: =N50*C50 -> 90.96 | P50: 12 | Q50: =P50*C50 -> 90.96 | R50: 12 | S50: =R50*C50 -> 90.96 | T50: 4 | U50: =T50*C50 -> 30.32 | V50: 12 | W50: =V50*C50 -> 90.96 | Y50: =X50*C50 -> 0 | AA50: =Z50*C50 -> 0 | AC50: =AB50*C50 -> 0 | AE50: =AD50*C50 -> 0 | AF50: 0 | AG50: =AF50*C50 -> 0 | AI50: =AH50*C50 -> 0 | AK50: =AJ50*C50 -> 0 | AL50: 4 | AM50: =AL50*C50 -> 30.32 | AN50: 4 | AO50: =AN50*C50 -> 30.32 | AP50: 3 | AQ50: =AP50*C50 -> 22.74 | AR50: 2 | AS50: =AR50*C50 -> 15.16 | AT50: 8 | AU50: =AT50*C50 -> 60.64 | AV50: 4 | AW50: =AV50*C50 -> 30.32 | AX50: 4 | AY50: =AX50*C50 -> 30.32 | AZ50: 2 | BA50: =AZ50*C50 -> 15.16 | BB50: 4 | BC50: =BB50*C50 -> 30.32 | BD50: 2 | BE50: =BD50*C50 -> 15.16 | BF50: 12 | BG50: =BF50*C50 -> 90.96 | BH50: 2 | BI50: =BH50*C50 -> 15.16 | BJ50: 2 | BK50: =BJ50*C50 -> 15.16
A51: 3 | B51: Rodo de madeira médio – 40 cm -unida | C51: 12.35 | D51: 12 | E51: =C51*D51 -> 148.2 | F51: 12 | G51: =C51*F51 -> 148.2 | H51: 6 | I51: =C51*H51 -> 74.1 | J51: 24 | K51: =C51*J51 -> 296.4 | L51: 6 | M51: =C51*L51 -> 74.1 | N51: 24 | O51: =N51*C51 -> 296.4 | P51: 24 | Q51: =P51*C51 -> 296.4 | R51: 24 | S51: =R51*C51 -> 296.4 | T51: 6 | U51: =T51*C51 -> 74.1 | V51: 24 | W51: =V51*C51 -> 296.4 | Y51: =X51*C51 -> 0 | AA51: =Z51*C51 -> 0 | AC51: =AB51*C51 -> 0 | AE51: =AD51*C51 -> 0 | AF51: 0 | AG51: =AF51*C51 -> 0 | AI51: =AH51*C51 -> 0 | AK51: =AJ51*C51 -> 0 | AL51: 4 | AM51: =AL51*C51 -> 49.4 | AN51: 2 | AO51: =AN51*C51 -> 24.7 | AP51: 5 | AQ51: =AP51*C51 -> 61.75 | AR51: 1 | AS51: =AR51*C51 -> 12.35 | AT51: 6 | AU51: =AT51*C51 -> 74.1 | AV51: 10 | AW51: =AV51*C51 -> 123.5 | AX51: 6 | AY51: =AX51*C51 -> 74.1 | AZ51: 2 | BA51: =AZ51*C51 -> 24.7 | BB51: 2 | BC51: =BB51*C51 -> 24.7 | BD51: 2 | BE51: =BD51*C51 -> 24.7 | BF51: 24 | BG51: =BF51*C51 -> 296.4 | BH51: 4 | BI51: =BH51*C51 -> 49.4 | BJ51: 4 | BK51: =BJ51*C51 -> 49.4
A52: 4 | B52: Rodo de madeira grande – 80 cm -unida | C52: 29.66 | D52: 12 | E52: =C52*D52 -> 355.92 | F52: 12 | G52: =C52*F52 -> 355.92 | H52: 6 | I52: =C52*H52 -> 177.96 | J52: 12 | K52: =C52*J52 -> 355.92 | L52: 6 | M52: =C52*L52 -> 177.96 | N52: 24 | O52: =N52*C52 -> 711.84 | P52: 12 | Q52: =P52*C52 -> 355.92 | R52: 12 | S52: =R52*C52 -> 355.92 | T52: 4 | U52: =T52*C52 -> 118.64 | V52: 12 | W52: =V52*C52 -> 355.92 | Y52: =X52*C52 -> 0 | AA52: =Z52*C52 -> 0 | AC52: =AB52*C52 -> 0 | AE52: =AD52*C52 -> 0 | AF52: 0 | AG52: =AF52*C52 -> 0 | AI52: =AH52*C52 -> 0 | AK52: =AJ52*C52 -> 0 | AL52: 0 | AM52: =AL52*C52 -> 0 | AN52: 6 | AO52: =AN52*C52 -> 177.96 | AP52: 2 | AQ52: =AP52*C52 -> 59.32 | AR52: 1 | AS52: =AR52*C52 -> 29.66 | AT52: 3 | AU52: =AT52*C52 -> 88.98 | AV52: 4 | AW52: =AV52*C52 -> 118.64 | AX52: 4 | AY52: =AX52*C52 -> 118.64 | AZ52: 2 | BA52: =AZ52*C52 -> 59.32 | BB52: 6 | BC52: =BB52*C52 -> 177.96 | BD52: 6 | BE52: =BD52*C52 -> 177.96 | BF52: 12 | BG52: =BF52*C52 -> 355.92 | BH52: 0 | BI52: =BH52*C52 -> 0 | BJ52: 0 | BK52: =BJ52*C52 -> 0
A53: 5 | B53: Pás de lixo - unidade | C53: 5.87 | D53: 2 | E53: =C53*D53 -> 11.74 | F53: 2 | G53: =C53*F53 -> 11.74 | H53: 2 | I53: =C53*H53 -> 11.74 | J53: 2 | K53: =C53*J53 -> 11.74 | L53: 2 | M53: =C53*L53 -> 11.74 | N53: 2 | O53: =N53*C53 -> 11.74 | P53: 2 | Q53: =P53*C53 -> 11.74 | R53: 2 | S53: =R53*C53 -> 11.74 | T53: 2 | U53: =T53*C53 -> 11.74 | V53: 2 | W53: =V53*C53 -> 11.74 | X53: 2 | Y53: =X53*C53 -> 11.74 | Z53: 2 | AA53: =Z53*C53 -> 11.74 | AB53: 2 | AC53: =AB53*C53 -> 11.74 | AD53: 4 | AE53: =AD53*C53 -> 23.48 | AF53: 2 | AG53: =AF53*C53 -> 11.74 | AH53: 4 | AI53: =AH53*C53 -> 23.48 | AJ53: 5 | AK53: =AJ53*C53 -> 29.35 | AL53: 1 | AM53: =AL53*C53 -> 5.87 | AN53: 2 | AO53: =AN53*C53 -> 11.74 | AP53: 2 | AQ53: =AP53*C53 -> 11.74 | AR53: 2 | AS53: =AR53*C53 -> 11.74 | AT53: 2 | AU53: =AT53*C53 -> 11.74 | AV53: 4 | AW53: =AV53*C53 -> 23.48 | AX53: 6 | AY53: =AX53*C53 -> 35.22 | AZ53: 2 | BA53: =AZ53*C53 -> 11.74 | BB53: 2 | BC53: =BB53*C53 -> 11.74 | BD53: 2 | BE53: =BD53*C53 -> 11.74 | BF53: 2 | BG53: =BF53*C53 -> 11.74 | BH53: 2 | BI53: =BH53*C53 -> 11.74 | BJ53: 2 | BK53: =BJ53*C53 -> 11.74
A54: 6 | B54: Baldes 10 litros - unidade | C54: 13.11 | D54: 4 | E54: =C54*D54 -> 52.44 | F54: 4 | G54: =C54*F54 -> 52.44 | H54: 4 | I54: =C54*H54 -> 52.44 | J54: 4 | K54: =C54*J54 -> 52.44 | L54: 4 | M54: =C54*L54 -> 52.44 | N54: 4 | O54: =N54*C54 -> 52.44 | P54: 4 | Q54: =P54*C54 -> 52.44 | R54: 4 | S54: =R54*C54 -> 52.44 | T54: 2 | U54: =T54*C54 -> 26.22 | V54: 4 | W54: =V54*C54 -> 52.44 | X54: 6 | Y54: =X54*C54 -> 78.66 | Z54: 4 | AA54: =Z54*C54 -> 52.44 | AB54: 8 | AC54: =AB54*C54 -> 104.88 | AD54: 16 | AE54: =AD54*C54 -> 209.76 | AF54: 2 | AG54: =AF54*C54 -> 26.22 | AH54: 16 | AI54: =AH54*C54 -> 209.76 | AJ54: 10 | AK54: =AJ54*C54 -> 131.1 | AL54: 4 | AM54: =AL54*C54 -> 52.44 | AN54: 2 | AO54: =AN54*C54 -> 26.22 | AP54: 2 | AQ54: =AP54*C54 -> 26.22 | AR54: 1 | AS54: =AR54*C54 -> 13.11 | AT54: 2 | AU54: =AT54*C54 -> 26.22 | AV54: 6 | AW54: =AV54*C54 -> 78.66 | AX54: 2 | AY54: =AX54*C54 -> 26.22 | AZ54: 2 | BA54: =AZ54*C54 -> 26.22 | BB54: 2 | BC54: =BB54*C54 -> 26.22 | BD54: 2 | BE54: =BD54*C54 -> 26.22 | BF54: 4 | BG54: =BF54*C54 -> 52.44 | BH54: 2 | BI54: =BH54*C54 -> 26.22 | BJ54: 2 | BK54: =BJ54*C54 -> 26.22
A55: 7 | B55: Escova plástica de lavar roupa - unidade | C55: 3.19 | D55: 2 | E55: =C55*D55 -> 6.38 | F55: 2 | G55: =C55*F55 -> 6.38 | H55: 2 | I55: =C55*H55 -> 6.38 | J55: 2 | K55: =C55*J55 -> 6.38 | L55: 2 | M55: =C55*L55 -> 6.38 | N55: 2 | O55: =N55*C55 -> 6.38 | P55: 2 | Q55: =P55*C55 -> 6.38 | R55: 2 | S55: =R55*C55 -> 6.38 | T55: 2 | U55: =T55*C55 -> 6.38 | V55: 2 | W55: =V55*C55 -> 6.38 | X55: 7 | Y55: =X55*C55 -> 22.33 | Z55: 6 | AA55: =Z55*C55 -> 19.14 | AB55: 12 | AC55: =AB55*C55 -> 38.28 | AD55: 24 | AE55: =AD55*C55 -> 76.56 | AF55: 10 | AG55: =AF55*C55 -> 31.9 | AH55: 24 | AI55: =AH55*C55 -> 76.56 | AJ55: 7 | AK55: =AJ55*C55 -> 22.33 | AL55: 2 | AM55: =AL55*C55 -> 6.38 | AN55: 2 | AO55: =AN55*C55 -> 6.38 | AP55: 3 | AQ55: =AP55*C55 -> 9.57 | AR55: 2 | AS55: =AR55*C55 -> 6.38 | AT55: 3 | AU55: =AT55*C55 -> 9.57 | AV55: 2 | AW55: =AV55*C55 -> 6.38 | AX55: 5 | AY55: =AX55*C55 -> 15.95 | AZ55: 2 | BA55: =AZ55*C55 -> 6.38 | BB55: 2 | BC55: =BB55*C55 -> 6.38 | BD55: 2 | BE55: =BD55*C55 -> 6.38 | BF55: 2 | BG55: =BF55*C55 -> 6.38 | BH55: 4 | BI55: =BH55*C55 -> 12.76 | BJ55: 4 | BK55: =BJ55*C55 -> 12.76
A56: 8 | B56: Rodo tipo esfregão (scotbrit) - unidade | C56: 14.34 | D56: 0 | E56: =C56*D56 -> 0 | F56: 24 | G56: =C56*F56 -> 344.16 | H56: 24 | I56: =C56*H56 -> 344.16 | J56: 36 | K56: =C56*J56 -> 516.24 | L56: 24 | M56: =C56*L56 -> 344.16 | N56: 36 | O56: =N56*C56 -> 516.24 | P56: 36 | Q56: =P56*C56 -> 516.24 | R56: 24 | S56: =R56*C56 -> 344.16 | T56: 6 | U56: =T56*C56 -> 86.04 | V56: 24 | W56: =V56*C56 -> 344.16 | Y56: =X56*C56 -> 0 | AA56: =Z56*C56 -> 0 | AC56: =AB56*C56 -> 0 | AE56: =AD56*C56 -> 0 | AG56: =AF56*C56 -> 0 | AI56: =AH56*C56 -> 0 | AK56: =AJ56*C56 -> 0 | AL56: 2 | AM56: =AL56*C56 -> 28.68 | AN56: 10 | AO56: =AN56*C56 -> 143.4 | AP56: 10 | AQ56: =AP56*C56 -> 143.4 | AR56: 2 | AS56: =AR56*C56 -> 28.68 | AT56: 5 | AU56: =AT56*C56 -> 71.7 | AV56: 15 | AW56: =AV56*C56 -> 215.1 | AX56: 4 | AY56: =AX56*C56 -> 57.36 | AZ56: 2 | BA56: =AZ56*C56 -> 28.68 | BB56: 10 | BC56: =BB56*E56 -> 0 | BD56: 10 | BE56: =BD56*C56 -> 143.4 | BF56: 24 | BG56: =BF56*C56 -> 344.16 | BH56: 2 | BI56: =BH56*C56 -> 28.68 | BJ56: 2 | BK56: =BJ56*C56 -> 28.68
A57: 9 | B57: Rodo de espuma - unidade | C57: 13.5 | D57: 0 | E57: =C57*D57 -> 0 | F57: 12 | G57: =C57*F57 -> 162 | H57: 12 | I57: =C57*H57 -> 162 | J57: 12 | K57: =C57*J57 -> 162 | L57: 12 | M57: =C57*L57 -> 162 | N57: 24 | O57: =N57*C57 -> 324 | P57: 12 | Q57: =P57*C57 -> 162 | R57: 12 | S57: =R57*C57 -> 162 | T57: 4 | U57: =T57*C57 -> 54 | V57: 12 | W57: =V57*C57 -> 162 | Y57: =X57*C57 -> 0 | AA57: =Z57*C57 -> 0 | AC57: =AB57*C57 -> 0 | AE57: =AD57*C57 -> 0 | AG57: =AF57*C57 -> 0 | AI57: =AH57*C57 -> 0 | AK57: =AJ57*C57 -> 0 | AL57: 2 | AM57: =AL57*C57 -> 27 | AN57: 4 | AO57: =AN57*C57 -> 54 | AP57: 5 | AQ57: =AP57*C57 -> 67.5 | AR57: 1 | AS57: =AR57*C57 -> 13.5 | AT57: 2 | AU57: =AT57*C57 -> 27 | AV57: 6 | AW57: =AV57*C57 -> 81 | AX57: 0 | AY57: =AX57*C57 -> 0 | AZ57: 2 | BA57: =AZ57*C57 -> 27 | BB57: 2 | BC57: =BB57*E57 -> 0 | BD57: 4 | BE57: =BD57*C57 -> 54 | BF57: 12 | BG57: =BF57*C57 -> 162 | BH57: 2 | BI57: =BH57*C57 -> 27 | BJ57: 2 | BK57: =BJ57*C57 -> 27
A58: 10 | B58: Limpador Químico - Ref. Quimibos - dot limp - 5 litro | C58: 51.09 | D58: 0 | E58: =C58*D58 -> 0 | F58: 10 | G58: =C58*F58 -> 510.9 | H58: 6 | I58: =C58*H58 -> 306.54 | J58: 10 | K58: =C58*J58 -> 510.9 | L58: 6 | M58: =C58*L58 -> 306.54 | N58: 10 | O58: =N58*C58 -> 510.9 | P58: 10 | Q58: =P58*C58 -> 510.9 | R58: 8 | S58: =R58*C58 -> 408.72 | T58: 4 | U58: =T58*C58 -> 204.36 | V58: 12 | W58: =V58*C58 -> 613.08 | X58: 5 | Y58: =X58*C58 -> 255.45 | Z58: 2 | AA58: =Z58*C58 -> 102.18 | AB58: 2 | AC58: =AB58*C58 -> 102.18 | AD58: 4 | AE58: =AD58*C58 -> 204.36 | AF58: 5 | AG58: =AF58*C58 -> 255.45 | AH58: 4 | AI58: =AH58*C58 -> 204.36 | AJ58: 5 | AK58: =AJ58*C58 -> 255.45 | AL58: 0 | AM58: =AL58*C58 -> 0 | AO58: =AN58*C58 -> 0 | AP58: 6 | AQ58: =AP58*C58 -> 306.54 | AR58: 2 | AS58: =AR58*C58 -> 102.18 | AT58: 3 | AU58: =AT58*C58 -> 153.27 | AW58: =AV58*C58 -> 0 | AX58: 0 | AY58: =AX58*C58 -> 0 | BA58: =AZ58*C58 -> 0 | BC58: =BB58*E58 -> 0 | BE58: =BD58*G58 -> 0 | BF58: 8 | BG58: =BF58*C58 -> 408.72 | BH58: 0 | BI58: =BH58*C58 -> 0 | BJ58: 0 | BK58: =BJ58*C58 -> 0
A59: 11 | B59: Vassoura de Naylon - COM CABO DE ALUMINIO - unid. | C59: 36.26 | E59: =C59*D59 -> 0 | G59: =C59*F59 -> 0 | I59: =C59*H59 -> 0 | K59: =C59*J59 -> 0 | M59: =C59*L59 -> 0 | O59: =N59*C59 -> 0 | Q59: =P59*C59 -> 0 | S59: =R59*C59 -> 0 | U59: =T59*C59 -> 0 | W59: =V59*C59 -> 0 | X59: 10 | Y59: =X59*C59 -> 362.6 | Z59: 6 | AA59: =Z59*C59 -> 217.56 | AB59: 12 | AC59: =AB59*C59 -> 435.12 | AD59: 24 | AE59: =AD59*C59 -> 870.24 | AF59: 12 | AG59: =AF59*C59 -> 435.12 | AH59: 24 | AI59: =AH59*C59 -> 870.24 | AJ59: 12 | AK59: =AJ59*C59 -> 435.12 | AM59: =AL59*C59 -> 0 | AO59: =AN59*C59 -> 0 | AQ59: =AP59*C59 -> 0 | AS59: =AR59*C59 -> 0 | AU59: =AT59*C59 -> 0 | AW59: =AV59*C59 -> 0 | AY59: =AX59*C59 -> 0 | BA59: =AZ59*C59 -> 0 | BC59: =BB59*E59 -> 0 | BE59: =BD59*G59 -> 0 | BI59: =BH59*C59 -> 0 | BK59: =BJ59*C59 -> 0
A60: 12 | B60: Rodo médio – 40 cm - COM CABO DE ALUMINIO -unid. | C60: 82.24 | E60: =C60*D60 -> 0 | G60: =C60*F60 -> 0 | I60: =C60*H60 -> 0 | K60: =C60*J60 -> 0 | M60: =C60*L60 -> 0 | O60: =N60*C60 -> 0 | Q60: =P60*C60 -> 0 | S60: =R60*C60 -> 0 | U60: =T60*C60 -> 0 | W60: =V60*C60 -> 0 | X60: 10 | Y60: =X60*C60 -> 822.4 | Z60: 6 | AA60: =Z60*C60 -> 493.44 | AB60: 12 | AC60: =AB60*C60 -> 986.88 | AD60: 24 | AE60: =AD60*C60 -> 1973.76 | AF60: 12 | AG60: =AF60*C60 -> 986.88 | AH60: 24 | AI60: =AH60*C60 -> 1973.76 | AJ60: 8 | AK60: =AJ60*C60 -> 657.92 | AM60: =AL60*C60 -> 0 | AN60: 4 | AO60: =AN60*C60 -> 328.96 | AQ60: =AP60*C60 -> 0 | AR60: 2 | AS60: =AR60*C60 -> 164.48 | AU60: =AT60*C60 -> 0 | AW60: =AV60*C60 -> 0 | AY60: =AX60*C60 -> 0 | BA60: =AZ60*C60 -> 0 | BB60: 2 | BC60: =BB60*E60 -> 0 | BE60: =BD60*G60 -> 0 | BI60: =BH60*C60 -> 0 | BK60: =BJ60*C60 -> 0
A61: 13 | B61: Rodo grande – 60 cm -- COM CABO DE ALUMINIO -unid. | C61: 93.88 | E61: =C61*D61 -> 0 | G61: =C61*F61 -> 0 | I61: =C61*H61 -> 0 | K61: =C61*J61 -> 0 | M61: =C61*L61 -> 0 | O61: =N61*C61 -> 0 | Q61: =P61*C61 -> 0 | S61: =R61*C61 -> 0 | U61: =T61*C61 -> 0 | W61: =V61*C61 -> 0 | X61: 8 | Y61: =X61*C61 -> 751.04 | Z61: 3 | AA61: =Z61*C61 -> 281.64 | AB61: 6 | AC61: =AB61*C61 -> 563.28 | AD61: 12 | AE61: =AD61*C61 -> 1126.56 | AF61: 6 | AG61: =AF61*C61 -> 563.28 | AH61: 12 | AI61: =AH61*C61 -> 1126.56 | AJ61: 4 | AK61: =AJ61*C61 -> 375.52 | AM61: =AL61*C61 -> 0 | AO61: =AN61*C61 -> 0 | AQ61: =AP61*C61 -> 0 | AR61: 1 | AS61: =AR61*C61 -> 93.88 | AU61: =AT61*C61 -> 0 | AW61: =AV61*C61 -> 0 | AY61: =AX61*C61 -> 0 | BA61: =AZ61*C61 -> 0 | BC61: =BB61*E61 -> 0 | BE61: =BD61*G61 -> 0 | BI61: =BH61*C61 -> 0 | BK61: =BJ61*C61 -> 0
A62: 14 | B62: Rodo tipo esfregão (scotbrit) - COM CABO DE ALUMINIO - Unid. | C62: 39.88 | E62: =C62*D62 -> 0 | G62: =C62*F62 -> 0 | I62: =C62*H62 -> 0 | K62: =C62*J62 -> 0 | M62: =C62*L62 -> 0 | O62: =N62*C62 -> 0 | Q62: =P62*C62 -> 0 | S62: =R62*C62 -> 0 | U62: =T62*C62 -> 0 | W62: =V62*C62 -> 0 | X62: 24 | Y62: =X62*C62 -> 957.12 | Z62: 24 | AA62: =Z62*C62 -> 957.12 | AB62: 24 | AC62: =AB62*C62 -> 957.12 | AD62: 48 | AE62: =AD62*C62 -> 1914.24 | AF62: 12 | AG62: =AF62*C62 -> 478.56 | AH62: 48 | AI62: =AH62*C62 -> 1914.24 | AJ62: 24 | AK62: =AJ62*C62 -> 957.12 | AM62: =AL62*C62 -> 0 | AN62: 4 | AO62: =AN62*C62 -> 159.52 | AQ62: =AP62*C62 -> 0 | AR62: 1 | AS62: =AR62*C62 -> 39.88 | AU62: =AT62*C62 -> 0 | AW62: =AV62*C62 -> 0 | AY62: =AX62*C62 -> 0 | BA62: =AZ62*C62 -> 0 | BB62: 4 | BC62: =BB62*E62 -> 0 | BD62: 2 | BE62: =BD62*G62 -> 0 | BI62: =BH62*C62 -> 0 | BK62: =BJ62*C62 -> 0
A63: 15 | B63: Rodo de espuma - - COM CABO DE ALUMINIO - unid. | C63: 34.77 | E63: =C63*D63 -> 0 | G63: =C63*F63 -> 0 | I63: =C63*H63 -> 0 | K63: =C63*J63 -> 0 | M63: =C63*L63 -> 0 | O63: =N63*C63 -> 0 | Q63: =P63*C63 -> 0 | S63: =R63*C63 -> 0 | U63: =T63*C63 -> 0 | W63: =V63*C63 -> 0 | X63: 12 | Y63: =X63*C63 -> 417.24 | Z63: 12 | AA63: =Z63*C63 -> 417.24 | AB63: 12 | AC63: =AB63*C63 -> 417.24 | AD63: 24 | AE63: =AD63*C63 -> 834.48 | AF63: 12 | AG63: =AF63*C63 -> 417.24 | AH63: 24 | AI63: =AH63*C63 -> 834.48 | AJ63: 24 | AK63: =AJ63*C63 -> 834.48 | AM63: =AL63*C63 -> 0 | AO63: =AN63*C63 -> 0 | AQ63: =AP63*C63 -> 0 | AR63: 1 | AS63: =AR63*C63 -> 34.77 | AU63: =AT63*C63 -> 0 | AW63: =AV63*C63 -> 0 | AY63: =AX63*C63 -> 0 | BA63: =AZ63*C63 -> 0 | BC63: =BB63*E63 -> 0 | BE63: =BD63*G63 -> 0 | BI63: =BH63*C63 -> 0 | BK63: =BJ63*C63 -> 0
C64: Total Anual | E64: =SUM(E49:E63) -> 1223.88 | G64: =SUM(G49:G63) -> 2240.94 | I64: =SUM(I49:I63) -> 1505.4 | K64: =SUM(K49:K63) -> 2561.22 | M64: =SUM(M49:M63) -> 1505.4 | O64: =SUM(O49:O63) -> 3358.26 | Q64: =SUM(Q49:Q63) -> 2840.34 | S64: =SUM(S49:S63) -> 2286.96 | U64: =SUM(U49:U63) -> 751.36 | W64: =SUM(W49:W63) -> 2491.32 | Y64: =SUM(Y49:Y63) -> 3678.58 | AA64: =SUM(AA49:AA63) -> 2552.5 | AC64: =SUM(AC49:AC63) -> 3616.72 | AE64: =SUM(AE49:AE63) -> 7233.44 | AG64: =SUM(AG49:AG63) -> 3206.39 | AI64: =SUM(AI49:AI63) -> 7233.44 | AK64: =SUM(AK49:AK63) -> 3698.39 | AM64: =SUM(AM49:AM63) -> 246.61 | AO64: =SUM(AO49:AO63) -> 1056.24 | AQ64: =SUM(AQ49:AQ63) -> 848.34 | AS64: =SUM(AS49:AS63) -> 589.03 | AU64: =SUM(AU49:AU63) -> 709.3 | AW64: =SUM(AW49:AW63) -> 1002.72 | AY64: =SUM(AY49:AY63) -> 590.41 | BA64: =SUM(BA49:BA63) -> 245.72 | BC64: =SUM(BC49:BC63) -> 370.36 | BE64: =SUM(BE49:BE63) -> 506.08 | BG64: =SUM(BG49:BG63) -> 2286.96 | BI64: =SUM(BI49:BI63) -> 217.48 | BK64: =SUM(BK49:BK63) -> 217.48
C65: Custo Mensal (T. A /12) | E65: =E64/12 -> 101.99 | G65: =G64/12 -> 186.745 | I65: =I64/12 -> 125.45 | K65: =K64/12 -> 213.435 | M65: =M64/12 -> 125.45 | O65: =O64/12 -> 279.855 | Q65: =Q64/12 -> 236.695 | S65: =S64/12 -> 190.58 | U65: =U64/12 -> 62.613333 | W65: =W64/12 -> 207.61 | Y65: =Y64/12 -> 306.54833 | AA65: =AA64/12 -> 212.70833 | AC65: =AC64/12 -> 301.39333 | AE65: =AE64/12 -> 602.78667 | AG65: =AG64/12 -> 267.19917 | AI65: =AI64/12 -> 602.78667 | AK65: =AK64/12 -> 308.19917 | AM65: =AM64/12 -> 20.550833 | AO65: =AO64/12 -> 88.02 | AQ65: =AQ64/12 -> 70.695 | AS65: =AS64/12 -> 49.085833 | AU65: =AU64/12 -> 59.108333 | AW65: =AW64/12 -> 83.56 | AY65: =AY64/12 -> 49.200833 | BA65: =BA64/12 -> 20.476667 | BC65: =BC64/12 -> 30.863333 | BE65: =BE64/12 -> 42.173333 | BG65: =BG64/12 -> 190.58 | BI65: =BI64/12 -> 18.123333 | BK65: =BK64/12 -> 18.123333
B69: Uniformes e EPI estimado anual por local de trabalho
D70: =D46 -> Local 1 | F70: =F46 -> Local 2 | H70: =H46 -> Local 3 | J70: =J46 -> Local 4 | L70: =L46 -> Local 5 | N70: =N46 -> Local 6 | P70: =P46 -> Local 7 | R70: =R46 -> Local 8 | T70: =T46 -> Local 9 | V70: =V46 -> Local 10 | X70: =X46 -> Local 11 | Z70: =Z46 -> Local 12 | AB70: =AB46 -> Local 13 | AD70: =AD46 -> Local 14 | AF70: =AF46 -> Local 15 | AH70: =AH46 -> Local 16 | AJ70: =AJ46 -> Local 17 | AL70: =AL46 -> Local 18 | AN70: =AN46 -> Local 19 | AP70: =AP46 -> Local 20 | AR70: =AR46 -> Local 21 | AT70: =AT46 -> Local 22 | AV70: =AV46 -> Local 23 | AX70: =AX46 -> Local 24 | AZ70: =AZ46 -> Local 25 | BB70: =BB46 -> Local 26 | BD70: =BD46 -> Local 27 | BF70: =BF46 -> Local 28 | BH70: =BH46 -> Local 29 | BJ70: =BJ46 -> Local 30
D71: =D47 -> CEMEI Santa Clara | F71: =F47 -> CEMEI Raio Sol | H71: =H47 -> Esc. Olavo Bilac | J71: =J47 -> Esc. S. Cristóvão | L71: =L47 -> Esc. José Bonif. | N71: =N47 -> Esc. Leôncio Correia | P71: =P47 -> Esc. Tancredo Neves | R71: =R47 -> Pré-Escola S. F. Assis | T71: =T47 -> Biblioteca | V71: =V6 -> CAMU e Almoxarifado | X71: =X47 -> Centro Espec | Z71: =Z47 -> UBS B Vista | AB71: =AB47 -> UBS Nova União | AD71: =AD47 -> Posto Central | AF71: =AF47 -> Clinica de fisioterapia | AH71: =AH47 -> UBS Bairro União | AJ71: =AJ47 -> Sede Adm. Saúde | AL71: =AL47 -> Paço Munic | AN71: =AN47 -> CRAS | AP71: =AP47 -> Sede Agric. | AR71: =AR47 -> Sec Des. Ecom. | AT71: =AT47 -> Sec Viação e Obras | AV71: =AV47 -> C E Ivar Ranzi | AX71: =AX47 -> Gin. A C Picinato | AZ71: =AZ47 -> Cons. Tutelar | BB71: =BB47 -> Centro comunitário São Lucas/CRAS | BD71: =BD47 -> Sec Assistencia Social | BF71: =BF47 -> CEMEI Arco Iris | BH71: =BH47 -> Destacamento da Policia Militar | BJ71: =BJ47 -> Emater
C72: Valor Unitário | D72: Qtde | E72: R$ Total | F72: Qtde | G72: R$ Total | H72: Qtde | I72: R$ Total | J72: Qtde | K72: R$ Total | L72: Qtde | M72: R$ Total | N72: Qtde | O72: R$ Total | P72: Qtde | Q72: R$ Total | R72: Qtde | S72: R$ Total | T72: Qtde | U72: R$ Total | V72: Qtde | W72: R$ Total | X72: Qtde | Y72: R$ Total | Z72: Qtde | AA72: R$ Total | AB72: Qtde | AC72: R$ Total | AD72: Qtde | AE72: R$ Total | AF72: Qtde | AG72: R$ Total | AH72: Qtde | AI72: R$ Total | AJ72: Qtde | AK72: R$ Total | AL72: Qtde | AM72: R$ Total | AN72: Qtde | AO72: R$ Total | AP72: Qtde | AQ72: R$ Total | AR72: Qtde | AS72: R$ Total | AT72: Qtde | AU72: R$ Total | AV72: Qtde | AW72: R$ Total | AX72: Qtde | AY72: R$ Total | AZ72: Qtde | BA72: R$ Total | BB72: Qtde | BC72: R$ Total | BD72: Qtde | BE72: R$ Total | BF72: Qtde | BG72: R$ Total | BH72: Qtde | BI72: R$ Total | BJ72: Qtde | BK72: R$ Total
A73: 1 | B73: Conjunto uniforme (Calça e Camisa/camiseta) (4 conjuntos ano por trabralhador) | C73: 99.35 | D73: 16 | E73: =C73*D73 -> 1589.6 | F73: 12 | G73: =C73*F73 -> 1192.2 | H73: 12 | I73: =C73*H73 -> 1192.2 | J73: 12 | K73: =C73*J73 -> 1192.2 | L73: 8 | M73: =C73*L73 -> 794.8 | N73: 20 | O73: =N73*C73 -> 1987 | P73: 12 | Q73: =P73*C73 -> 1192.2 | R73: 4 | S73: =R73*C73 -> 397.4 | T73: 4 | U73: =T73*C73 -> 397.4 | V73: 4 | W73: =V73*C73 -> 397.4 | X73: 8 | Y73: =X73*C73 -> 794.8 | Z73: 4 | AA73: =Z73*C73 -> 397.4 | AB73: 4 | AC73: =AB73*C73 -> 397.4 | AD73: 8 | AE73: =AD73*C73 -> 794.8 | AF73: 4 | AG73: =AF73*C73 -> 397.4 | AH73: 8 | AI73: =AH73*C73 -> 794.8 | AJ73: 4 | AK73: =AJ73*C73 -> 397.4 | AL73: 8 | AM73: =AL73*C73 -> 794.8 | AN73: 8 | AO73: =AN73*C73 -> 794.8 | AP73: 4 | AQ73: =AP73*C73 -> 397.4 | AR73: 4 | AS73: =AR73*C73 -> 397.4 | AT73: 4 | AU73: =AT73*C73 -> 397.4 | AV73: 8 | AW73: =AV73*C73 -> 794.8 | AX73: 4 | AY73: =AX73*C73 -> 397.4 | AZ73: 4 | BA73: =AZ73*C73 -> 397.4 | BB73: 4 | BC73: =BB73*C73 -> 397.4 | BD73: 4 | BE73: =BD73*C73 -> 397.4 | BF73: 8 | BG73: =BF73*C73 -> 794.8 | BH73: 4 | BI73: =BH73*C73 -> 397.4 | BJ73: 4 | BK73: =BJ73*C73 -> 397.4
A74: 2 | B74: PAR Calçado de segurança Cabedal • Couro Flor Relax Preto. • Dorso acolchoado. • Solados PU Bidensidade. • Palmilhas Palmilha de conforto EVA. (4 par por trabalhador ano) | C74: 61.68 | D74: 16 | E74: =C74*D74 -> 986.88 | F74: 12 | G74: =C74*F74 -> 740.16 | H74: 12 | I74: =C74*H74 -> 740.16 | J74: 12 | K74: =C74*J74 -> 740.16 | L74: 8 | M74: =C74*L74 -> 493.44 | N74: 20 | O74: =N74*C74 -> 1233.6 | P74: 12 | Q74: =P74*C74 -> 740.16 | R74: 4 | S74: =R74*C74 -> 246.72 | T74: 4 | U74: =T74*C74 -> 246.72 | V74: 4 | W74: =V74*C74 -> 246.72 | X74: 8 | Y74: =X74*C74 -> 493.44 | Z74: 4 | AA74: =Z74*C74 -> 246.72 | AB74: 4 | AC74: =AB74*C74 -> 246.72 | AD74: 8 | AE74: =AD74*C74 -> 493.44 | AF74: 4 | AG74: =AF74*C74 -> 246.72 | AH74: 8 | AI74: =AH74*C74 -> 493.44 | AJ74: 4 | AK74: =AJ74*C74 -> 246.72 | AL74: 8 | AM74: =AL74*C74 -> 493.44 | AN74: 8 | AO74: =AN74*C74 -> 493.44 | AP74: 4 | AQ74: =AP74*C74 -> 246.72 | AR74: 4 | AS74: =AR74*C74 -> 246.72 | AT74: 4 | AU74: =AT74*C74 -> 246.72 | AV74: 8 | AW74: =AV74*C74 -> 493.44 | AX74: 4 | AY74: =AX74*C74 -> 246.72 | AZ74: 4 | BA74: =AZ74*C74 -> 246.72 | BB74: 4 | BC74: =BB74*C74 -> 246.72 | BD74: 4 | BE74: =BD74*C74 -> 246.72 | BF74: 8 | BG74: =BF74*C74 -> 493.44 | BH74: 4 | BI74: =BH74*C74 -> 246.72 | BJ74: 4 | BK74: =BJ74*C74 -> 246.72
A75: 3 | B75: Bota impermeável de PVC -Branca - PAR (1 par por trabalhador ano) | C75: 46.41 | D75: 4 | E75: =C75*D75 -> 185.64 | F75: 3 | G75: =C75*F75 -> 139.23 | H75: 3 | I75: =C75*H75 -> 139.23 | J75: 3 | K75: =C75*J75 -> 139.23 | L75: 2 | M75: =C75*L75 -> 92.82 | N75: 5 | O75: =N75*C75 -> 232.05 | P75: 3 | Q75: =P75*C75 -> 139.23 | R75: 1 | S75: =R75*C75 -> 46.41 | T75: 1 | U75: =T75*C75 -> 46.41 | V75: 1 | W75: =V75*C75 -> 46.41 | X75: 2 | Y75: =X75*C75 -> 92.82 | Z75: 1 | AA75: =Z75*C75 -> 46.41 | AB75: 1 | AC75: =AB75*C75 -> 46.41 | AD75: 2 | AE75: =AD75*C75 -> 92.82 | AF75: 1 | AG75: =AF75*C75 -> 46.41 | AH75: 2 | AI75: =AH75*C75 -> 92.82 | AJ75: 1 | AK75: =AJ75*C75 -> 46.41 | AL75: 2 | AM75: =AL75*C75 -> 92.82 | AN75: 2 | AO75: =AN75*C75 -> 92.82 | AP75: 1 | AQ75: =AP75*C75 -> 46.41 | AR75: 1 | AS75: =AR75*C75 -> 46.41 | AT75: 1 | AU75: =AT75*C75 -> 46.41 | AV75: 2 | AW75: =AV75*C75 -> 92.82 | AX75: 1 | AY75: =AX75*C75 -> 46.41 | AZ75: 1 | BA75: =AZ75*C75 -> 46.41 | BB75: 1 | BC75: =BB75*C75 -> 46.41 | BD75: 1 | BE75: =BD75*C75 -> 46.41 | BF75: 2 | BG75: =BF75*C75 -> 92.82 | BH75: 1 | BI75: =BH75*C75 -> 46.41 | BJ75: 1 | BK75: =BJ75*C75 -> 46.41
A76: 4 | B76: PAR - Luva de segurança, 5 dedos (par), confeccionada em borracha natural, com revestimento interno e com superfície externa anti-derrapante na palma e nos dedos, lisa na face dorsal e punho, na cor amarela. Certificado de Aprovação, disponibilizado conforme tamanho de cada funcionário (48 par por trabalhador ano) | C76: 4.84 | D76: 192 | E76: =C76*D76 -> 929.28 | F76: 144 | G76: =C76*F76 -> 696.96 | H76: 144 | I76: =C76*H76 -> 696.96 | J76: 144 | K76: =C76*J76 -> 696.96 | L76: 96 | M76: =C76*L76 -> 464.64 | N76: 240 | O76: =N76*C76 -> 1161.6 | P76: 144 | Q76: =P76*C76 -> 696.96 | R76: 48 | S76: =R76*C76 -> 232.32 | T76: 48 | U76: =T76*C76 -> 232.32 | V76: 48 | W76: =V76*C76 -> 232.32 | X76: 96 | Y76: =X76*C76 -> 464.64 | Z76: 48 | AA76: =Z76*C76 -> 232.32 | AB76: 48 | AC76: =AB76*C76 -> 232.32 | AD76: 96 | AE76: =AD76*C76 -> 464.64 | AF76: 48 | AG76: =AF76*C76 -> 232.32 | AH76: 96 | AI76: =AH76*C76 -> 464.64 | AJ76: 48 | AK76: =AJ76*C76 -> 232.32 | AL76: 96 | AM76: =AL76*C76 -> 464.64 | AN76: 96 | AO76: =AN76*C76 -> 464.64 | AP76: 48 | AQ76: =AP76*C76 -> 232.32 | AR76: 48 | AS76: =AR76*C76 -> 232.32 | AT76: 48 | AU76: =AT76*C76 -> 232.32 | AV76: 96 | AW76: =AV76*C76 -> 464.64 | AX76: 48 | AY76: =AX76*C76 -> 232.32 | AZ76: 48 | BA76: =AZ76*C76 -> 232.32 | BB76: 48 | BC76: =BB76*C76 -> 232.32 | BD76: 48 | BE76: =BD76*C76 -> 232.32 | BF76: 96 | BG76: =BF76*C76 -> 464.64 | BH76: 48 | BI76: =BH76*C76 -> 232.32 | BJ76: 48 | BK76: =BJ76*C76 -> 232.32
A77: 5 | B77: Lucas descartáveis (Caixa com 100 Unidades) (6 caixas por trabalhador ano) | C77: 21.25 | D77: 24 | E77: =C77*D77 -> 510 | F77: 18 | G77: =C77*F77 -> 382.5 | H77: 18 | I77: =C77*H77 -> 382.5 | J77: 18 | K77: =C77*J77 -> 382.5 | L77: 12 | M77: =C77*L77 -> 255 | N77: 30 | O77: =N77*C77 -> 637.5 | P77: 18 | Q77: =P77*C77 -> 382.5 | R77: 6 | S77: =R77*C77 -> 127.5 | T77: 6 | U77: =T77*C77 -> 127.5 | V77: 6 | W77: =V77*C77 -> 127.5 | X77: 12 | Y77: =X77*C77 -> 255 | Z77: 6 | AA77: =Z77*C77 -> 127.5 | AB77: 6 | AC77: =AB77*C77 -> 127.5 | AD77: 12 | AE77: =AD77*C77 -> 255 | AF77: 6 | AG77: =AF77*C77 -> 127.5 | AH77: 12 | AI77: =AH77*C77 -> 255 | AJ77: 6 | AK77: =AJ77*C77 -> 127.5 | AL77: 12 | AM77: =AL77*C77 -> 255 | AN77: 12 | AO77: =AN77*C77 -> 255 | AP77: 6 | AQ77: =AP77*C77 -> 127.5 | AR77: 6 | AS77: =AR77*C77 -> 127.5 | AT77: 6 | AU77: =AT77*C77 -> 127.5 | AV77: 12 | AW77: =AV77*C77 -> 255 | AX77: 6 | AY77: =AX77*C77 -> 127.5 | AZ77: 12 | BA77: =AZ77*C77 -> 255 | BB77: 12 | BC77: =BB77*C77 -> 255 | BD77: 12 | BE77: =BD77*C77 -> 255 | BF77: 12 | BG77: =BF77*C77 -> 255 | BH77: 12 | BI77: =BH77*C77 -> 255 | BJ77: 12 | BK77: =BJ77*C77 -> 255
C78: Total Anual | E78: =SUM(E73:E77) -> 4201.4 | G78: =SUM(G73:G77) -> 3151.05 | I78: =SUM(I73:I77) -> 3151.05 | K78: =SUM(K73:K77) -> 3151.05 | M78: =SUM(M73:M77) -> 2100.7 | O78: =SUM(O73:O77) -> 5251.75 | Q78: =SUM(Q73:Q77) -> 3151.05 | S78: =SUM(S73:S77) -> 1050.35 | U78: =SUM(U73:U77) -> 1050.35 | W78: =SUM(W73:W77) -> 1050.35 | Y78: =SUM(Y73:Y77) -> 2100.7 | AA78: =SUM(AA73:AA77) -> 1050.35 | AC78: =SUM(AC73:AC77) -> 1050.35 | AE78: =SUM(AE73:AE77) -> 2100.7 | AG78: =SUM(AG73:AG77) -> 1050.35 | AI78: =SUM(AI73:AI77) -> 2100.7 | AK78: =SUM(AK73:AK77) -> 1050.35 | AM78: =SUM(AM73:AM77) -> 2100.7 | AO78: =SUM(AO73:AO77) -> 2100.7 | AQ78: =SUM(AQ73:AQ77) -> 1050.35 | AS78: =SUM(AS73:AS77) -> 1050.35 | AU78: =SUM(AU73:AU77) -> 1050.35 | AW78: =SUM(AW73:AW77) -> 2100.7 | AY78: =SUM(AY73:AY77) -> 1050.35 | BA78: =SUM(BA73:BA77) -> 1177.85 | BC78: =SUM(BC73:BC77) -> 1177.85 | BE78: =SUM(BE73:BE77) -> 1177.85 | BG78: =SUM(BG73:BG77) -> 2100.7 | BI78: =SUM(BI73:BI77) -> 1177.85 | BK78: =SUM(BK73:BK77) -> 1177.85
C79: Custo mensal | E79: =E78/12 -> 350.11667 | G79: =G78/12 -> 262.5875 | I79: =I78/12 -> 262.5875 | K79: =K78/12 -> 262.5875 | M79: =M78/12 -> 175.05833 | O79: =O78/12 -> 437.64583 | Q79: =Q78/12 -> 262.5875 | S79: =S78/12 -> 87.529167 | U79: =U78/12 -> 87.529167 | W79: =W78/12 -> 87.529167 | Y79: =Y78/12 -> 175.05833 | AA79: =AA78/12 -> 87.529167 | AC79: =AC78/12 -> 87.529167 | AE79: =AE78/12 -> 175.05833 | AG79: =AG78/12 -> 87.529167 | AI79: =AI78/12 -> 175.05833 | AK79: =AK78/12 -> 87.529167 | AM79: =AM78/12 -> 175.05833 | AO79: =AO78/12 -> 175.05833 | AQ79: =AQ78/12 -> 87.529167 | AS79: =AS78/12 -> 87.529167 | AU79: =AU78/12 -> 87.529167 | AW79: =AW78/12 -> 175.05833 | AY79: =AY78/12 -> 87.529167 | BA79: =BA78/12 -> 98.154167 | BC79: =BC78/12 -> 98.154167 | BE79: =BE78/12 -> 98.154167 | BG79: =BG78/12 -> 175.05833 | BI79: =BI78/12 -> 98.154167 | BK79: =BK78/12 -> 98.154167

Sheet Reserva Planilha comp. serviços
B3: PLANILHA COMPOSIÇÃO DOS CUSTOS DOS SERVIÇOS
A7: Dados para composição dos custos referentes à mão-de-obra
A8: 1 | B8: Tipo de serviço (mesmo serviço com características distintas) | I8: Limpeza
A9: 2 | B9: Classificação Brasileira de Ocupações (CBO)
A10: 3 | B10: Categoria profissional (vinculada à execução contratual) | I10: Servente
A11: 4 | B11: Data base da categoria (dia/mês/ano) | I11: 46054
A12: 5 | B12: Sindicato | I12: SIEMACO
A13: 6 | B13: Salário Nominativo da Categoria Profissional = 44 HORAS | I13: 1900
A14: 7 | B14: Salário Nominativo da Categoria Profissional = Proporcional 40 HORAS | I14: =ROUND((I13/44)*40,2) -> 1727.27
A15: 9 | B15: Salário Nominativo da Categoria Profissional = Proporcional 20 HORAS | I15: =I14/2 -> 863.635
J17: Local 30 | K17: Local 31 | L17: Local 32
J18: CEMEI Arco Iris | K18: Tancredo Neves | L18: Pré S F Assis
J19: 40 h/s | K19: 40 h/s | L19: 40 h/s
A20: COMPOSIÇÃO DA REMUNERAÇÃO
A21: 1 - COMPOSIÇÃO DA REMUNERAÇÃO | H21: % | J21: VALOR (R$) | K21: VALOR (R$) | L21: VALOR (R$)
A22: A | B22: Salário Base - Cláusula 3ª CCT | J22: =I14 -> 1727.27 | K22: =I14 -> 1727.27 | L22: =I14 -> 1727.27
A23: B | B23: Adicional Periculosidade | J23: 0 | K23: 0 | L23: 0
A24: C | B24: Adicional Insalubridade (Clau 3ª da CCT) | E24: Salário Min. Nacional | G24: 1621 | H24: 0.2 | J24: 0 | K24: 0 | L24: 0
A25: D | B25: Adicional Noturno | J25: 0 | K25: 0 | L25: 0
A26: E | B26: Hora noturna adicional | J26: 0 | K26: 0 | L26: 0
A27: F | B27: Adicional de Hora Extra | J27: 0 | K27: 0 | L27: 0
A28: G | B28: Acumulação de função (clausula 3ª CCT) | H28: =(131/44)*40 -> 119.09091 | J28: 0 | K28: 0 | L28: 0
A29: G | B29: Assiduidade | J29: 0 | K29: 0 | L29: 0
A30: TOTAL DO MÓDULO 1 | J30: =TRUNC(SUM(J22:J29),2) -> 1727.27 | K30: =TRUNC(SUM(K22:K29),2) -> 1727.27 | L30: =TRUNC(SUM(L22:L29),2) -> 1727.27
A32: 2 - Benefícios Mensais e Diários | J32: VALOR (R$) | K32: VALOR (R$) | L32: VALOR (R$)
A33: A | B33: Transporte (clausula 15ª CCT) (O município não possui transporte público regulamentado) | H33: -
A34: B | B34: Auxílio-Refeição/Alimentação (clausula 13ª CCT) (80%) | H34: =ROUND(900*0.8,2) -> 720 | J34: =$H34 -> 720 | K34: =$H34 -> 720 | L34: =$H34 -> 720
A35: C | B35: Auxílio-Refeição/Alimentação Férias | H35: =ROUND($H34/12,2) -> 60 | J35: =ROUND($H34/12,2) -> 60 | K35: =ROUND($H34/12,2) -> 60 | L35: =ROUND($H34/12,2) -> 60
A36: D | B36: Assistência Médica (clausula 16ª CCT) | H36: 94.5 | J36: =$H36 -> 94.5 | K36: =$H36 -> 94.5 | L36: =$H36 -> 94.5
A37: E | B37: Assistencia Social a Familia (clausula 17ª CCT) | H37: 31 | J37: =$H37 -> 31 | K37: =$H37 -> 31 | L37: =$H37 -> 31
A38: F | B38: Fundo de Formação Profissional (clausula 23ª CCT) | H38: 31 | J38: =$H38 -> 31 | K38: =$H38 -> 31 | L38: =$H38 -> 31
A39: G | B39: Outros (especificar) | H39: 0 | J39: =$H39 -> 0 | K39: =$H39 -> 0 | L39: =$H39 -> 0
A40: TOTAL SUBMÓDULO 2 | J40: =TRUNC(SUM(J33:J39),2) -> 936.5 | K40: =TRUNC(SUM(K33:K39),2) -> 936.5 | L40: =TRUNC(SUM(L33:L39),2) -> 936.5
A43: ENCARGOS SOCIAIS E TRABALHISTAS
A44: 3 - Encargos Sociais e Trabalhistas | H44: %
A45: 3.1 Encargos Previdenciários e FGTS | H45: % | J45: VALOR (R$) | K45: VALOR (R$) | L45: VALOR (R$)
A46: A | B46: INSS | H46: 0.2 | J46: =$J30*H46 -> 345.454 | K46: =$H46*K$30 -> 345.454 | L46: =$H46*L$30 -> 345.454
A47: B | B47: SESI ou SESC | H47: 0.015 | J47: =$H47*J$30 -> 25.90905 | K47: =$H47*K$30 -> 25.90905 | L47: =$H47*L$30 -> 25.90905
A48: C | B48: SENAI ou SENAC | H48: 0.01 | J48: =$H48*J$30 -> 17.2727 | K48: =$H48*K$30 -> 17.2727 | L48: =$H48*L$30 -> 17.2727
A49: D | B49: INCRA | H49: 0.002 | J49: =$H49*J$30 -> 3.45454 | K49: =$H49*K$30 -> 3.45454 | L49: =$H49*L$30 -> 3.45454
A50: E | B50: Salário Educação | H50: 0.025 | J50: =$H50*J$30 -> 43.18175 | K50: =$H50*K$30 -> 43.18175 | L50: =$H50*L$30 -> 43.18175
A51: F | B51: FGTS | H51: 0.08 | J51: =$H51*J$30 -> 138.1816 | K51: =$H51*K$30 -> 138.1816 | L51: =H51*L30 -> 138.1816
A52: G | B52: Seguro Acidente de Trabalho/SAT | H52: 0.03 | J52: =$H52*J$30 -> 51.8181 | K52: =$H52*K$30 -> 51.8181 | L52: =$H52*L$30 -> 51.8181
A53: H | B53: SEBRAE | H53: 0.006 | J53: =$H53*J$30 -> 10.36362 | K53: =$H53*K$30 -> 10.36362 | L53: =$H53*L$30 -> 10.36362
A54: TOTAL ENCARGOS PREVIDENCIÁRIOS | H54: =SUM(H46:H53) -> 0.368 | J54: =SUM(J46:J53) -> 635.63536 | K54: =SUM(K46:K53) -> 635.63536 | L54: =SUM(L46:L53) -> 635.63536
A56: 3. 2 Salário Adicional de Férias | J56: VALOR (R$) | K56: VALOR (R$) | L56: VALOR (R$)
A57: A | B57: 13º Salário | H57: 0.0833 | J57: =J30*$H57 -> 143.88159 | K57: =K30*$H57 -> 143.88159 | L57: =L30*$H57 -> 143.88159
A58: B | B58: Férias (8,33 %) e Adicional de Férias (2,78%) | H58: 0.1111 | J58: =$J30*$H58 -> 191.8997 | K58: =$K30*$H58 -> 191.8997 | L58: =$L30*$H58 -> 191.8997
A59: C | B59: Subtotal | H59: =SUM(H57:H58) -> 0.1944 | J59: =SUM(J57:J58) -> 335.78129 | K59: =SUM(K57:K58) -> 335.78129 | L59: =SUM(L57:L58) -> 335.78129
A60: D | B60: Incidencia do item 3.1 sobre o 13º salario e adicional de férias | H60: 0.368 | J60: =J59*H60 -> 123.56751 | K60: =K59*H60 -> 123.56751 | L60: =L59*H60 -> 123.56751
A61: TOTAL Salário Adicional de Férias | H61: =H59+H60 -> 0.5624 | J61: =SUM(J59:J60) -> 459.3488 | K61: =SUM(K59:K60) -> 459.3488 | L61: =SUM(L59:L60) -> 459.3488
A63: 3.3 Afastamento Maternidade | J63: VALOR (R$) | K63: VALOR (R$) | L63: VALOR (R$)
A64: A | B64: Afastamento Maternidade | H64: 0.0002 | J64: =J30*$H64 -> 0.345454 | K64: =K30*$H64 -> 0.345454 | L64: =L30*$H64 -> 0.345454
A65: B | B65: Incidencia do item 3.1 sobre Afastamento Maternidade | H65: 0.368 | J65: =J64*H65 -> 0.12712707 | K65: =K64*H65 -> 0.12712707 | L65: =L64*H65 -> 0.12712707
A66: TOTAL do afastamento maternidade | H66: 0.3682 | J66: =SUM(J64:J65) -> 0.47258107 | K66: =SUM(K64:K65) -> 0.47258107 | L66: =SUM(L64:L65) -> 0.47258107
A68: PROVISÃO PARA RESCISÃO
A69: 3.4 PROVISÃO PARA RESCISÃO | H69: % | J69: VALOR (R$) | K69: VALOR (R$) | L69: VALOR (R$)
A70: A | B70: Aviso Prévio Indenizado | H70: 0.032 | J70: =J$30*$H70 -> 55.27264 | K70: =K$30*$H70 -> 55.27264 | L70: =L$30*$H70 -> 55.27264
A71: B | B71: Incidência do FGTS sobre Aviso Prévio Indenizado | H71: 0.0026 | J71: =J$30*$H71 -> 4.490902 | K71: =K$30*$H71 -> 4.490902 | L71: =L$30*$H71 -> 4.490902
A72: C | B72: Multa do FGTS e Contribuição Social sobre o Aviso Prévio Indenizado | H72: 0.0013 | J72: =J$30*$H72 -> 2.245451 | K72: =K$30*$H72 -> 2.245451 | L72: =L$30*$H72 -> 2.245451
A73: D | B73: Aviso Prévio Trabalhado | H73: 0.0194 | J73: =J$30*$H73 -> 33.509038 | K73: =K$30*$H73 -> 33.509038 | L73: =L$30*$H73 -> 33.509038
A74: E | B74: Incidência dos encargos do submódulo 3.1 sobre Aviso Prévio Trabalhado | H74: 0.328 | J74: =J73*H74 -> 10.990964 | K74: =K73*H74 -> 10.990964 | L74: =L73*H74 -> 10.990964
A75: F | B75: Multa do FGTS e Contribuição Social sobre o Aviso Prévio Trabalhado. | H75: 0.0008 | J75: =J$30*$H75 -> 1.381816 | K75: =K$30*$H75 -> 1.381816 | L75: =L$30*$H75 -> 1.381816
A76: TOTAL da Provisão para Recisão | H76: =TRUNC(SUM(H70:H75),4) -> 0.3841 | J76: =SUM(J70:J75) -> 107.89081 | K76: =SUM(K70:K75) -> 107.89081 | L76: =SUM(L70:L75) -> 107.89081
A78: 3.5 - CUSTO DE REPOSIÇÃO DO PROFISSIONAL AUSENTE | H78: % | J78: VALOR (R$) | K78: VALOR (R$) | L78: VALOR (R$)
A79: A | B79: Ausências por doença | H79: 0.0139 | J79: =J$30*$H79 -> 24.009053 | K79: =K$30*$H79 -> 24.009053 | L79: =L$30*$H79 -> 24.009053
A80: B | B80: Licença Paternidade | H80: 0.0002 | J80: =J$30*$H80 -> 0.345454 | K80: =K$30*$H80 -> 0.345454 | L80: =L$30*$H80 -> 0.345454
A81: C | B81: Ausências legais | H81: 0.0028 | J81: =J$30*$H81 -> 4.836356 | K81: =K$30*$H81 -> 4.836356 | L81: =L$30*$H81 -> 4.836356
A82: D | B82: Ausência por Acidente de Trabalho | H82: 0.0033 | J82: =J$30*$H82 -> 5.699991 | K82: =K$30*$H82 -> 5.699991 | L82: =L$30*$H82 -> 5.699991
A83: E | B83: Outros (especificar) | H83: 0 | J83: =J$30*$H83 -> 0 | K83: =K$30*$H83 -> 0 | L83: =L$30*$H83 -> 0
A84: Subtotal | H84: =SUM(H79:H83) -> 0.0202 | J84: =SUM(J79:J83) -> 34.890854 | K84: =SUM(K79:K83) -> 34.890854 | L84: =SUM(L79:L83) -> 34.890854
A85: F | B85: Incidencia do item 3.1 sobre o custro de reposição do profissional ausente | H85: 0.0074 | J85: =J30*$H$84 -> 34.890854 | K85: =K30*$H$84 -> 34.890854 | L85: =L30*$H$84 -> 34.890854
A86: TOTAL SUBMÓDULO 3.1 | H86: 0.0276 | J86: =SUM(J84:J85) -> 69.781708 | K86: =SUM(K84:K85) -> 69.781708 | L86: =SUM(L84:L85) -> 69.781708
A88: Quadro resumo do item 3 - Encargos sociais e trabalhistas | J88: VALOR (R$) | K88: VALOR (R$) | L88: VALOR (R$)
A89: 3.1 | B89: Encargos sociais e previdenciários | J89: =J54 -> 635.63536 | K89: =K54 -> 635.63536 | L89: =L54 -> 635.63536
A90: 3.2 | B90: 13º Salário e adicional de férias | J90: =J61 -> 459.3488 | K90: =K61 -> 459.3488 | L90: =L61 -> 459.3488
A91: 3.3 | B91: Afastamento maternidade | J91: =J66 -> 0.47258107 | K91: =K66 -> 0.47258107 | L91: =L66 -> 0.47258107
A92: 3.4 | B92: Custo de rescisão | J92: =J76 -> 107.89081 | K92: =K76 -> 107.89081 | L92: =L76 -> 107.89081
A93: 3.5 | B93: Custo de reposição do profissional ausente | J93: =J86 -> 69.781708 | K93: =K86 -> 69.781708 | L93: =L86 -> 69.781708
A94: 3.6 | B94: Outros Especificar
A95: Total dos Encargos Sociais e trabalhistas | J95: =SUM(J89:J94) -> 1273.1293 | K95: =SUM(K89:K94) -> 1273.1293 | L95: =SUM(L89:L94) -> 1273.1293
A97: INSUMOS DIVERSOS
A98: 4 - INSUMOS DIVERSOS / UNIFORME / EPI / OUTROS - Por local | J98: VALOR (R$) | K98: VALOR (R$) | L98: VALOR (R$)
A99: A | B99: Uniformes / EPI (Planilha em anexo) | J99: ='Planilha de Materiais'!BG79 -> 175.05833 | K99: ='Planilha de Materiais'!Q79/3 -> 87.529167 | L99: ='Planilha de Materiais'!S79*2 -> 175.05833
A100: B | B100: Materiais de limpeza e higienização (Planilha em anexo) | H100: - | J100: ='Planilha de Materiais'!BG43 -> 431.86 | K100: ='Planilha de Materiais'!Q44 -> 0 | L100: ='Planilha de Materiais'!S80 -> 0
A101: C | B101: Produtos e Equipamentos (Planilha em anexo) | H101: - | J101: ='Planilha de Materiais'!BG65 -> 190.58 | K101: ='Planilha de Materiais'!Q66 -> 0 | L101: ='Planilha de Materiais'!S66 -> 0
A102: D | B102: Manutenção e depreciação de equipamentos | H102: - | I102: =$H102 -> - | J102: =$H102 -> - | K102: =$H102 -> - | L102: =$H102 -> -
A103: E | B103: Outros (Exame Admissional/Demissional/Periódico) por trabalhador | H103: 12.4 | J103: =H103*J137 -> 24.8 | K103: =H103*K137 -> 12.4 | L103: =H103*L137 -> 24.8
A104: F | B104: Adicional Insalubridade Limpeza Banheiro (um por local de limpeza | E104: Salário Min. Nacional | G104: 1621 | H104: 0.2 | J104: =G104*H104 -> 324.2 | K104: 0 | L104: 0
A105: G | B105: Encargos sobre insalubridade | H105: =H54+H59 -> 0.5624 | J105: =J104*H105 -> 182.33008 | K105: =K104*I105 -> 0 | L105: =L104*J105 -> 0
A106: TOTAL DO MÓDULO 4 | H106: - | J106: =TRUNC(SUM(J99:J105),2) -> 1328.82 | K106: =TRUNC(SUM(K99:K105),2) -> 99.92 | L106: =TRUNC(SUM(L99:L105),2) -> 199.85
A108: CUSTOS INDIRETOS, TRIBUTOS E LUCRO
A109: 5 - CUSTOS INDIRETOS, TRIBUTOS E LUCRO | H109: % | J109: VALOR (R$) | K109: VALOR (R$) | L109: VALOR (R$)
A110: A | B110: Custos Indiretos | H110: 0.1 | J110: =J140*$H110 -> 920.261 | K110: =K140*$H110 -> 403.681 | L110: =L140*$H110 -> 807.364
A111: B | B111: Lucro | H111: 0.1 | J111: =J140*$H111 -> 920.261 | K111: =K140*$H111 -> 403.681 | L111: =L140*$H111 -> 807.364
A112: Total dos Custos Indiretos e Lucro | H112: =SUM(H110:H111) -> 0.2 | J112: =SUM(J110:J111) -> 1840.522 | K112: =SUM(K110:K111) -> 807.362 | L112: =SUM(L110:L111) -> 1614.728
A113: C | B113: TRIBUTOS
A114: C.1 | B114: COFINS 3% | H114: 0.0765 | J114: =J127*$H114 -> 914.78012 | K114: =K127*$H114 -> 401.27667 | L114: =L127*$H114 -> 802.555
A115: C.2 | B115: PIS 0,65%
A116: C.3 | B116: Outros
...
